Workbook
Name _MailAutoSig: #REF!

Sheet DATA TAB (DON'T DELETE.DET PIZ)
A1: WTD | D1: 28 DAY PERIOD | G1: Current Year
A2: START | B2: END | D2: START | E2: END | G2: END
A3: =B3-6 -> 45292 | B3: =A4-1 -> 45298 | D3: =E3-27 -> 45278 | E3: =D4-1 -> 45305 | G3: 45781
A4: =B4-6 -> 45299 | B4: =A5-1 -> 45305 | D4: =E4-27 -> 45306 | E4: =D5-1 -> 45333 | G4: =G3+7 -> 45788
A5: =B5-6 -> 45306 | B5: =A6-1 -> 45312 | D5: =E5-27 -> 45334 | E5: =D6-1 -> 45361 | G5: =G4+7 -> 45795
A6: =B6-6 -> 45313 | B6: =A7-1 -> 45319 | D6: =E6-27 -> 45362 | E6: =D7-1 -> 45389 | G6: =G5+7 -> 45802
A7: =B7-6 -> 45320 | B7: =A8-1 -> 45326 | D7: 45390 | E7: 45417 | G7: =G6+7 -> 45809
A8: =B8-6 -> 45327 | B8: =A9-1 -> 45333 | D8: 45397 | E8: 45424 | G8: =G7+7 -> 45816
A9: =B9-6 -> 45334 | B9: =A10-1 -> 45340 | D9: 45404 | E9: 45431 | G9: =G8+7 -> 45823
A10: =B10-6 -> 45341 | B10: =A11-1 -> 45347 | D10: 45411 | E10: 45438 | G10: =G9+7 -> 45830
A11: =B11-6 -> 45348 | B11: =A12-1 -> 45354 | D11: 45418 | E11: 45445 | G11: =G10+7 -> 45837
A12: =B12-6 -> 45355 | B12: =A13-1 -> 45361 | D12: 45425 | E12: 45452 | G12: =G11+7 -> 45844
A13: =B13-6 -> 45362 | B13: =A14-1 -> 45368 | D13: 45432 | E13: 45459 | G13: =G12+7 -> 45851
A14: =B14-6 -> 45369 | B14: =A15-1 -> 45375 | D14: 45439 | E14: 45466 | G14: =G13+7 -> 45858
A15: =B15-6 -> 45376 | B15: =A16-1 -> 45382 | D15: 45446 | E15: 45473 | G15: =G14+7 -> 45865
A16: =B16-6 -> 45383 | B16: =A17-1 -> 45389 | D16: 45453 | E16: 45480 | G16: =G15+7 -> 45872
A17: =B17-6 -> 45390 | B17: =A18-1 -> 45396 | D17: 45460 | E17: 45487 | G17: =G16+7 -> 45879
A18: =B18-6 -> 45397 | B18: =A19-1 -> 45403 | D18: 45467 | E18: 45494 | G18: =G17+7 -> 45886
A19: =B19-6 -> 45404 | B19: =A20-1 -> 45410 | D19: 45474 | E19: 45501 | G19: =G18+7 -> 45893
A20: 45411 | B20: 45417 | D20: 45481 | E20: 45508 | G20: =G19+7 -> 45900
A21: 45418 | B21: 45424 | D21: 45488 | E21: 45515 | G21: =G20+7 -> 45907
A22: 45425 | B22: 45431 | D22: 45495 | E22: 45522 | G22: =G21+7 -> 45914
A23: 45432 | B23: 45438 | D23: 45502 | E23: 45529 | G23: =G22+7 -> 45921
A24: 45439 | B24: 45445 | D24: 45509 | E24: 45536 | G24: =G23+7 -> 45928
A25: 45446 | B25: 45452 | D25: 45516 | E25: 45543 | G25: =G24+7 -> 45935
A26: 45453 | B26: 45459 | D26: 45523 | E26: 45550 | G26: =G25+7 -> 45942
A27: 45460 | B27: 45466 | D27: 45530 | E27: 45557 | G27: =G26+7 -> 45949
A28: 45467 | B28: 45473 | D28: 45537 | E28: 45564 | G28: =G27+7 -> 45956
A29: 45474 | B29: 45480 | D29: 45544 | E29: 45571 | G29: =G28+7 -> 45963
A30: 45481 | B30: 45487 | D30: 45551 | E30: 45578 | G30: =G29+7 -> 45970
A31: 45488 | B31: 45494 | D31: 45558 | E31: 45585 | G31: =G30+7 -> 45977
... A42: 45565 | B42: 45571 | D42: 45635 | E42: 45662 | G42: =G41+7 -> 46054
A43: 45572 | B43: 45578 | D43: =D42+7 -> 45642 | E43: =E42+7 -> 45669 | G43: =G42+7 -> 46061
A44: 45579 | B44: 45585 | D44: =D43+7 -> 45649 | E44: =E43+7 -> 45676 | G44: =G43+7 -> 46068
A45: 45586 | B45: 45592 | D45: =D44+7 -> 45656 | E45: =E44+7 -> 45683 | G45: =G44+7 -> 46075
A46: 45593 | B46: 45599 | D46: =D45+7 -> 45663 | E46: =E45+7 -> 45690 | G46: =G45+7 -> 46082
A47: 45600 | B47: 45606 | D47: =D46+7 -> 45670 | E47: =E46+7 -> 45697 | G47: =G46+7 -> 46089
A48: 45607 | B48: 45613 | D48: =D47+7 -> 45677 | E48: =E47+7 -> 45704 | G48: =G47+7 -> 46096
A49: 45614 | B49: 45620 | D49: =D48+7 -> 45684 | E49: =E48+7 -> 45711 | G49: =G48+7 -> 46103
A50: 45621 | B50: 45627 | D50: =D49+7 -> 45691 | E50: =E49+7 -> 45718 | G50: =G49+7 -> 46110
A51: 45628 | B51: 45634 | D51: =D50+7 -> 45698 | E51: =E50+7 -> 45725 | G51: =G50+7 -> 46117
A52: 45635 | B52: 45641 | D52: =D51+7 -> 45705 | E52: =E51+7 -> 45732 | G52: =G51+7 -> 46124
A53: 45642 | B53: 45648 | D53: =D52+7 -> 45712 | E53: =E52+7 -> 45739 | G53: =G52+7 -> 46131
A54: 45649 | B54: 45655 | D54: =D53+7 -> 45719 | E54: =E53+7 -> 45746 | G54: =G53+7 -> 46138
A55: 45656 | B55: 45662 | D55: =D54+7 -> 45726 | E55: =E54+7 -> 45753 | G55: =G54+7 -> 46145
A56: =A55+7 -> 45663 | B56: =A56+6 -> 45669 | D56: =D55+7 -> 45733 | E56: =E55+7 -> 45760 | G56: =G55+7 -> 46152
A57: =A56+7 -> 45670 | B57: =A57+6 -> 45676 | D57: =D56+7 -> 45740 | E57: =E56+7 -> 45767 | G57: =G56+7 -> 46159
A58: =A57+7 -> 45677 | B58: =A58+6 -> 45683 | D58: =D57+7 -> 45747 | E58: =E57+7 -> 45774 | G58: =G57+7 -> 46166
A59: =A58+7 -> 45684 | B59: =A59+6 -> 45690 | D59: =D58+7 -> 45754 | E59: =E58+7 -> 45781 | G59: =G58+7 -> 46173
A60: =A59+7 -> 45691 | B60: =A60+6 -> 45697 | D60: =D59+7 -> 45761 | E60: =E59+7 -> 45788 | G60: =G59+7 -> 46180
A61: =A60+7 -> 45698 | B61: =A61+6 -> 45704 | D61: =D60+7 -> 45768 | E61: =E60+7 -> 45795 | G61: =G60+7 -> 46187
A62: =A61+7 -> 45705 | B62: =A62+6 -> 45711 | D62: =D61+7 -> 45775 | E62: =E61+7 -> 45802 | G62: =G61+7 -> 46194
A63: =A62+7 -> 45712 | B63: =A63+6 -> 45718 | D63: =D62+7 -> 45782 | E63: =E62+7 -> 45809 | G63: =G62+7 -> 46201
A64: =A63+7 -> 45719 | B64: =A64+6 -> 45725 | D64: =D63+7 -> 45789 | E64: =E63+7 -> 45816 | G64: =G63+7 -> 46208
A65: =A64+7 -> 45726 | B65: =A65+6 -> 45732 | D65: =D64+7 -> 45796 | E65: =E64+7 -> 45823 | G65: =G64+7 -> 46215
A66: =A65+7 -> 45733 | B66: =A66+6 -> 45739 | D66: =D65+7 -> 45803 | E66: =E65+7 -> 45830 | G66: =G65+7 -> 46222
A67: =A66+7 -> 45740 | B67: =A67+6 -> 45746 | D67: =D66+7 -> 45810 | E67: =E66+7 -> 45837 | G67: =G66+7 -> 46229
... A89: =A88+7 -> 45894 | B89: =A89+6 -> 45900 | D89: =D88+7 -> 45964 | E89: =E88+7 -> 45991 | G89: =G88+7 -> 46383
A90: =A89+7 -> 45901 | B90: =A90+6 -> 45907 | D90: =D89+7 -> 45971 | E90: =E89+7 -> 45998
A91: =A90+7 -> 45908 | B91: =A91+6 -> 45914 | D91: =D90+7 -> 45978 | E91: =E90+7 -> 46005
A92: =A91+7 -> 45915 | B92: =A92+6 -> 45921 | D92: =D91+7 -> 45985 | E92: =E91+7 -> 46012
A93: =A92+7 -> 45922 | B93: =A93+6 -> 45928 | D93: =D92+7 -> 45992 | E93: =E92+7 -> 46019
A94: =A93+7 -> 45929 | B94: =A94+6 -> 45935 | D94: =D93+7 -> 45999 | E94: =E93+7 -> 46026
A95: =A94+7 -> 45936 | B95: =A95+6 -> 45942 | D95: =D94+7 -> 46006 | E95: =E94+7 -> 46033
A96: =A95+7 -> 45943 | B96: =A96+6 -> 45949 | D96: =D95+7 -> 46013 | E96: =E95+7 -> 46040
A97: =A96+7 -> 45950 | B97: =A97+6 -> 45956 | D97: =D96+7 -> 46020 | E97: =E96+7 -> 46047
A98: =A97+7 -> 45957 | B98: =A98+6 -> 45963 | D98: =D97+7 -> 46027 | E98: =E97+7 -> 46054
A99: =A98+7 -> 45964 | B99: =A99+6 -> 45970 | D99: =D98+7 -> 46034 | E99: =E98+7 -> 46061
A100: =A99+7 -> 45971 | B100: =A100+6 -> 45977 | D100: =D99+7 -> 46041 | E100: =E99+7 -> 46068
A101: =A100+7 -> 45978 | B101: =A101+6 -> 45984 | D101: =D100+7 -> 46048 | E101: =E100+7 -> 46075
... A118: =A117+7 -> 46097 | B118: =A118+6 -> 46103 | D118: =D117+7 -> 46167 | E118: =E117+7 -> 46194

Sheet CHRONIC RESETTLEMENTS
A1: STREET ENCAMPMENT TASK FORCE: CHRONIC RESETTLEMENT
A3: DATE IDENTIFIED | C3: LOCATION INFORMATION | L3: NYPD PRECINCT RESPONSE | O3: PREVIOUS REMOVAL HISTORY | Q3: ADDITIONAL AGENCY CONFERRALS | U3: DEPARTMENT OF HOMELESS SERVICES | X3: DHS ADDITIONAL RESOURCES: | AE3: Department of Health and Mental Hygiene
A8: DATE IDENTIFIED AS CHRONIC | B8: SITE ACTIVE? (YES / NO) | C8: AGENCY | D8: BORO | E8: PCT | F8: LOCATION | G8: CROSS STREET 1 | H8: CROSS STREET 2 | I8: AVENUE 1 | J8: AVENUE 2 | K8: TIMES RESETTLED: | L8: NARCOTICS PRONE (YES / NO) | M8: BUILDING ENVIRONMENT # 1 | N8: BUILDING ENVIRONMENT # 2 | O8: REMOVAL DETERMINATION 9.41 / 9.58 | P8: DATE OF REMOVAL | Q8: DATE - AGENCY | R8: NOTES | U8: CLINCIAN VISIT DATE: | V8: RESOLUTION | W8: RESOLUTION - ADDITIONAL NOTES | X8: RESPONDING RESOURCE | Y8: DATE RESPONDED | Z8: RESOLUTION | AA8: RESOLUTION - ADDITIONAL NOTES | AB8: # OF CLIENTS ENGAGED (ENTER NO. ONLY) | AC8: # OF KNOWN CLIENTS (ENTER NO. ONLY) | AD8: OF THE KNOWN # OF CLIENTS, HOW MANY ARE ON CASE LOAD? | AE8: TEAM VISIT DATE | AF8: # OF APPROACHES (ENTER NO. ONLY) | AG8: # OF ENGAGMENTS (ENTER NO. ONLY) | AH8: REMOVAL CONDUCTED? (Y/N) | AI8: Voluntary / Involuntary (IF NO, SELECT N/A) | AJ8: # OF MENTAL HEALTH REFERRALS (ENTER NO. ONLY) | AK8: # OF SUBSTANCE ABUSE REFERRALS (ENTER NO. ONLY) | AL8: # OF SOCIAL SERVICES REFERRALS (ENTER NO. ONLY) | AM8: TOTAL REFERRALS MADE | AN8: RESPONDING RESOURCE | AO8: DATE RESPONDED | AP8: RESOLUTION | AQ8: RESOLUTION - ADDITIONAL NOTES
B9: NO | C9: DSNY | D9: PBMS | E9: 5 | F9: PROSPECT AVENUE & 4 AVENUE | G9: N/A | H9: N/A | I9: PROSPECT AVENUE | J9: 4 AVENUE | K9: 55 | L9: NO | M9: UNDERPASS | N9: N/A | O9: N/A | P9: N/A | Q9: N/A | R9: N/A
B10: NO | C10: DSNY | D10: PBMS | E10: 5 | F10: 60 LAFAYETTE STREET | G10: LEONARD STREET | H10: FRANKLIN STREET | I10: LAFAYETTE STREET | J10: N/A | K10: 51 | L10: NO | M10: N/A | N10: N/A | O10: N/A | P10: N/A | Q10: N/A | R10: N/A

Sheet Sheet1
A1: 001 | B1: {=_xlfn.UNIQUE(_xlfn._xlws.FILTER(#REF!,#REF!= Sheet1!A1))} -> #REF! | C1: =COUNTIFS(#REF!, Sheet1!B1,#REF!, Sheet1!$A$1) -> #REF! | E1: {=_xlfn.TEXTJOIN(", ", TRUE, _xlfn._xlws.FILTER(B:B, C:C=F1))} -> #REF! | F1: {=_xlfn.UNIQUE(LARGE(C:C, _xlfn.SEQUENCE(10)))} -> #REF! | G1: =_xlfn.MAXIFS(#REF!,#REF!, Sheet1!E1,#REF!, A$1) -> #REF! | H1: =TEXT(_xlfn.MAXIFS(#REF!,#REF!, E1,#REF!, $A$1), "MM/DD/YYYY") -> #REF! | J1: 005 | K1: {=_xlfn.UNIQUE(_xlfn._xlws.FILTER(#REF!,#REF!= Sheet1!J1))} -> #REF! | L1: =COUNTIFS(#REF!, Sheet1!K1,#REF!, Sheet1!$J$1) -> #REF! | N1: {=_xlfn.TEXTJOIN(", ", TRUE, _xlfn._xlws.FILTER(K:K, L:L=O1))} -> #REF! | O1: {=_xlfn.UNIQUE(LARGE(L:L, _xlfn.SEQUENCE(10)))} -> #REF! | Q1: 006 | R1: {=_xlfn.UNIQUE(_xlfn._xlws.FILTER(#REF!,#REF!= Sheet1!Q1))} -> #REF! | S1: =COUNTIFS(#REF!, Sheet1!R1,#REF!, Sheet1!Q$1) -> #REF! | U1: {=_xlfn.TEXTJOIN(", ", TRUE, _xlfn._xlws.FILTER(R:R, S:S=V1))} -> #REF! | V1: {=_xlfn.UNIQUE(LARGE(S:S, _xlfn.SEQUENCE(10)))} -> #REF! | X1: 007 | Y1: {=_xlfn.UNIQUE(_xlfn._xlws.FILTER(#REF!,#REF!= Sheet1!X1))} -> #REF! | Z1: =COUNTIFS(#REF!, Sheet1!Y1,#REF!, Sheet1!X$1) -> #REF! | AB1: {=_xlfn.TEXTJOIN(", ", TRUE, _xlfn._xlws.FILTER(Y:Y, Z:Z=AC1))} -> #REF! | AC1: {=_xlfn.UNIQUE(LARGE(Z:Z, _xlfn.SEQUENCE(10)))} -> #REF! | AE1: 009 | AF1: {=_xlfn.UNIQUE(_xlfn._xlws.FILTER(#REF!,#REF!= Sheet1!AE1))} -> #REF! | AG1: =COUNTIFS(#REF!, Sheet1!AF1,#REF!, Sheet1!AE$1) -> #REF! | AI1: {=_xlfn.TEXTJOIN(", ", TRUE, _xlfn._xlws.FILTER(AF:AF, AG:AG=AJ1))} -> #REF! | AJ1: {=_xlfn.UNIQUE(LARGE(AG:AG, _xlfn.SEQUENCE(10)))} -> #REF! | AL1: 010 | AM1: {=_xlfn.UNIQUE(_xlfn._xlws.FILTER(#REF!,#REF!= Sheet1!AL1))} -> #REF! | AN1: =COUNTIFS(#REF!, Sheet1!AM1,#REF!, Sheet1!AL$1) -> #REF! | AP1: {=_xlfn.TEXTJOIN(", ", TRUE, _xlfn._xlws.FILTER(AM:AM, AN:AN=AQ1))} -> #REF! | AQ1: {=_xlfn.UNIQUE(LARGE(AN:AN, _xlfn.SEQUENCE(10)))} -> #REF! | AS1: 013 | AT1: {=_xlfn.UNIQUE(_xlfn._xlws.FILTER(#REF!,#REF!= Sheet1!AS1))} -> #REF! | AU1: =COUNTIFS(#REF!, Sheet1!AT1,#REF!, Sheet1!AS$1) -> #REF! | AW1: {=_xlfn.TEXTJOIN(", ", TRUE, _xlfn._xlws.FILTER(AT:AT, AU:AU=AX1))} -> #REF! | AX1: {=_xlfn.UNIQUE(LARGE(AU:AU, _xlfn.SEQUENCE(10)))} -> #REF! | AZ1: 014 | BA1: {=_xlfn.UNIQUE(_xlfn._xlws.FILTER(#REF!,#REF!= Sheet1!AZ1))} -> #REF! | BB1: =COUNTIFS(#REF!, Sheet1!BA1,#REF!, Sheet1!AZ$1) -> #REF! | BD1: {=_xlfn.TEXTJOIN(", ", TRUE, _xlfn._xlws.FILTER(BA:BA, BB:BB=BE1))} -> #REF! | BE1: {=_xlfn.UNIQUE(LARGE(BB:BB, _xlfn.SEQUENCE(10)))} -> #REF! | BG1: 017 | BH1: {=_xlfn.UNIQUE(_xlfn._xlws.FILTER(#REF!,#REF!= Sheet1!BG1))} -> #REF! | BI1: =COUNTIFS(#REF!, Sheet1!BH1,#REF!, Sheet1!BG$1) -> #REF! | BK1: {=_xlfn.TEXTJOIN(", ", TRUE, _xlfn._xlws.FILTER(BH:BH, BI:BI=BL1))} -> #REF! | BL1: {=_xlfn.UNIQUE(LARGE(BI:BI, _xlfn.SEQUENCE(10)))} -> #REF! | BN1: 018 | BO1: {=_xlfn.UNIQUE(_xlfn._xlws.FILTER(#REF!,#REF!= Sheet1!BN1))} -> #REF! | BP1: =COUNTIFS(#REF!, Sheet1!BO1,#REF!, Sheet1!BN$1) -> #REF! | BR1: {=_xlfn.TEXTJOIN(", ", TRUE, _xlfn._xlws.FILTER(BO:BO, BP:BP=BS1))} -> #REF! | BS1: {=_xlfn.UNIQUE(LARGE(BP:BP, _xlfn.SEQUENCE(10)))} -> #REF! | BU1: 019 | BV1: {=_xlfn.UNIQUE(_xlfn._xlws.FILTER(#REF!,#REF!= Sheet1!BU1))} -> #REF! | BW1: =COUNTIFS(#REF!, Sheet1!BV1,#REF!, Sheet1!BU$1) -> #REF! | BY1: {=_xlfn.TEXTJOIN(", ", TRUE, _xlfn._xlws.FILTER(BV:BV, BW:BW=BZ1))} -> #REF! | BZ1: {=_xlfn.UNIQUE(LARGE(BW:BW, _xlfn.SEQUENCE(10)))} -> #REF! | CB1: 020 | CC1: {=_xlfn.UNIQUE(_xlfn._xlws.FILTER(#REF!,#REF!= Sheet1!CB1))} -> #REF! | CD1: =COUNTIFS(#REF!, Sheet1!CC1,#REF!, Sheet1!CB$1) -> #REF! | CF1: {=_xlfn.TEXTJOIN(", ", TRUE, _xlfn._xlws.FILTER(CC:CC, CD:CD=CG1))} -> #REF! | CG1: {=_xlfn.UNIQUE(LARGE(CD:CD, _xlfn.SEQUENCE(10)))} -> #REF! | CI1: 022 | CJ1: {=_xlfn.UNIQUE(_xlfn._xlws.FILTER(#REF!,#REF!= Sheet1!CI1))} -> #REF! | CK1: =COUNTIFS(#REF!, Sheet1!CJ1,#REF!, Sheet1!CI$1) -> #REF! | CM1: {=_xlfn.TEXTJOIN(", ", TRUE, _xlfn._xlws.FILTER(CJ:CJ, CK:CK=CN1))} -> #REF! | CN1: {=_xlfn.UNIQUE(LARGE(CK:CK, _xlfn.SEQUENCE(3)))} -> #REF! | CP1: 023 | CQ1: {=_xlfn.UNIQUE(_xlfn._xlws.FILTER(#REF!,#REF!= Sheet1!CP1))} -> #REF! | CR1: =COUNTIFS(#REF!, Sheet1!CQ1,#REF!, Sheet1!CP$1) -> #REF! | CT1: {=_xlfn.TEXTJOIN(", ", TRUE, _xlfn._xlws.FILTER(CQ:CQ, CR:CR=CU1))} -> #REF! | CU1: {=_xlfn.UNIQUE(LARGE(CR:CR, _xlfn.SEQUENCE(10)))} -> #REF!
C2: =COUNTIFS(#REF!, Sheet1!B2,#REF!, Sheet1!$A$1) -> #REF! | E2: {=_xlfn.TEXTJOIN(", ", TRUE, _xlfn._xlws.FILTER(B:B, C:C=F2))} -> #REF! | G2: =_xlfn.MAXIFS(#REF!,#REF!, Sheet1!E2,#REF!, A$1) -> #REF! | H2: =TEXT(_xlfn.MAXIFS(#REF!,#REF!, E2,#REF!, $A$1), "MM/DD/YYYY") -> #REF! | L2: =COUNTIFS(#REF!, Sheet1!K2,#REF!, Sheet1!$J$1) -> #REF! | N2: {=_xlfn.TEXTJOIN(", ", TRUE, _xlfn._xlws.FILTER(K:K, L:L=O2))} -> #REF! | S2: =COUNTIFS(#REF!, Sheet1!R2,#REF!, Sheet1!Q$1) -> #REF! | U2: {=_xlfn.TEXTJOIN(", ", TRUE, _xlfn._xlws.FILTER(R:R, S:S=V2))} -> #REF! | Z2: =COUNTIFS(#REF!, Sheet1!Y2,#REF!, Sheet1!X$1) -> #REF! | AB2: {=_xlfn.TEXTJOIN(", ", TRUE, _xlfn._xlws.FILTER(Y:Y, Z:Z=AC2))} -> #REF! | AG2: =COUNTIFS(#REF!, Sheet1!AF2,#REF!, Sheet1!AE$1) -> #REF! | AI2: {=_xlfn.TEXTJOIN(", ", TRUE, _xlfn._xlws.FILTER(AF:AF, AG:AG=AJ2))} -> #REF! | AN2: =COUNTIFS(#REF!, Sheet1!AM2,#REF!, Sheet1!AL$1) -> #REF! | AP2: {=_xlfn.TEXTJOIN(", ", TRUE, _xlfn._xlws.FILTER(AM:AM, AN:AN=AQ2))} -> #REF! | AU2: =COUNTIFS(#REF!, Sheet1!AT2,#REF!, Sheet1!AS$1) -> #REF! | AW2: {=_xlfn.TEXTJOIN(", ", TRUE, _xlfn._xlws.FILTER(AT:AT, AU:AU=AX2))} -> #REF! | BB2: =COUNTIFS(#REF!, Sheet1!BA2,#REF!, Sheet1!AZ$1) -> #REF! | BD2: {=_xlfn.TEXTJOIN(", ", TRUE, _xlfn._xlws.FILTER(BA:BA, BB:BB=BE2))} -> #REF! | BI2: =COUNTIFS(#REF!, Sheet1!BH2,#REF!, Sheet1!BG$1) -> #REF! | BK2: {=_xlfn.TEXTJOIN(", ", TRUE, _xlfn._xlws.FILTER(BH:BH, BI:BI=BL2))} -> #REF! | BP2: =COUNTIFS(#REF!, Sheet1!BO2,#REF!, Sheet1!BN$1) -> #REF! | BR2: {=_xlfn.TEXTJOIN(", ", TRUE, _xlfn._xlws.FILTER(BO:BO, BP:BP=BS2))} -> #REF! | BW2: =COUNTIFS(#REF!, Sheet1!BV2,#REF!, Sheet1!BU$1) -> #REF! | BY2: {=_xlfn.TEXTJOIN(", ", TRUE, _xlfn._xlws.FILTER(BV:BV, BW:BW=BZ2))} -> #REF! | CD2: =COUNTIFS(#REF!, Sheet1!CC2,#REF!, Sheet1!CB$1) -> #REF! | CF2: {=_xlfn.TEXTJOIN(", ", TRUE, _xlfn._xlws.FILTER(CC:CC, CD:CD=CG2))} -> #REF! | CK2: =COUNTIFS(#REF!, Sheet1!CJ2,#REF!, Sheet1!CI$1) -> #REF! | CM2: {=_xlfn.TEXTJOIN(", ", TRUE, _xlfn._xlws.FILTER(CJ:CJ, CK:CK=CN2))} -> #REF! | CR2: =COUNTIFS(#REF!, Sheet1!CQ2,#REF!, Sheet1!CP$1) -> #REF! | CT2: {=_xlfn.TEXTJOIN(", ", TRUE, _xlfn._xlws.FILTER(CQ:CQ, CR:CR=CU2))} -> #REF!
C3: =COUNTIFS(#REF!, Sheet1!B3,#REF!, Sheet1!$A$1) -> #REF! | E3: {=_xlfn.TEXTJOIN(", ", TRUE, _xlfn._xlws.FILTER(B:B, C:C=F3))} -> #REF! | G3: =_xlfn.MAXIFS(#REF!,#REF!, Sheet1!E3,#REF!, A$1) -> #REF! | H3: =TEXT(_xlfn.MAXIFS(#REF!,#REF!, E3,#REF!, $A$1), "MM/DD/YYYY") -> #REF! | L3: =COUNTIFS(#REF!, Sheet1!K3,#REF!, Sheet1!$J$1) -> #REF! | N3: {=_xlfn.TEXTJOIN(", ", TRUE, _xlfn._xlws.FILTER(K:K, L:L=O3))} -> #REF! | S3: =COUNTIFS(#REF!, Sheet1!R3,#REF!, Sheet1!Q$1) -> #REF! | U3: {=_xlfn.TEXTJOIN(", ", TRUE, _xlfn._xlws.FILTER(R:R, S:S=V3))} -> #REF! | Z3: =COUNTIFS(#REF!, Sheet1!Y3,#REF!, Sheet1!X$1) -> #REF! | AB3: {=_xlfn.TEXTJOIN(", ", TRUE, _xlfn._xlws.FILTER(Y:Y, Z:Z=AC3))} -> #REF! | AG3: =COUNTIFS(#REF!, Sheet1!AF3,#REF!, Sheet1!AE$1) -> #REF! | AI3: {=_xlfn.TEXTJOIN(", ", TRUE, _xlfn._xlws.FILTER(AF:AF, AG:AG=AJ3))} -> #REF! | AN3: =COUNTIFS(#REF!, Sheet1!AM3,#REF!, Sheet1!AL$1) -> #REF! | AP3: {=_xlfn.TEXTJOIN(", ", TRUE, _xlfn._xlws.FILTER(AM:AM, AN:AN=AQ3))} -> #REF! | AU3: =COUNTIFS(#REF!, Sheet1!AT3,#REF!, Sheet1!AS$1) -> #REF! | AW3: {=_xlfn.TEXTJOIN(", ", TRUE, _xlfn._xlws.FILTER(AT:AT, AU:AU=AX3))} -> #REF! | BB3: =COUNTIFS(#REF!, Sheet1!BA3,#REF!, Sheet1!AZ$1) -> #REF! | BD3: {=_xlfn.TEXTJOIN(", ", TRUE, _xlfn._xlws.FILTER(BA:BA, BB:BB=BE3))} -> #REF! | BI3: =COUNTIFS(#REF!, Sheet1!BH3,#REF!, Sheet1!BG$1) -> #REF! | BK3: {=_xlfn.TEXTJOIN(", ", TRUE, _xlfn._xlws.FILTER(BH:BH, BI:BI=BL3))} -> #REF! | BP3: =COUNTIFS(#REF!, Sheet1!BO3,#REF!, Sheet1!BN$1) -> #REF! | BR3: {=_xlfn.TEXTJOIN(", ", TRUE, _xlfn._xlws.FILTER(BO:BO, BP:BP=BS3))} -> #REF! | BW3: =COUNTIFS(#REF!, Sheet1!BV3,#REF!, Sheet1!BU$1) -> #REF! | BY3: {=_xlfn.TEXTJOIN(", ", TRUE, _xlfn._xlws.FILTER(BV:BV, BW:BW=BZ3))} -> #REF! | CD3: =COUNTIFS(#REF!, Sheet1!CC3,#REF!, Sheet1!CB$1) -> #REF! | CF3: {=_xlfn.TEXTJOIN(", ", TRUE, _xlfn._xlws.FILTER(CC:CC, CD:CD=CG3))} -> #REF! | CK3: =COUNTIFS(#REF!, Sheet1!CJ3,#REF!, Sheet1!CI$1) -> #REF! | CM3: {=_xlfn.TEXTJOIN(", ", TRUE, _xlfn._xlws.FILTER(CJ:CJ, CK:CK=CN3))} -> #REF! | CR3: =COUNTIFS(#REF!, Sheet1!CQ3,#REF!, Sheet1!CP$1) -> #REF! | CT3: {=_xlfn.TEXTJOIN(", ", TRUE, _xlfn._xlws.FILTER(CQ:CQ, CR:CR=CU3))} -> #REF!
C4: =COUNTIFS(#REF!, Sheet1!B4,#REF!, Sheet1!$A$1) -> #REF! | E4: {=_xlfn.TEXTJOIN(", ", TRUE, _xlfn._xlws.FILTER(B:B, C:C=F4))} -> #REF! | G4: =_xlfn.MAXIFS(#REF!,#REF!, Sheet1!E4,#REF!, A$1) -> #REF! | H4: =TEXT(_xlfn.MAXIFS(#REF!,#REF!, E4,#REF!, $A$1), "MM/DD/YYYY") -> #REF! | L4: =COUNTIFS(#REF!, Sheet1!K4,#REF!, Sheet1!$J$1) -> #REF! | N4: {=_xlfn.TEXTJOIN(", ", TRUE, _xlfn._xlws.FILTER(K:K, L:L=O4))} -> #REF! | S4: =COUNTIFS(#REF!, Sheet1!R4,#REF!, Sheet1!Q$1) -> #REF! | U4: {=_xlfn.TEXTJOIN(", ", TRUE, _xlfn._xlws.FILTER(R:R, S:S=V4))} -> #REF! | Z4: =COUNTIFS(#REF!, Sheet1!Y4,#REF!, Sheet1!X$1) -> #REF! | AB4: {=_xlfn.TEXTJOIN(", ", TRUE, _xlfn._xlws.FILTER(Y:Y, Z:Z=AC4))} -> #REF! | AG4: =COUNTIFS(#REF!, Sheet1!AF4,#REF!, Sheet1!AE$1) -> #REF! | AI4: {=_xlfn.TEXTJOIN(", ", TRUE, _xlfn._xlws.FILTER(AF:AF, AG:AG=AJ4))} -> #REF! | AN4: =COUNTIFS(#REF!, Sheet1!AM4,#REF!, Sheet1!AL$1) -> #REF! | AP4: {=_xlfn.TEXTJOIN(", ", TRUE, _xlfn._xlws.FILTER(AM:AM, AN:AN=AQ4))} -> #REF! | AU4: =COUNTIFS(#REF!, Sheet1!AT4,#REF!, Sheet1!AS$1) -> #REF! | AW4: {=_xlfn.TEXTJOIN(", ", TRUE, _xlfn._xlws.FILTER(AT:AT, AU:AU=AX4))} -> #REF! | BB4: =COUNTIFS(#REF!, Sheet1!BA4,#REF!, Sheet1!AZ$1) -> #REF! | BD4: {=_xlfn.TEXTJOIN(", ", TRUE, _xlfn._xlws.FILTER(BA:BA, BB:BB=BE4))} -> #REF! | BI4: =COUNTIFS(#REF!, Sheet1!BH4,#REF!, Sheet1!BG$1) -> #REF! | BK4: {=_xlfn.TEXTJOIN(", ", TRUE, _xlfn._xlws.FILTER(BH:BH, BI:BI=BL4))} -> #REF! | BP4: =COUNTIFS(#REF!, Sheet1!BO4,#REF!, Sheet1!BN$1) -> #REF! | BR4: {=_xlfn.TEXTJOIN(", ", TRUE, _xlfn._xlws.FILTER(BO:BO, BP:BP=BS4))} -> #REF! | BW4: =COUNTIFS(#REF!, Sheet1!BV4,#REF!, Sheet1!BU$1) -> #REF! | BY4: {=_xlfn.TEXTJOIN(", ", TRUE, _xlfn._xlws.FILTER(BV:BV, BW:BW=BZ4))} -> #REF! | CD4: =COUNTIFS(#REF!, Sheet1!CC4,#REF!, Sheet1!CB$1) -> #REF! | CF4: {=_xlfn.TEXTJOIN(", ", TRUE, _xlfn._xlws.FILTER(CC:CC, CD:CD=CG4))} -> #REF! | CK4: =COUNTIFS(#REF!, Sheet1!CJ4,#REF!, Sheet1!CI$1) -> #REF! | CM4: {=_xlfn.TEXTJOIN(", ", TRUE, _xlfn._xlws.FILTER(CJ:CJ, CK:CK=CN4))} -> #REF! | CR4: =COUNTIFS(#REF!, Sheet1!CQ4,#REF!, Sheet1!CP$1) -> #REF! | CT4: {=_xlfn.TEXTJOIN(", ", TRUE, _xlfn._xlws.FILTER(CQ:CQ, CR:CR=CU4))} -> #REF!
C5: =COUNTIFS(#REF!, Sheet1!B5,#REF!, Sheet1!$A$1) -> #REF! | E5: {=_xlfn.TEXTJOIN(", ", TRUE, _xlfn._xlws.FILTER(B:B, C:C=F5))} -> #REF! | L5: =COUNTIFS(#REF!, Sheet1!K5,#REF!, Sheet1!$J$1) -> #REF! | N5: {=_xlfn.TEXTJOIN(", ", TRUE, _xlfn._xlws.FILTER(K:K, L:L=O5))} -> #REF! | S5: =COUNTIFS(#REF!, Sheet1!R5,#REF!, Sheet1!Q$1) -> #REF! | U5: {=_xlfn.TEXTJOIN(", ", TRUE, _xlfn._xlws.FILTER(R:R, S:S=V5))} -> #REF! | Z5: =COUNTIFS(#REF!, Sheet1!Y5,#REF!, Sheet1!X$1) -> #REF! | AB5: {=_xlfn.TEXTJOIN(", ", TRUE, _xlfn._xlws.FILTER(Y:Y, Z:Z=AC5))} -> #REF! | AG5: =COUNTIFS(#REF!, Sheet1!AF5,#REF!, Sheet1!AE$1) -> #REF! | AI5: {=_xlfn.TEXTJOIN(", ", TRUE, _xlfn._xlws.FILTER(AF:AF, AG:AG=AJ5))} -> #REF! | AN5: =COUNTIFS(#REF!, Sheet1!AM5,#REF!, Sheet1!AL$1) -> #REF! | AP5: {=_xlfn.TEXTJOIN(", ", TRUE, _xlfn._xlws.FILTER(AM:AM, AN:AN=AQ5))} -> #REF! | AU5: =COUNTIFS(#REF!, Sheet1!AT5,#REF!, Sheet1!AS$1) -> #REF! | AW5: {=_xlfn.TEXTJOIN(", ", TRUE, _xlfn._xlws.FILTER(AT:AT, AU:AU=AX5))} -> #REF! | BB5: =COUNTIFS(#REF!, Sheet1!BA5,#REF!, Sheet1!AZ$1) -> #REF! | BD5: {=_xlfn.TEXTJOIN(", ", TRUE, _xlfn._xlws.FILTER(BA:BA, BB:BB=BE5))} -> #REF! | BI5: =COUNTIFS(#REF!, Sheet1!BH5,#REF!, Sheet1!BG$1) -> #REF! | BK5: {=_xlfn.TEXTJOIN(", ", TRUE, _xlfn._xlws.FILTER(BH:BH, BI:BI=BL5))} -> #REF! | BP5: =COUNTIFS(#REF!, Sheet1!BO5,#REF!, Sheet1!BN$1) -> #REF! | BR5: {=_xlfn.TEXTJOIN(", ", TRUE, _xlfn._xlws.FILTER(BO:BO, BP:BP=BS5))} -> #REF! | BW5: =COUNTIFS(#REF!, Sheet1!BV5,#REF!, Sheet1!BU$1) -> #REF! | BY5: {=_xlfn.TEXTJOIN(", ", TRUE, _xlfn._xlws.FILTER(BV:BV, BW:BW=BZ5))} -> #REF! | CD5: =COUNTIFS(#REF!, Sheet1!CC5,#REF!, Sheet1!CB$1) -> #REF! | CF5: {=_xlfn.TEXTJOIN(", ", TRUE, _xlfn._xlws.FILTER(CC:CC, CD:CD=CG5))} -> #REF! | CK5: =COUNTIFS(#REF!, Sheet1!CJ5,#REF!, Sheet1!CI$1) -> #REF! | CM5: {=_xlfn.TEXTJOIN(", ", TRUE, _xlfn._xlws.FILTER(CJ:CJ, CK:CK=CN5))} -> #REF! | CR5: =COUNTIFS(#REF!, Sheet1!CQ5,#REF!, Sheet1!CP$1) -> #REF! | CT5: {=_xlfn.TEXTJOIN(", ", TRUE, _xlfn._xlws.FILTER(CQ:CQ, CR:CR=CU5))} -> #REF!
C6: =COUNTIFS(#REF!, Sheet1!B6,#REF!, Sheet1!$A$1) -> #REF! | E6: {=_xlfn.TEXTJOIN(", ", TRUE, _xlfn._xlws.FILTER(B:B, C:C=F6))} -> #REF! | L6: =COUNTIFS(#REF!, Sheet1!K6,#REF!, Sheet1!$J$1) -> #REF! | N6: {=_xlfn.TEXTJOIN(", ", TRUE, _xlfn._xlws.FILTER(K:K, L:L=O6))} -> #REF! | S6: =COUNTIFS(#REF!, Sheet1!R6,#REF!, Sheet1!Q$1) -> #REF! | U6: {=_xlfn.TEXTJOIN(", ", TRUE, _xlfn._xlws.FILTER(R:R, S:S=V6))} -> #REF! | Z6: =COUNTIFS(#REF!, Sheet1!Y6,#REF!, Sheet1!X$1) -> #REF! | AB6: {=_xlfn.TEXTJOIN(", ", TRUE, _xlfn._xlws.FILTER(Y:Y, Z:Z=AC6))} -> #REF! | AG6: =COUNTIFS(#REF!, Sheet1!AF6,#REF!, Sheet1!AE$1) -> #REF! | AI6: {=_xlfn.TEXTJOIN(", ", TRUE, _xlfn._xlws.FILTER(AF:AF, AG:AG=AJ6))} -> #REF! | AN6: =COUNTIFS(#REF!, Sheet1!AM6,#REF!, Sheet1!AL$1) -> #REF! | AP6: {=_xlfn.TEXTJOIN(", ", TRUE, _xlfn._xlws.FILTER(AM:AM, AN:AN=AQ6))} -> #REF! | AU6: =COUNTIFS(#REF!, Sheet1!AT6,#REF!, Sheet1!AS$1) -> #REF! | AW6: {=_xlfn.TEXTJOIN(", ", TRUE, _xlfn._xlws.FILTER(AT:AT, AU:AU=AX6))} -> #REF! | BB6: =COUNTIFS(#REF!, Sheet1!BA6,#REF!, Sheet1!AZ$1) -> #REF! | BD6: {=_xlfn.TEXTJOIN(", ", TRUE, _xlfn._xlws.FILTER(BA:BA, BB:BB=BE6))} -> #REF! | BI6: =COUNTIFS(#REF!, Sheet1!BH6,#REF!, Sheet1!BG$1) -> #REF! | BK6: {=_xlfn.TEXTJOIN(", ", TRUE, _xlfn._xlws.FILTER(BH:BH, BI:BI=BL6))} -> #REF! | BP6: =COUNTIFS(#REF!, Sheet1!BO6,#REF!, Sheet1!BN$1) -> #REF! | BR6: {=_xlfn.TEXTJOIN(", ", TRUE, _xlfn._xlws.FILTER(BO:BO, BP:BP=BS6))} -> #REF! | BW6: =COUNTIFS(#REF!, Sheet1!BV6,#REF!, Sheet1!BU$1) -> #REF! | BY6: {=_xlfn.TEXTJOIN(", ", TRUE, _xlfn._xlws.FILTER(BV:BV, BW:BW=BZ6))} -> #REF! | CD6: =COUNTIFS(#REF!, Sheet1!CC6,#REF!, Sheet1!CB$1) -> #REF! | CF6: {=_xlfn.TEXTJOIN(", ", TRUE, _xlfn._xlws.FILTER(CC:CC, CD:CD=CG6))} -> #REF! | CK6: =COUNTIFS(#REF!, Sheet1!CJ6,#REF!, Sheet1!CI$1) -> #REF! | CM6: {=_xlfn.TEXTJOIN(", ", TRUE, _xlfn._xlws.FILTER(CJ:CJ, CK:CK=CN6))} -> #REF! | CR6: =COUNTIFS(#REF!, Sheet1!CQ6,#REF!, Sheet1!CP$1) -> #REF! | CT6: {=_xlfn.TEXTJOIN(", ", TRUE, _xlfn._xlws.FILTER(CQ:CQ, CR:CR=CU6))} -> #REF!
C7: =COUNTIFS(#REF!, Sheet1!B7,#REF!, Sheet1!$A$1) -> #REF! | E7: {=_xlfn.TEXTJOIN(", ", TRUE, _xlfn._xlws.FILTER(B:B, C:C=F7))} -> #REF! | L7: =COUNTIFS(#REF!, Sheet1!K7,#REF!, Sheet1!$J$1) -> #REF! | N7: {=_xlfn.TEXTJOIN(", ", TRUE, _xlfn._xlws.FILTER(K:K, L:L=O7))} -> #REF! | S7: =COUNTIFS(#REF!, Sheet1!R7,#REF!, Sheet1!Q$1) -> #REF! | U7: {=_xlfn.TEXTJOIN(", ", TRUE, _xlfn._xlws.FILTER(R:R, S:S=V7))} -> #REF! | Z7: =COUNTIFS(#REF!, Sheet1!Y7,#REF!, Sheet1!X$1) -> #REF! | AB7: {=_xlfn.TEXTJOIN(", ", TRUE, _xlfn._xlws.FILTER(Y:Y, Z:Z=AC7))} -> #REF! | AG7: =COUNTIFS(#REF!, Sheet1!AF7,#REF!, Sheet1!AE$1) -> #REF! | AI7: {=_xlfn.TEXTJOIN(", ", TRUE, _xlfn._xlws.FILTER(AF:AF, AG:AG=AJ7))} -> #REF! | AN7: =COUNTIFS(#REF!, Sheet1!AM7,#REF!, Sheet1!AL$1) -> #REF! | AP7: {=_xlfn.TEXTJOIN(", ", TRUE, _xlfn._xlws.FILTER(AM:AM, AN:AN=AQ7))} -> #REF! | AU7: =COUNTIFS(#REF!, Sheet1!AT7,#REF!, Sheet1!AS$1) -> #REF! | AW7: {=_xlfn.TEXTJOIN(", ", TRUE, _xlfn._xlws.FILTER(AT:AT, AU:AU=AX7))} -> #REF! | BB7: =COUNTIFS(#REF!, Sheet1!BA7,#REF!, Sheet1!AZ$1) -> #REF! | BD7: {=_xlfn.TEXTJOIN(", ", TRUE, _xlfn._xlws.FILTER(BA:BA, BB:BB=BE7))} -> #REF! | BI7: =COUNTIFS(#REF!, Sheet1!BH7,#REF!, Sheet1!BG$1) -> #REF! | BK7: {=_xlfn.TEXTJOIN(", ", TRUE, _xlfn._xlws.FILTER(BH:BH, BI:BI=BL7))} -> #REF! | BP7: =COUNTIFS(#REF!, Sheet1!BO7,#REF!, Sheet1!BN$1) -> #REF! | BR7: {=_xlfn.TEXTJOIN(", ", TRUE, _xlfn._xlws.FILTER(BO:BO, BP:BP=BS7))} -> #REF! | BW7: =COUNTIFS(#REF!, Sheet1!BV7,#REF!, Sheet1!BU$1) -> #REF! | BY7: {=_xlfn.TEXTJOIN(", ", TRUE, _xlfn._xlws.FILTER(BV:BV, BW:BW=BZ7))} -> #REF! | CD7: =COUNTIFS(#REF!, Sheet1!CC7,#REF!, Sheet1!CB$1) -> #REF! | CF7: {=_xlfn.TEXTJOIN(", ", TRUE, _xlfn._xlws.FILTER(CC:CC, CD:CD=CG7))} -> #REF! | CK7: =COUNTIFS(#REF!, Sheet1!CJ7,#REF!, Sheet1!CI$1) -> #REF! | CM7: {=_xlfn.TEXTJOIN(", ", TRUE, _xlfn._xlws.FILTER(CJ:CJ, CK:CK=CN7))} -> #REF! | CR7: =COUNTIFS(#REF!, Sheet1!CQ7,#REF!, Sheet1!CP$1) -> #REF! | CT7: {=_xlfn.TEXTJOIN(", ", TRUE, _xlfn._xlws.FILTER(CQ:CQ, CR:CR=CU7))} -> #REF!
C8: =COUNTIFS(#REF!, Sheet1!B8,#REF!, Sheet1!$A$1) -> #REF! | E8: {=_xlfn.TEXTJOIN(", ", TRUE, _xlfn._xlws.FILTER(B:B, C:C=F8))} -> #REF! | L8: =COUNTIFS(#REF!, Sheet1!K8,#REF!, Sheet1!$J$1) -> #REF! | N8: {=_xlfn.TEXTJOIN(", ", TRUE, _xlfn._xlws.FILTER(K:K, L:L=O8))} -> #REF! | S8: =COUNTIFS(#REF!, Sheet1!R8,#REF!, Sheet1!Q$1) -> #REF! | U8: {=_xlfn.TEXTJOIN(", ", TRUE, _xlfn._xlws.FILTER(R:R, S:S=V8))} -> #REF! | Z8: =COUNTIFS(#REF!, Sheet1!Y8,#REF!, Sheet1!X$1) -> #REF! | AG8: =COUNTIFS(#REF!, Sheet1!AF8,#REF!, Sheet1!AE$1) -> #REF! | AI8: {=_xlfn.TEXTJOIN(", ", TRUE, _xlfn._xlws.FILTER(AF:AF, AG:AG=AJ8))} -> #REF! | AN8: =COUNTIFS(#REF!, Sheet1!AM8,#REF!, Sheet1!AL$1) -> #REF! | AP8: {=_xlfn.TEXTJOIN(", ", TRUE, _xlfn._xlws.FILTER(AM:AM, AN:AN=AQ8))} -> #REF! | AU8: =COUNTIFS(#REF!, Sheet1!AT8,#REF!, Sheet1!AS$1) -> #REF! | AW8: {=_xlfn.TEXTJOIN(", ", TRUE, _xlfn._xlws.FILTER(AT:AT, AU:AU=AX8))} -> #REF! | BB8: =COUNTIFS(#REF!, Sheet1!BA8,#REF!, Sheet1!AZ$1) -> #REF! | BD8: {=_xlfn.TEXTJOIN(", ", TRUE, _xlfn._xlws.FILTER(BA:BA, BB:BB=BE8))} -> #REF! | BI8: =COUNTIFS(#REF!, Sheet1!BH8,#REF!, Sheet1!BG$1) -> #REF! | BK8: {=_xlfn.TEXTJOIN(", ", TRUE, _xlfn._xlws.FILTER(BH:BH, BI:BI=BL8))} -> #REF! | BP8: =COUNTIFS(#REF!, Sheet1!BO8,#REF!, Sheet1!BN$1) -> #REF! | BR8: {=_xlfn.TEXTJOIN(", ", TRUE, _xlfn._xlws.FILTER(BO:BO, BP:BP=BS8))} -> #REF! | BW8: =COUNTIFS(#REF!, Sheet1!BV8,#REF!, Sheet1!BU$1) -> #REF! | BY8: {=_xlfn.TEXTJOIN(", ", TRUE, _xlfn._xlws.FILTER(BV:BV, BW:BW=BZ8))} -> #REF! | CD8: =COUNTIFS(#REF!, Sheet1!CC8,#REF!, Sheet1!CB$1) -> #REF! | CF8: {=_xlfn.TEXTJOIN(", ", TRUE, _xlfn._xlws.FILTER(CC:CC, CD:CD=CG8))} -> #REF! | CK8: =COUNTIFS(#REF!, Sheet1!CJ8,#REF!, Sheet1!CI$1) -> #REF! | CM8: {=_xlfn.TEXTJOIN(", ", TRUE, _xlfn._xlws.FILTER(CJ:CJ, CK:CK=CN8))} -> #REF! | CR8: =COUNTIFS(#REF!, Sheet1!CQ8,#REF!, Sheet1!CP$1) -> #REF! | CT8: {=_xlfn.TEXTJOIN(", ", TRUE, _xlfn._xlws.FILTER(CQ:CQ, CR:CR=CU8))} -> #REF!
C9: =COUNTIFS(#REF!, Sheet1!B9,#REF!, Sheet1!$A$1) -> #REF! | E9: {=_xlfn.TEXTJOIN(", ", TRUE, _xlfn._xlws.FILTER(B:B, C:C=F9))} -> #REF! | L9: =COUNTIFS(#REF!, Sheet1!K9,#REF!, Sheet1!$J$1) -> #REF! | N9: {=_xlfn.TEXTJOIN(", ", TRUE, _xlfn._xlws.FILTER(K:K, L:L=O9))} -> #REF! | S9: =COUNTIFS(#REF!, Sheet1!R9,#REF!, Sheet1!Q$1) -> #REF! | U9: {=_xlfn.TEXTJOIN(", ", TRUE, _xlfn._xlws.FILTER(R:R, S:S=V9))} -> #REF! | Z9: =COUNTIFS(#REF!, Sheet1!Y9,#REF!, Sheet1!X$1) -> #REF! | AG9: =COUNTIFS(#REF!, Sheet1!AF9,#REF!, Sheet1!AE$1) -> #REF! | AN9: =COUNTIFS(#REF!, Sheet1!AM9,#REF!, Sheet1!AL$1) -> #REF! | AU9: =COUNTIFS(#REF!, Sheet1!AT9,#REF!, Sheet1!AS$1) -> #REF! | BB9: =COUNTIFS(#REF!, Sheet1!BA9,#REF!, Sheet1!AZ$1) -> #REF! | BD9: {=_xlfn.TEXTJOIN(", ", TRUE, _xlfn._xlws.FILTER(BA:BA, BB:BB=BE9))} -> #REF! | BI9: =COUNTIFS(#REF!, Sheet1!BH9,#REF!, Sheet1!BG$1) -> #REF! | BP9: =COUNTIFS(#REF!, Sheet1!BO9,#REF!, Sheet1!BN$1) -> #REF! | BR9: {=_xlfn.TEXTJOIN(", ", TRUE, _xlfn._xlws.FILTER(BO:BO, BP:BP=BS9))} -> #REF! | BW9: =COUNTIFS(#REF!, Sheet1!BV9,#REF!, Sheet1!BU$1) -> #REF! | CD9: =COUNTIFS(#REF!, Sheet1!CC9,#REF!, Sheet1!CB$1) -> #REF! | CK9: =COUNTIFS(#REF!, Sheet1!CJ9,#REF!, Sheet1!CI$1) -> #REF! | CR9: =COUNTIFS(#REF!, Sheet1!CQ9,#REF!, Sheet1!CP$1) -> #REF!
C10: =COUNTIFS(#REF!, Sheet1!B10,#REF!, Sheet1!$A$1) -> #REF! | E10: {=_xlfn.TEXTJOIN(", ", TRUE, _xlfn._xlws.FILTER(B:B, C:C=F10))} -> #REF! | L10: =COUNTIFS(#REF!, Sheet1!K10,#REF!, Sheet1!$J$1) -> #REF! | S10: =COUNTIFS(#REF!, Sheet1!R10,#REF!, Sheet1!Q$1) -> #REF! | Z10: =COUNTIFS(#REF!, Sheet1!Y10,#REF!, Sheet1!X$1) -> #REF! | AG10: =COUNTIFS(#REF!, Sheet1!AF10,#REF!, Sheet1!AE$1) -> #REF! | AN10: =COUNTIFS(#REF!, Sheet1!AM10,#REF!, Sheet1!AL$1) -> #REF! | AU10: =COUNTIFS(#REF!, Sheet1!AT10,#REF!, Sheet1!AS$1) -> #REF! | BB10: =COUNTIFS(#REF!, Sheet1!BA10,#REF!, Sheet1!AZ$1) -> #REF! | BI10: =COUNTIFS(#REF!, Sheet1!BH10,#REF!, Sheet1!BG$1) -> #REF! | BP10: =COUNTIFS(#REF!, Sheet1!BO10,#REF!, Sheet1!BN$1) -> #REF! | BW10: =COUNTIFS(#REF!, Sheet1!BV10,#REF!, Sheet1!BU$1) -> #REF! | CD10: =COUNTIFS(#REF!, Sheet1!CC10,#REF!, Sheet1!CB$1) -> #REF! | CK10: =COUNTIFS(#REF!, Sheet1!CJ10,#REF!, Sheet1!CI$1) -> #REF! | CR10: =COUNTIFS(#REF!, Sheet1!CQ10,#REF!, Sheet1!CP$1) -> #REF!
C11: =COUNTIFS(#REF!, Sheet1!B11,#REF!, Sheet1!$A$1) -> #REF! | E11: {=_xlfn.TEXTJOIN(", ", TRUE, _xlfn._xlws.FILTER(B:B, C:C=F11))} -> #REF! | L11: =COUNTIFS(#REF!, Sheet1!K11,#REF!, Sheet1!$J$1) -> #REF! | S11: =COUNTIFS(#REF!, Sheet1!R11,#REF!, Sheet1!Q$1) -> #REF! | Z11: =COUNTIFS(#REF!, Sheet1!Y11,#REF!, Sheet1!X$1) -> #REF! | AG11: =COUNTIFS(#REF!, Sheet1!AF11,#REF!, Sheet1!AE$1) -> #REF! | AN11: =COUNTIFS(#REF!, Sheet1!AM11,#REF!, Sheet1!AL$1) -> #REF! | AU11: =COUNTIFS(#REF!, Sheet1!AT11,#REF!, Sheet1!AS$1) -> #REF! | BB11: =COUNTIFS(#REF!, Sheet1!BA11,#REF!, Sheet1!AZ$1) -> #REF! | BI11: =COUNTIFS(#REF!, Sheet1!BH11,#REF!, Sheet1!BG$1) -> #REF! | BP11: =COUNTIFS(#REF!, Sheet1!BO11,#REF!, Sheet1!BN$1) -> #REF! | BW11: =COUNTIFS(#REF!, Sheet1!BV11,#REF!, Sheet1!BU$1) -> #REF! | CD11: =COUNTIFS(#REF!, Sheet1!CC11,#REF!, Sheet1!CB$1) -> #REF! | CK11: =COUNTIFS(#REF!, Sheet1!CJ11,#REF!, Sheet1!CI$1) -> #REF! | CR11: =COUNTIFS(#REF!, Sheet1!CQ11,#REF!, Sheet1!CP$1) -> #REF!
C12: =COUNTIFS(#REF!, Sheet1!B12,#REF!, Sheet1!$A$1) -> #REF! | E12: {=_xlfn.TEXTJOIN(", ", TRUE, _xlfn._xlws.FILTER(B:B, C:C=F12))} -> #REF! | L12: =COUNTIFS(#REF!, Sheet1!K12,#REF!, Sheet1!$J$1) -> #REF! | S12: =COUNTIFS(#REF!, Sheet1!R12,#REF!, Sheet1!Q$1) -> #REF! | Z12: =COUNTIFS(#REF!, Sheet1!Y12,#REF!, Sheet1!X$1) -> #REF! | AG12: =COUNTIFS(#REF!, Sheet1!AF12,#REF!, Sheet1!AE$1) -> #REF! | AN12: =COUNTIFS(#REF!, Sheet1!AM12,#REF!, Sheet1!AL$1) -> #REF! | AU12: =COUNTIFS(#REF!, Sheet1!AT12,#REF!, Sheet1!AS$1) -> #REF! | BB12: =COUNTIFS(#REF!, Sheet1!BA12,#REF!, Sheet1!AZ$1) -> #REF! | BI12: =COUNTIFS(#REF!, Sheet1!BH12,#REF!, Sheet1!BG$1) -> #REF! | BP12: =COUNTIFS(#REF!, Sheet1!BO12,#REF!, Sheet1!BN$1) -> #REF! | BW12: =COUNTIFS(#REF!, Sheet1!BV12,#REF!, Sheet1!BU$1) -> #REF! | CD12: =COUNTIFS(#REF!, Sheet1!CC12,#REF!, Sheet1!CB$1) -> #REF! | CK12: =COUNTIFS(#REF!, Sheet1!CJ12,#REF!, Sheet1!CI$1) -> #REF! | CR12: =COUNTIFS(#REF!, Sheet1!CQ12,#REF!, Sheet1!CP$1) -> #REF!
C13: =COUNTIFS(#REF!, Sheet1!B13,#REF!, Sheet1!$A$1) -> #REF! | E13: {=_xlfn.TEXTJOIN(", ", TRUE, _xlfn._xlws.FILTER(B:B, C:C=F13))} -> #REF! | L13: =COUNTIFS(#REF!, Sheet1!K13,#REF!, Sheet1!$J$1) -> #REF! | S13: =COUNTIFS(#REF!, Sheet1!R13,#REF!, Sheet1!Q$1) -> #REF! | Z13: =COUNTIFS(#REF!, Sheet1!Y13,#REF!, Sheet1!X$1) -> #REF! | AG13: =COUNTIFS(#REF!, Sheet1!AF13,#REF!, Sheet1!AE$1) -> #REF! | AN13: =COUNTIFS(#REF!, Sheet1!AM13,#REF!, Sheet1!AL$1) -> #REF! | AU13: =COUNTIFS(#REF!, Sheet1!AT13,#REF!, Sheet1!AS$1) -> #REF! | BB13: =COUNTIFS(#REF!, Sheet1!BA13,#REF!, Sheet1!AZ$1) -> #REF! | BI13: =COUNTIFS(#REF!, Sheet1!BH13,#REF!, Sheet1!BG$1) -> #REF! | BP13: =COUNTIFS(#REF!, Sheet1!BO13,#REF!, Sheet1!BN$1) -> #REF! | BW13: =COUNTIFS(#REF!, Sheet1!BV13,#REF!, Sheet1!BU$1) -> #REF! | CD13: =COUNTIFS(#REF!, Sheet1!CC13,#REF!, Sheet1!CB$1) -> #REF! | CK13: =COUNTIFS(#REF!, Sheet1!CJ13,#REF!, Sheet1!CI$1) -> #REF! | CR13: =COUNTIFS(#REF!, Sheet1!CQ13,#REF!, Sheet1!CP$1) -> #REF!
C14: =COUNTIFS(#REF!, Sheet1!B14,#REF!, Sheet1!$A$1) -> #REF! | L14: =COUNTIFS(#REF!, Sheet1!K14,#REF!, Sheet1!$J$1) -> #REF! | S14: =COUNTIFS(#REF!, Sheet1!R14,#REF!, Sheet1!Q$1) -> #REF! | Z14: =COUNTIFS(#REF!, Sheet1!Y14,#REF!, Sheet1!X$1) -> #REF! | AG14: =COUNTIFS(#REF!, Sheet1!AF14,#REF!, Sheet1!AE$1) -> #REF! | AN14: =COUNTIFS(#REF!, Sheet1!AM14,#REF!, Sheet1!AL$1) -> #REF! | AU14: =COUNTIFS(#REF!, Sheet1!AT14,#REF!, Sheet1!AS$1) -> #REF! | BB14: =COUNTIFS(#REF!, Sheet1!BA14,#REF!, Sheet1!AZ$1) -> #REF! | BI14: =COUNTIFS(#REF!, Sheet1!BH14,#REF!, Sheet1!BG$1) -> #REF! | BP14: =COUNTIFS(#REF!, Sheet1!BO14,#REF!, Sheet1!BN$1) -> #REF! | BW14: =COUNTIFS(#REF!, Sheet1!BV14,#REF!, Sheet1!BU$1) -> #REF! | CD14: =COUNTIFS(#REF!, Sheet1!CC14,#REF!, Sheet1!CB$1) -> #REF! | CK14: =COUNTIFS(#REF!, Sheet1!CJ14,#REF!, Sheet1!CI$1) -> #REF! | CR14: =COUNTIFS(#REF!, Sheet1!CQ14,#REF!, Sheet1!CP$1) -> #REF!
C15: =COUNTIFS(#REF!, Sheet1!B15,#REF!, Sheet1!$A$1) -> #REF! | L15: =COUNTIFS(#REF!, Sheet1!K15,#REF!, Sheet1!$J$1) -> #REF! | S15: =COUNTIFS(#REF!, Sheet1!R15,#REF!, Sheet1!Q$1) -> #REF! | Z15: =COUNTIFS(#REF!, Sheet1!Y15,#REF!, Sheet1!X$1) -> #REF! | AG15: =COUNTIFS(#REF!, Sheet1!AF15,#REF!, Sheet1!AE$1) -> #REF! | AN15: =COUNTIFS(#REF!, Sheet1!AM15,#REF!, Sheet1!AL$1) -> #REF! | AU15: =COUNTIFS(#REF!, Sheet1!AT15,#REF!, Sheet1!AS$1) -> #REF! | BB15: =COUNTIFS(#REF!, Sheet1!BA15,#REF!, Sheet1!AZ$1) -> #REF! | BI15: =COUNTIFS(#REF!, Sheet1!BH15,#REF!, Sheet1!BG$1) -> #REF! | BP15: =COUNTIFS(#REF!, Sheet1!BO15,#REF!, Sheet1!BN$1) -> #REF! | BW15: =COUNTIFS(#REF!, Sheet1!BV15,#REF!, Sheet1!BU$1) -> #REF! | CD15: =COUNTIFS(#REF!, Sheet1!CC15,#REF!, Sheet1!CB$1) -> #REF! | CK15: =COUNTIFS(#REF!, Sheet1!CJ15,#REF!, Sheet1!CI$1) -> #REF! | CR15: =COUNTIFS(#REF!, Sheet1!CQ15,#REF!, Sheet1!CP$1) -> #REF!
C16: =COUNTIFS(#REF!, Sheet1!B16,#REF!, Sheet1!$A$1) -> #REF! | L16: =COUNTIFS(#REF!, Sheet1!K16,#REF!, Sheet1!$J$1) -> #REF! | S16: =COUNTIFS(#REF!, Sheet1!R16,#REF!, Sheet1!Q$1) -> #REF! | Z16: =COUNTIFS(#REF!, Sheet1!Y16,#REF!, Sheet1!X$1) -> #REF! | AG16: =COUNTIFS(#REF!, Sheet1!AF16,#REF!, Sheet1!AE$1) -> #REF! | AN16: =COUNTIFS(#REF!, Sheet1!AM16,#REF!, Sheet1!AL$1) -> #REF! | AU16: =COUNTIFS(#REF!, Sheet1!AT16,#REF!, Sheet1!AS$1) -> #REF! | BB16: =COUNTIFS(#REF!, Sheet1!BA16,#REF!, Sheet1!AZ$1) -> #REF! | BI16: =COUNTIFS(#REF!, Sheet1!BH16,#REF!, Sheet1!BG$1) -> #REF! | BP16: =COUNTIFS(#REF!, Sheet1!BO16,#REF!, Sheet1!BN$1) -> #REF! | BW16: =COUNTIFS(#REF!, Sheet1!BV16,#REF!, Sheet1!BU$1) -> #REF! | CD16: =COUNTIFS(#REF!, Sheet1!CC16,#REF!, Sheet1!CB$1) -> #REF! | CK16: =COUNTIFS(#REF!, Sheet1!CJ16,#REF!, Sheet1!CI$1) -> #REF! | CR16: =COUNTIFS(#REF!, Sheet1!CQ16,#REF!, Sheet1!CP$1) -> #REF!
C17: =COUNTIFS(#REF!, Sheet1!B17,#REF!, Sheet1!$A$1) -> #REF! | L17: =COUNTIFS(#REF!, Sheet1!K17,#REF!, Sheet1!$J$1) -> #REF! | S17: =COUNTIFS(#REF!, Sheet1!R17,#REF!, Sheet1!Q$1) -> #REF! | Z17: =COUNTIFS(#REF!, Sheet1!Y17,#REF!, Sheet1!X$1) -> #REF! | AG17: =COUNTIFS(#REF!, Sheet1!AF17,#REF!, Sheet1!AE$1) -> #REF! | AN17: =COUNTIFS(#REF!, Sheet1!AM17,#REF!, Sheet1!AL$1) -> #REF! | AU17: =COUNTIFS(#REF!, Sheet1!AT17,#REF!, Sheet1!AS$1) -> #REF! | BB17: =COUNTIFS(#REF!, Sheet1!BA17,#REF!, Sheet1!AZ$1) -> #REF! | BI17: =COUNTIFS(#REF!, Sheet1!BH17,#REF!, Sheet1!BG$1) -> #REF! | BP17: =COUNTIFS(#REF!, Sheet1!BO17,#REF!, Sheet1!BN$1) -> #REF! | BW17: =COUNTIFS(#REF!, Sheet1!BV17,#REF!, Sheet1!BU$1) -> #REF! | CD17: =COUNTIFS(#REF!, Sheet1!CC17,#REF!, Sheet1!CB$1) -> #REF! | CK17: =COUNTIFS(#REF!, Sheet1!CJ17,#REF!, Sheet1!CI$1) -> #REF! | CR17: =COUNTIFS(#REF!, Sheet1!CQ17,#REF!, Sheet1!CP$1) -> #REF!
C18: =COUNTIFS(#REF!, Sheet1!B18,#REF!, Sheet1!$A$1) -> #REF! | L18: =COUNTIFS(#REF!, Sheet1!K18,#REF!, Sheet1!$J$1) -> #REF! | S18: =COUNTIFS(#REF!, Sheet1!R18,#REF!, Sheet1!Q$1) -> #REF! | Z18: =COUNTIFS(#REF!, Sheet1!Y18,#REF!, Sheet1!X$1) -> #REF! | AG18: =COUNTIFS(#REF!, Sheet1!AF18,#REF!, Sheet1!AE$1) -> #REF! | AN18: =COUNTIFS(#REF!, Sheet1!AM18,#REF!, Sheet1!AL$1) -> #REF! | AU18: =COUNTIFS(#REF!, Sheet1!AT18,#REF!, Sheet1!AS$1) -> #REF! | BB18: =COUNTIFS(#REF!, Sheet1!BA18,#REF!, Sheet1!AZ$1) -> #REF! | BI18: =COUNTIFS(#REF!, Sheet1!BH18,#REF!, Sheet1!BG$1) -> #REF! | BP18: =COUNTIFS(#REF!, Sheet1!BO18,#REF!, Sheet1!BN$1) -> #REF! | BW18: =COUNTIFS(#REF!, Sheet1!BV18,#REF!, Sheet1!BU$1) -> #REF! | CD18: =COUNTIFS(#REF!, Sheet1!CC18,#REF!, Sheet1!CB$1) -> #REF! | CK18: =COUNTIFS(#REF!, Sheet1!CJ18,#REF!, Sheet1!CI$1) -> #REF! | CR18: =COUNTIFS(#REF!, Sheet1!CQ18,#REF!, Sheet1!CP$1) -> #REF!
C19: =COUNTIFS(#REF!, Sheet1!B19,#REF!, Sheet1!$A$1) -> #REF! | L19: =COUNTIFS(#REF!, Sheet1!K19,#REF!, Sheet1!$J$1) -> #REF! | S19: =COUNTIFS(#REF!, Sheet1!R19,#REF!, Sheet1!Q$1) -> #REF! | Z19: =COUNTIFS(#REF!, Sheet1!Y19,#REF!, Sheet1!X$1) -> #REF! | AG19: =COUNTIFS(#REF!, Sheet1!AF19,#REF!, Sheet1!AE$1) -> #REF! | AN19: =COUNTIFS(#REF!, Sheet1!AM19,#REF!, Sheet1!AL$1) -> #REF! | AU19: =COUNTIFS(#REF!, Sheet1!AT19,#REF!, Sheet1!AS$1) -> #REF! | BB19: =COUNTIFS(#REF!, Sheet1!BA19,#REF!, Sheet1!AZ$1) -> #REF! | BI19: =COUNTIFS(#REF!, Sheet1!BH19,#REF!, Sheet1!BG$1) -> #REF! | BP19: =COUNTIFS(#REF!, Sheet1!BO19,#REF!, Sheet1!BN$1) -> #REF! | BW19: =COUNTIFS(#REF!, Sheet1!BV19,#REF!, Sheet1!BU$1) -> #REF! | CD19: =COUNTIFS(#REF!, Sheet1!CC19,#REF!, Sheet1!CB$1) -> #REF! | CK19: =COUNTIFS(#REF!, Sheet1!CJ19,#REF!, Sheet1!CI$1) -> #REF! | CR19: =COUNTIFS(#REF!, Sheet1!CQ19,#REF!, Sheet1!CP$1) -> #REF!
C20: =COUNTIFS(#REF!, Sheet1!B20,#REF!, Sheet1!$A$1) -> #REF! | L20: =COUNTIFS(#REF!, Sheet1!K20,#REF!, Sheet1!$J$1) -> #REF! | S20: =COUNTIFS(#REF!, Sheet1!R20,#REF!, Sheet1!Q$1) -> #REF! | Z20: =COUNTIFS(#REF!, Sheet1!Y20,#REF!, Sheet1!X$1) -> #REF! | AG20: =COUNTIFS(#REF!, Sheet1!AF20,#REF!, Sheet1!AE$1) -> #REF! | AN20: =COUNTIFS(#REF!, Sheet1!AM20,#REF!, Sheet1!AL$1) -> #REF! | AU20: =COUNTIFS(#REF!, Sheet1!AT20,#REF!, Sheet1!AS$1) -> #REF! | BB20: =COUNTIFS(#REF!, Sheet1!BA20,#REF!, Sheet1!AZ$1) -> #REF! | BI20: =COUNTIFS(#REF!, Sheet1!BH20,#REF!, Sheet1!BG$1) -> #REF! | BP20: =COUNTIFS(#REF!, Sheet1!BO20,#REF!, Sheet1!BN$1) -> #REF! | BW20: =COUNTIFS(#REF!, Sheet1!BV20,#REF!, Sheet1!BU$1) -> #REF! | CD20: =COUNTIFS(#REF!, Sheet1!CC20,#REF!, Sheet1!CB$1) -> #REF! | CK20: =COUNTIFS(#REF!, Sheet1!CJ20,#REF!, Sheet1!CI$1) -> #REF! | CR20: =COUNTIFS(#REF!, Sheet1!CQ20,#REF!, Sheet1!CP$1) -> #REF!
C21: =COUNTIFS(#REF!, Sheet1!B21,#REF!, Sheet1!$A$1) -> #REF! | L21: =COUNTIFS(#REF!, Sheet1!K21,#REF!, Sheet1!$J$1) -> #REF! | S21: =COUNTIFS(#REF!, Sheet1!R21,#REF!, Sheet1!Q$1) -> #REF! | Z21: =COUNTIFS(#REF!, Sheet1!Y21,#REF!, Sheet1!X$1) -> #REF! | AG21: =COUNTIFS(#REF!, Sheet1!AF21,#REF!, Sheet1!AE$1) -> #REF! | AN21: =COUNTIFS(#REF!, Sheet1!AM21,#REF!, Sheet1!AL$1) -> #REF! | AU21: =COUNTIFS(#REF!, Sheet1!AT21,#REF!, Sheet1!AS$1) -> #REF! | BB21: =COUNTIFS(#REF!, Sheet1!BA21,#REF!, Sheet1!AZ$1) -> #REF! | BI21: =COUNTIFS(#REF!, Sheet1!BH21,#REF!, Sheet1!BG$1) -> #REF! | BP21: =COUNTIFS(#REF!, Sheet1!BO21,#REF!, Sheet1!BN$1) -> #REF! | BW21: =COUNTIFS(#REF!, Sheet1!BV21,#REF!, Sheet1!BU$1) -> #REF! | CD21: =COUNTIFS(#REF!, Sheet1!CC21,#REF!, Sheet1!CB$1) -> #REF! | CK21: =COUNTIFS(#REF!, Sheet1!CJ21,#REF!, Sheet1!CI$1) -> #REF! | CR21: =COUNTIFS(#REF!, Sheet1!CQ21,#REF!, Sheet1!CP$1) -> #REF!
C22: =COUNTIFS(#REF!, Sheet1!B22,#REF!, Sheet1!$A$1) -> #REF! | L22: =COUNTIFS(#REF!, Sheet1!K22,#REF!, Sheet1!$J$1) -> #REF! | S22: =COUNTIFS(#REF!, Sheet1!R22,#REF!, Sheet1!Q$1) -> #REF! | Z22: =COUNTIFS(#REF!, Sheet1!Y22,#REF!, Sheet1!X$1) -> #REF! | AG22: =COUNTIFS(#REF!, Sheet1!AF22,#REF!, Sheet1!AE$1) -> #REF! | AN22: =COUNTIFS(#REF!, Sheet1!AM22,#REF!, Sheet1!AL$1) -> #REF! | AU22: =COUNTIFS(#REF!, Sheet1!AT22,#REF!, Sheet1!AS$1) -> #REF! | BB22: =COUNTIFS(#REF!, Sheet1!BA22,#REF!, Sheet1!AZ$1) -> #REF! | BI22: =COUNTIFS(#REF!, Sheet1!BH22,#REF!, Sheet1!BG$1) -> #REF! | BP22: =COUNTIFS(#REF!, Sheet1!BO22,#REF!, Sheet1!BN$1) -> #REF! | BW22: =COUNTIFS(#REF!, Sheet1!BV22,#REF!, Sheet1!BU$1) -> #REF! | CD22: =COUNTIFS(#REF!, Sheet1!CC22,#REF!, Sheet1!CB$1) -> #REF! | CK22: =COUNTIFS(#REF!, Sheet1!CJ22,#REF!, Sheet1!CI$1) -> #REF! | CR22: =COUNTIFS(#REF!, Sheet1!CQ22,#REF!, Sheet1!CP$1) -> #REF!
C23: =COUNTIFS(#REF!, Sheet1!B23,#REF!, Sheet1!$A$1) -> #REF! | L23: =COUNTIFS(#REF!, Sheet1!K23,#REF!, Sheet1!$J$1) -> #REF! | S23: =COUNTIFS(#REF!, Sheet1!R23,#REF!, Sheet1!Q$1) -> #REF! | Z23: =COUNTIFS(#REF!, Sheet1!Y23,#REF!, Sheet1!X$1) -> #REF! | AG23: =COUNTIFS(#REF!, Sheet1!AF23,#REF!, Sheet1!AE$1) -> #REF! | AN23: =COUNTIFS(#REF!, Sheet1!AM23,#REF!, Sheet1!AL$1) -> #REF! | AU23: =COUNTIFS(#REF!, Sheet1!AT23,#REF!, Sheet1!AS$1) -> #REF! | BB23: =COUNTIFS(#REF!, Sheet1!BA23,#REF!, Sheet1!AZ$1) -> #REF! | BI23: =COUNTIFS(#REF!, Sheet1!BH23,#REF!, Sheet1!BG$1) -> #REF! | BP23: =COUNTIFS(#REF!, Sheet1!BO23,#REF!, Sheet1!BN$1) -> #REF! | BW23: =COUNTIFS(#REF!, Sheet1!BV23,#REF!, Sheet1!BU$1) -> #REF! | CD23: =COUNTIFS(#REF!, Sheet1!CC23,#REF!, Sheet1!CB$1) -> #REF! | CK23: =COUNTIFS(#REF!, Sheet1!CJ23,#REF!, Sheet1!CI$1) -> #REF! | CR23: =COUNTIFS(#REF!, Sheet1!CQ23,#REF!, Sheet1!CP$1) -> #REF!
C24: =COUNTIFS(#REF!, Sheet1!B24,#REF!, Sheet1!$A$1) -> #REF! | L24: =COUNTIFS(#REF!, Sheet1!K24,#REF!, Sheet1!$J$1) -> #REF! | S24: =COUNTIFS(#REF!, Sheet1!R24,#REF!, Sheet1!Q$1) -> #REF! | Z24: =COUNTIFS(#REF!, Sheet1!Y24,#REF!, Sheet1!X$1) -> #REF! | AG24: =COUNTIFS(#REF!, Sheet1!AF24,#REF!, Sheet1!AE$1) -> #REF! | AN24: =COUNTIFS(#REF!, Sheet1!AM24,#REF!, Sheet1!AL$1) -> #REF! | AU24: =COUNTIFS(#REF!, Sheet1!AT24,#REF!, Sheet1!AS$1) -> #REF! | BB24: =COUNTIFS(#REF!, Sheet1!BA24,#REF!, Sheet1!AZ$1) -> #REF! | BI24: =COUNTIFS(#REF!, Sheet1!BH24,#REF!, Sheet1!BG$1) -> #REF! | BP24: =COUNTIFS(#REF!, Sheet1!BO24,#REF!, Sheet1!BN$1) -> #REF! | BW24: =COUNTIFS(#REF!, Sheet1!BV24,#REF!, Sheet1!BU$1) -> #REF! | CD24: =COUNTIFS(#REF!, Sheet1!CC24,#REF!, Sheet1!CB$1) -> #REF! | CK24: =COUNTIFS(#REF!, Sheet1!CJ24,#REF!, Sheet1!CI$1) -> #REF! | CR24: =COUNTIFS(#REF!, Sheet1!CQ24,#REF!, Sheet1!CP$1) -> #REF!
C25: =COUNTIFS(#REF!, Sheet1!B25,#REF!, Sheet1!$A$1) -> #REF! | L25: =COUNTIFS(#REF!, Sheet1!K25,#REF!, Sheet1!$J$1) -> #REF! | S25: =COUNTIFS(#REF!, Sheet1!R25,#REF!, Sheet1!Q$1) -> #REF! | Z25: =COUNTIFS(#REF!, Sheet1!Y25,#REF!, Sheet1!X$1) -> #REF! | AG25: =COUNTIFS(#REF!, Sheet1!AF25,#REF!, Sheet1!AE$1) -> #REF! | AN25: =COUNTIFS(#REF!, Sheet1!AM25,#REF!, Sheet1!AL$1) -> #REF! | AU25: =COUNTIFS(#REF!, Sheet1!AT25,#REF!, Sheet1!AS$1) -> #REF! | BB25: =COUNTIFS(#REF!, Sheet1!BA25,#REF!, Sheet1!AZ$1) -> #REF! | BI25: =COUNTIFS(#REF!, Sheet1!BH25,#REF!, Sheet1!BG$1) -> #REF! | BP25: =COUNTIFS(#REF!, Sheet1!BO25,#REF!, Sheet1!BN$1) -> #REF! | BW25: =COUNTIFS(#REF!, Sheet1!BV25,#REF!, Sheet1!BU$1) -> #REF! | CD25: =COUNTIFS(#REF!, Sheet1!CC25,#REF!, Sheet1!CB$1) -> #REF! | CK25: =COUNTIFS(#REF!, Sheet1!CJ25,#REF!, Sheet1!CI$1) -> #REF! | CR25: =COUNTIFS(#REF!, Sheet1!CQ25,#REF!, Sheet1!CP$1) -> #REF!
... C129: =COUNTIFS(#REF!, Sheet1!B129,#REF!, Sheet1!$A$1) -> #REF! | L129: =COUNTIFS(#REF!, Sheet1!K129,#REF!, Sheet1!$J$1) -> #REF! | S129: =COUNTIFS(#REF!, Sheet1!R129,#REF!, Sheet1!Q$1) -> #REF! | Z129: =COUNTIFS(#REF!, Sheet1!Y129,#REF!, Sheet1!X$1) -> #REF! | AG129: =COUNTIFS(#REF!, Sheet1!AF129,#REF!, Sheet1!AE$1) -> #REF! | AN129: =COUNTIFS(#REF!, Sheet1!AM129,#REF!, Sheet1!AL$1) -> #REF! | AU129: =COUNTIFS(#REF!, Sheet1!AT129,#REF!, Sheet1!AS$1) -> #REF! | BB129: =COUNTIFS(#REF!, Sheet1!BA129,#REF!, Sheet1!AZ$1) -> #REF! | BI129: =COUNTIFS(#REF!, Sheet1!BH129,#REF!, Sheet1!BG$1) -> #REF! | BP129: =COUNTIFS(#REF!, Sheet1!BO129,#REF!, Sheet1!BN$1) -> #REF! | BW129: =COUNTIFS(#REF!, Sheet1!BV129,#REF!, Sheet1!BU$1) -> #REF! | CD129: =COUNTIFS(#REF!, Sheet1!CC129,#REF!, Sheet1!CB$1) -> #REF! | CK129: =COUNTIFS(#REF!, Sheet1!CJ129,#REF!, Sheet1!CI$1) -> #REF! | CR129: =COUNTIFS(#REF!, Sheet1!CQ129,#REF!, Sheet1!CP$1) -> #REF!

Sheet Breakdown by City Neighborhood
B3: RESOLVED RESULTS BY CITY NEIGHBORHOODS
B9: MANHATTAN
B13: BRONX
B17: BROOKLYN
B21: QUEENS
B25: STATEN ISLAND
B30: MANHATTAN | C30: 2022 | H30: 2023 | M30: 2024 | R30: 2025 | W30: TOTAL OPERATIONS
C31: SUCCESSFUL | D31: MARKED CLEANED PRIOR BY DHS | E31: NEGATIVE OBSERVATION | F31: TOTALS | H31: SUCCESSFUL | I31: MARKED CLEANED PRIOR BY DHS | J31: NEGATIVE OBSERVATION | K31: TOTALS | M31: SUCCESSFUL | N31: MARKED CLEANED PRIOR BY DHS | O31: NEGATIVE OBSERVATION | P31: TOTALS | R31: SUCCESSFUL | S31: MARKED CLEANED PRIOR BY DHS | T31: NEGATIVE OBSERVATION | U31: TOTALS | W31: SUCCESSFUL | X31: MARKED CLEANED PRIOR BY DHS | Y31: NEGATIVE OBSERVATION | Z31: TOTALS
B32: ALPHABET CITY | C32: =COUNTIFS(#REF!, 'Breakdown by City Neighborhood'!$B32,#REF!, "PBMS",#REF!, $C$30,#REF!, 'Breakdown by City Neighborhood'!C$31)+COUNTIFS(#REF!, 'Breakdown by City Neighborhood'!$B32,#REF!, "PBMN",#REF!, $C$30,#REF!, 'Breakdown by City Neighborhood'!C$31) -> #REF! | D32: =COUNTIFS(#REF!, 'Breakdown by City Neighborhood'!$B32,#REF!, "PBMS",#REF!, $C$30,#REF!, 'Breakdown by City Neighborhood'!D$31)+COUNTIFS(#REF!, 'Breakdown by City Neighborhood'!$B32,#REF!, "PBMN",#REF!, $C$30,#REF!, 'Breakdown by City Neighborhood'!D$31) -> #REF! | E32: =COUNTIFS(#REF!, 'Breakdown by City Neighborhood'!$B32,#REF!, "PBMS",#REF!, $C$30,#REF!, 'Breakdown by City Neighborhood'!E$31)+COUNTIFS(#REF!, 'Breakdown by City Neighborhood'!$B32,#REF!, "PBMN",#REF!, $C$30,#REF!, 'Breakdown by City Neighborhood'!E$31) -> #REF! | F32: =C32+D32+E32 -> #REF! | H32: =COUNTIFS(#REF!, 'Breakdown by City Neighborhood'!$B32,#REF!, "PBMS",#REF!, $H$30,#REF!, 'Breakdown by City Neighborhood'!H$31)+COUNTIFS(#REF!, 'Breakdown by City Neighborhood'!$B32,#REF!, "PBMN",#REF!, $H$30,#REF!, 'Breakdown by City Neighborhood'!H$31) -> #REF! | I32: =COUNTIFS(#REF!, 'Breakdown by City Neighborhood'!$B32,#REF!, "PBMS",#REF!, $H$30,#REF!, 'Breakdown by City Neighborhood'!I$31)+COUNTIFS(#REF!, 'Breakdown by City Neighborhood'!$B32,#REF!, "PBMN",#REF!, $H$30,#REF!, 'Breakdown by City Neighborhood'!I$31) -> #REF! | J32: =COUNTIFS(#REF!, 'Breakdown by City Neighborhood'!$B32,#REF!, "PBMS",#REF!, $H$30,#REF!, 'Breakdown by City Neighborhood'!J$31)+COUNTIFS(#REF!, 'Breakdown by City Neighborhood'!$B32,#REF!, "PBMN",#REF!, $H$30,#REF!, 'Breakdown by City Neighborhood'!J$31) -> #REF! | K32: =H32+I32+J32 -> #REF! | M32: =COUNTIFS(#REF!, 'Breakdown by City Neighborhood'!$B32,#REF!, "PBMS",#REF!, $M$30,#REF!, 'Breakdown by City Neighborhood'!M$31)+COUNTIFS(#REF!, 'Breakdown by City Neighborhood'!$B32,#REF!, "PBMN",#REF!, $M$30,#REF!, 'Breakdown by City Neighborhood'!M$31) -> #REF! | N32: =COUNTIFS(#REF!, 'Breakdown by City Neighborhood'!$B32,#REF!, "PBMS",#REF!, $M$30,#REF!, 'Breakdown by City Neighborhood'!N$31)+COUNTIFS(#REF!, 'Breakdown by City Neighborhood'!$B32,#REF!, "PBMN",#REF!, $M$30,#REF!, 'Breakdown by City Neighborhood'!N$31) -> #REF! | O32: =COUNTIFS(#REF!, 'Breakdown by City Neighborhood'!$B32,#REF!, "PBMS",#REF!, $M$30,#REF!, 'Breakdown by City Neighborhood'!O$31)+COUNTIFS(#REF!, 'Breakdown by City Neighborhood'!$B32,#REF!, "PBMN",#REF!, $M$30,#REF!, 'Breakdown by City Neighborhood'!O$31) -> #REF! | P32: =M32+N32+O32 -> #REF! | R32: =COUNTIFS(#REF!, 'Breakdown by City Neighborhood'!$B32,#REF!, "PBMS",#REF!, $R$30,#REF!, 'Breakdown by City Neighborhood'!R$31)+COUNTIFS(#REF!, 'Breakdown by City Neighborhood'!$B32,#REF!, "PBMN",#REF!, $R$30,#REF!, 'Breakdown by City Neighborhood'!R$31) -> #REF! | S32: =COUNTIFS(#REF!, 'Breakdown by City Neighborhood'!$B32,#REF!, "PBMS",#REF!, $R$30,#REF!, 'Breakdown by City Neighborhood'!S$31)+COUNTIFS(#REF!, 'Breakdown by City Neighborhood'!$B32,#REF!, "PBMN",#REF!, $R$30,#REF!, 'Breakdown by City Neighborhood'!S$31) -> #REF! | T32: =COUNTIFS(#REF!, 'Breakdown by City Neighborhood'!$B32,#REF!, "PBMS",#REF!, $R$30,#REF!, 'Breakdown by City Neighborhood'!T$31)+COUNTIFS(#REF!, 'Breakdown by City Neighborhood'!$B32,#REF!, "PBMN",#REF!, $R$30,#REF!, 'Breakdown by City Neighborhood'!T$31) -> #REF! | U32: =SUM(R32:T32) -> #REF! | W32: =C32+H32+M32+R32 -> #REF! | X32: =D32+I32+N32+S32 -> #REF! | Y32: =E32+J32+O32+T32 -> #REF! | Z32: =W32+X32+Y32 -> #REF!
B33: BATTERY PARK CITY | C33: =COUNTIFS(#REF!, 'Breakdown by City Neighborhood'!$B33,#REF!, "PBMS",#REF!, $C$30,#REF!, 'Breakdown by City Neighborhood'!C$31)+COUNTIFS(#REF!, 'Breakdown by City Neighborhood'!$B33,#REF!, "PBMN",#REF!, $C$30,#REF!, 'Breakdown by City Neighborhood'!C$31) -> #REF! | D33: =COUNTIFS(#REF!, 'Breakdown by City Neighborhood'!$B33,#REF!, "PBMS",#REF!, $C$30,#REF!, 'Breakdown by City Neighborhood'!D$31)+COUNTIFS(#REF!, 'Breakdown by City Neighborhood'!$B33,#REF!, "PBMN",#REF!, $C$30,#REF!, 'Breakdown by City Neighborhood'!D$31) -> #REF! | E33: =COUNTIFS(#REF!, 'Breakdown by City Neighborhood'!$B33,#REF!, "PBMS",#REF!, $C$30,#REF!, 'Breakdown by City Neighborhood'!E$31)+COUNTIFS(#REF!, 'Breakdown by City Neighborhood'!$B33,#REF!, "PBMN",#REF!, $C$30,#REF!, 'Breakdown by City Neighborhood'!E$31) -> #REF! | F33: =C33+D33+E33 -> #REF! | H33: =COUNTIFS(#REF!, 'Breakdown by City Neighborhood'!$B33,#REF!, "PBMS",#REF!, $H$30,#REF!, 'Breakdown by City Neighborhood'!H$31)+COUNTIFS(#REF!, 'Breakdown by City Neighborhood'!$B33,#REF!, "PBMN",#REF!, $H$30,#REF!, 'Breakdown by City Neighborhood'!H$31) -> #REF! | I33: =COUNTIFS(#REF!, 'Breakdown by City Neighborhood'!$B33,#REF!, "PBMS",#REF!, $H$30,#REF!, 'Breakdown by City Neighborhood'!I$31)+COUNTIFS(#REF!, 'Breakdown by City Neighborhood'!$B33,#REF!, "PBMN",#REF!, $H$30,#REF!, 'Breakdown by City Neighborhood'!I$31) -> #REF! | J33: =COUNTIFS(#REF!, 'Breakdown by City Neighborhood'!$B33,#REF!, "PBMS",#REF!, $H$30,#REF!, 'Breakdown by City Neighborhood'!J$31)+COUNTIFS(#REF!, 'Breakdown by City Neighborhood'!$B33,#REF!, "PBMN",#REF!, $H$30,#REF!, 'Breakdown by City Neighborhood'!J$31) -> #REF! | K33: =H33+I33+J33 -> #REF! | M33: =COUNTIFS(#REF!, 'Breakdown by City Neighborhood'!$B33,#REF!, "PBMS",#REF!, $M$30,#REF!, 'Breakdown by City Neighborhood'!M$31)+COUNTIFS(#REF!, 'Breakdown by City Neighborhood'!$B33,#REF!, "PBMN",#REF!, $M$30,#REF!, 'Breakdown by City Neighborhood'!M$31) -> #REF! | N33: =COUNTIFS(#REF!, 'Breakdown by City Neighborhood'!$B33,#REF!, "PBMS",#REF!, $M$30,#REF!, 'Breakdown by City Neighborhood'!N$31)+COUNTIFS(#REF!, 'Breakdown by City Neighborhood'!$B33,#REF!, "PBMN",#REF!, $M$30,#REF!, 'Breakdown by City Neighborhood'!N$31) -> #REF! | O33: =COUNTIFS(#REF!, 'Breakdown by City Neighborhood'!$B33,#REF!, "PBMS",#REF!, $M$30,#REF!, 'Breakdown by City Neighborhood'!O$31)+COUNTIFS(#REF!, 'Breakdown by City Neighborhood'!$B33,#REF!, "PBMN",#REF!, $M$30,#REF!, 'Breakdown by City Neighborhood'!O$31) -> #REF! | P33: =M33+N33+O33 -> #REF! | R33: =COUNTIFS(#REF!, 'Breakdown by City Neighborhood'!$B33,#REF!, "PBMS",#REF!, $R$30,#REF!, 'Breakdown by City Neighborhood'!R$31)+COUNTIFS(#REF!, 'Breakdown by City Neighborhood'!$B33,#REF!, "PBMN",#REF!, $R$30,#REF!, 'Breakdown by City Neighborhood'!R$31) -> #REF! | S33: =COUNTIFS(#REF!, 'Breakdown by City Neighborhood'!$B33,#REF!, "PBMS",#REF!, $R$30,#REF!, 'Breakdown by City Neighborhood'!S$31)+COUNTIFS(#REF!, 'Breakdown by City Neighborhood'!$B33,#REF!, "PBMN",#REF!, $R$30,#REF!, 'Breakdown by City Neighborhood'!S$31) -> #REF! | T33: =COUNTIFS(#REF!, 'Breakdown by City Neighborhood'!$B33,#REF!, "PBMS",#REF!, $R$30,#REF!, 'Breakdown by City Neighborhood'!T$31)+COUNTIFS(#REF!, 'Breakdown by City Neighborhood'!$B33,#REF!, "PBMN",#REF!, $R$30,#REF!, 'Breakdown by City Neighborhood'!T$31) -> #REF! | U33: =SUM(R33:T33) -> #REF! | W33: =C33+H33+M33+R33 -> #REF! | X33: =D33+I33+N33+S33 -> #REF! | Y33: =E33+J33+O33+T33 -> #REF! | Z33: =W33+X33+Y33 -> #REF!
B34: BLOOMINGDALE DISTRICT | C34: =COUNTIFS(#REF!, 'Breakdown by City Neighborhood'!$B34,#REF!, "PBMS",#REF!, $C$30,#REF!, 'Breakdown by City Neighborhood'!C$31)+COUNTIFS(#REF!, 'Breakdown by City Neighborhood'!$B34,#REF!, "PBMN",#REF!, $C$30,#REF!, 'Breakdown by City Neighborhood'!C$31) -> #REF! | D34: =COUNTIFS(#REF!, 'Breakdown by City Neighborhood'!$B34,#REF!, "PBMS",#REF!, $C$30,#REF!, 'Breakdown by City Neighborhood'!D$31)+COUNTIFS(#REF!, 'Breakdown by City Neighborhood'!$B34,#REF!, "PBMN",#REF!, $C$30,#REF!, 'Breakdown by City Neighborhood'!D$31) -> #REF! | E34: =COUNTIFS(#REF!, 'Breakdown by City Neighborhood'!$B34,#REF!, "PBMS",#REF!, $C$30,#REF!, 'Breakdown by City Neighborhood'!E$31)+COUNTIFS(#REF!, 'Breakdown by City Neighborhood'!$B34,#REF!, "PBMN",#REF!, $C$30,#REF!, 'Breakdown by City Neighborhood'!E$31) -> #REF! | F34: =C34+D34+E34 -> #REF! | H34: =COUNTIFS(#REF!, 'Breakdown by City Neighborhood'!$B34,#REF!, "PBMS",#REF!, $H$30,#REF!, 'Breakdown by City Neighborhood'!H$31)+COUNTIFS(#REF!, 'Breakdown by City Neighborhood'!$B34,#REF!, "PBMN",#REF!, $H$30,#REF!, 'Breakdown by City Neighborhood'!H$31) -> #REF! | I34: =COUNTIFS(#REF!, 'Breakdown by City Neighborhood'!$B34,#REF!, "PBMS",#REF!, $H$30,#REF!, 'Breakdown by City Neighborhood'!I$31)+COUNTIFS(#REF!, 'Breakdown by City Neighborhood'!$B34,#REF!, "PBMN",#REF!, $H$30,#REF!, 'Breakdown by City Neighborhood'!I$31) -> #REF! | J34: =COUNTIFS(#REF!, 'Breakdown by City Neighborhood'!$B34,#REF!, "PBMS",#REF!, $H$30,#REF!, 'Breakdown by City Neighborhood'!J$31)+COUNTIFS(#REF!, 'Breakdown by City Neighborhood'!$B34,#REF!, "PBMN",#REF!, $H$30,#REF!, 'Breakdown by City Neighborhood'!J$31) -> #REF! | K34: =H34+I34+J34 -> #REF! | M34: =COUNTIFS(#REF!, 'Breakdown by City Neighborhood'!$B34,#REF!, "PBMS",#REF!, $M$30,#REF!, 'Breakdown by City Neighborhood'!M$31)+COUNTIFS(#REF!, 'Breakdown by City Neighborhood'!$B34,#REF!, "PBMN",#REF!, $M$30,#REF!, 'Breakdown by City Neighborhood'!M$31) -> #REF! | N34: =COUNTIFS(#REF!, 'Breakdown by City Neighborhood'!$B34,#REF!, "PBMS",#REF!, $M$30,#REF!, 'Breakdown by City Neighborhood'!N$31)+COUNTIFS(#REF!, 'Breakdown by City Neighborhood'!$B34,#REF!, "PBMN",#REF!, $M$30,#REF!, 'Breakdown by City Neighborhood'!N$31) -> #REF! | O34: =COUNTIFS(#REF!, 'Breakdown by City Neighborhood'!$B34,#REF!, "PBMS",#REF!, $M$30,#REF!, 'Breakdown by City Neighborhood'!O$31)+COUNTIFS(#REF!, 'Breakdown by City Neighborhood'!$B34,#REF!, "PBMN",#REF!, $M$30,#REF!, 'Breakdown by City Neighborhood'!O$31) -> #REF! | P34: =M34+N34+O34 -> #REF! | R34: =COUNTIFS(#REF!, 'Breakdown by City Neighborhood'!$B34,#REF!, "PBMS",#REF!, $R$30,#REF!, 'Breakdown by City Neighborhood'!R$31)+COUNTIFS(#REF!, 'Breakdown by City Neighborhood'!$B34,#REF!, "PBMN",#REF!, $R$30,#REF!, 'Breakdown by City Neighborhood'!R$31) -> #REF! | S34: =COUNTIFS(#REF!, 'Breakdown by City Neighborhood'!$B34,#REF!, "PBMS",#REF!, $R$30,#REF!, 'Breakdown by City Neighborhood'!S$31)+COUNTIFS(#REF!, 'Breakdown by City Neighborhood'!$B34,#REF!, "PBMN",#REF!, $R$30,#REF!, 'Breakdown by City Neighborhood'!S$31) -> #REF! | T34: =COUNTIFS(#REF!, 'Breakdown by City Neighborhood'!$B34,#REF!, "PBMS",#REF!, $R$30,#REF!, 'Breakdown by City Neighborhood'!T$31)+COUNTIFS(#REF!, 'Breakdown by City Neighborhood'!$B34,#REF!, "PBMN",#REF!, $R$30,#REF!, 'Breakdown by City Neighborhood'!T$31) -> #REF! | U34: =SUM(R34:T34) -> #REF! | W34: =C34+H34+M34+R34 -> #REF! | X34: =D34+I34+N34+S34 -> #REF! | Y34: =E34+J34+O34+T34 -> #REF! | Z34: =W34+X34+Y34 -> #REF!
B35: BOWERY | C35: =COUNTIFS(#REF!, 'Breakdown by City Neighborhood'!$B35,#REF!, "PBMS",#REF!, $C$30,#REF!, 'Breakdown by City Neighborhood'!C$31)+COUNTIFS(#REF!, 'Breakdown by City Neighborhood'!$B35,#REF!, "PBMN",#REF!, $C$30,#REF!, 'Breakdown by City Neighborhood'!C$31) -> #REF! | D35: =COUNTIFS(#REF!, 'Breakdown by City Neighborhood'!$B35,#REF!, "PBMS",#REF!, $C$30,#REF!, 'Breakdown by City Neighborhood'!D$31)+COUNTIFS(#REF!, 'Breakdown by City Neighborhood'!$B35,#REF!, "PBMN",#REF!, $C$30,#REF!, 'Breakdown by City Neighborhood'!D$31) -> #REF! | E35: =COUNTIFS(#REF!, 'Breakdown by City Neighborhood'!$B35,#REF!, "PBMS",#REF!, $C$30,#REF!, 'Breakdown by City Neighborhood'!E$31)+COUNTIFS(#REF!, 'Breakdown by City Neighborhood'!$B35,#REF!, "PBMN",#REF!, $C$30,#REF!, 'Breakdown by City Neighborhood'!E$31) -> #REF! | F35: =C35+D35+E35 -> #REF! | H35: =COUNTIFS(#REF!, 'Breakdown by City Neighborhood'!$B35,#REF!, "PBMS",#REF!, $H$30,#REF!, 'Breakdown by City Neighborhood'!H$31)+COUNTIFS(#REF!, 'Breakdown by City Neighborhood'!$B35,#REF!, "PBMN",#REF!, $H$30,#REF!, 'Breakdown by City Neighborhood'!H$31) -> #REF! | I35: =COUNTIFS(#REF!, 'Breakdown by City Neighborhood'!$B35,#REF!, "PBMS",#REF!, $H$30,#REF!, 'Breakdown by City Neighborhood'!I$31)+COUNTIFS(#REF!, 'Breakdown by City Neighborhood'!$B35,#REF!, "PBMN",#REF!, $H$30,#REF!, 'Breakdown by City Neighborhood'!I$31) -> #REF! | J35: =COUNTIFS(#REF!, 'Breakdown by City Neighborhood'!$B35,#REF!, "PBMS",#REF!, $H$30,#REF!, 'Breakdown by City Neighborhood'!J$31)+COUNTIFS(#REF!, 'Breakdown by City Neighborhood'!$B35,#REF!, "PBMN",#REF!, $H$30,#REF!, 'Breakdown by City Neighborhood'!J$31) -> #REF! | K35: =H35+I35+J35 -> #REF! | M35: =COUNTIFS(#REF!, 'Breakdown by City Neighborhood'!$B35,#REF!, "PBMS",#REF!, $M$30,#REF!, 'Breakdown by City Neighborhood'!M$31)+COUNTIFS(#REF!, 'Breakdown by City Neighborhood'!$B35,#REF!, "PBMN",#REF!, $M$30,#REF!, 'Breakdown by City Neighborhood'!M$31) -> #REF! | N35: =COUNTIFS(#REF!, 'Breakdown by City Neighborhood'!$B35,#REF!, "PBMS",#REF!, $M$30,#REF!, 'Breakdown by City Neighborhood'!N$31)+COUNTIFS(#REF!, 'Breakdown by City Neighborhood'!$B35,#REF!, "PBMN",#REF!, $M$30,#REF!, 'Breakdown by City Neighborhood'!N$31) -> #REF! | O35: =COUNTIFS(#REF!, 'Breakdown by City Neighborhood'!$B35,#REF!, "PBMS",#REF!, $M$30,#REF!, 'Breakdown by City Neighborhood'!O$31)+COUNTIFS(#REF!, 'Breakdown by City Neighborhood'!$B35,#REF!, "PBMN",#REF!, $M$30,#REF!, 'Breakdown by City Neighborhood'!O$31) -> #REF! | P35: =M35+N35+O35 -> #REF! | R35: =COUNTIFS(#REF!, 'Breakdown by City Neighborhood'!$B35,#REF!, "PBMS",#REF!, $R$30,#REF!, 'Breakdown by City Neighborhood'!R$31)+COUNTIFS(#REF!, 'Breakdown by City Neighborhood'!$B35,#REF!, "PBMN",#REF!, $R$30,#REF!, 'Breakdown by City Neighborhood'!R$31) -> #REF! | S35: =COUNTIFS(#REF!, 'Breakdown by City Neighborhood'!$B35,#REF!, "PBMS",#REF!, $R$30,#REF!, 'Breakdown by City Neighborhood'!S$31)+COUNTIFS(#REF!, 'Breakdown by City Neighborhood'!$B35,#REF!, "PBMN",#REF!, $R$30,#REF!, 'Breakdown by City Neighborhood'!S$31) -> #REF! | T35: =COUNTIFS(#REF!, 'Breakdown by City Neighborhood'!$B35,#REF!, "PBMS",#REF!, $R$30,#REF!, 'Breakdown by City Neighborhood'!T$31)+COUNTIFS(#REF!, 'Breakdown by City Neighborhood'!$B35,#REF!, "PBMN",#REF!, $R$30,#REF!, 'Breakdown by City Neighborhood'!T$31) -> #REF! | U35: =SUM(R35:T35) -> #REF! | W35: =C35+H35+M35+R35 -> #REF! | X35: =D35+I35+N35+S35 -> #REF! | Y35: =E35+J35+O35+T35 -> #REF! | Z35: =W35+X35+Y35 -> #REF!
B36: CARNEGIE HILL | C36: =COUNTIFS(#REF!, 'Breakdown by City Neighborhood'!$B36,#REF!, "PBMS",#REF!, $C$30,#REF!, 'Breakdown by City Neighborhood'!C$31)+COUNTIFS(#REF!, 'Breakdown by City Neighborhood'!$B36,#REF!, "PBMN",#REF!, $C$30,#REF!, 'Breakdown by City Neighborhood'!C$31) -> #REF! | D36: =COUNTIFS(#REF!, 'Breakdown by City Neighborhood'!$B36,#REF!, "PBMS",#REF!, $C$30,#REF!, 'Breakdown by City Neighborhood'!D$31)+COUNTIFS(#REF!, 'Breakdown by City Neighborhood'!$B36,#REF!, "PBMN",#REF!, $C$30,#REF!, 'Breakdown by City Neighborhood'!D$31) -> #REF! | E36: =COUNTIFS(#REF!, 'Breakdown by City Neighborhood'!$B36,#REF!, "PBMS",#REF!, $C$30,#REF!, 'Breakdown by City Neighborhood'!E$31)+COUNTIFS(#REF!, 'Breakdown by City Neighborhood'!$B36,#REF!, "PBMN",#REF!, $C$30,#REF!, 'Breakdown by City Neighborhood'!E$31) -> #REF! | F36: =C36+D36+E36 -> #REF! | H36: =COUNTIFS(#REF!, 'Breakdown by City Neighborhood'!$B36,#REF!, "PBMS",#REF!, $H$30,#REF!, 'Breakdown by City Neighborhood'!H$31)+COUNTIFS(#REF!, 'Breakdown by City Neighborhood'!$B36,#REF!, "PBMN",#REF!, $H$30,#REF!, 'Breakdown by City Neighborhood'!H$31) -> #REF! | I36: =COUNTIFS(#REF!, 'Breakdown by City Neighborhood'!$B36,#REF!, "PBMS",#REF!, $H$30,#REF!, 'Breakdown by City Neighborhood'!I$31)+COUNTIFS(#REF!, 'Breakdown by City Neighborhood'!$B36,#REF!, "PBMN",#REF!, $H$30,#REF!, 'Breakdown by City Neighborhood'!I$31) -> #REF! | J36: =COUNTIFS(#REF!, 'Breakdown by City Neighborhood'!$B36,#REF!, "PBMS",#REF!, $H$30,#REF!, 'Breakdown by City Neighborhood'!J$31)+COUNTIFS(#REF!, 'Breakdown by City Neighborhood'!$B36,#REF!, "PBMN",#REF!, $H$30,#REF!, 'Breakdown by City Neighborhood'!J$31) -> #REF! | K36: =H36+I36+J36 -> #REF! | M36: =COUNTIFS(#REF!, 'Breakdown by City Neighborhood'!$B36,#REF!, "PBMS",#REF!, $M$30,#REF!, 'Breakdown by City Neighborhood'!M$31)+COUNTIFS(#REF!, 'Breakdown by City Neighborhood'!$B36,#REF!, "PBMN",#REF!, $M$30,#REF!, 'Breakdown by City Neighborhood'!M$31) -> #REF! | N36: =COUNTIFS(#REF!, 'Breakdown by City Neighborhood'!$B36,#REF!, "PBMS",#REF!, $M$30,#REF!, 'Breakdown by City Neighborhood'!N$31)+COUNTIFS(#REF!, 'Breakdown by City Neighborhood'!$B36,#REF!, "PBMN",#REF!, $M$30,#REF!, 'Breakdown by City Neighborhood'!N$31) -> #REF! | O36: =COUNTIFS(#REF!, 'Breakdown by City Neighborhood'!$B36,#REF!, "PBMS",#REF!, $M$30,#REF!, 'Breakdown by City Neighborhood'!O$31)+COUNTIFS(#REF!, 'Breakdown by City Neighborhood'!$B36,#REF!, "PBMN",#REF!, $M$30,#REF!, 'Breakdown by City Neighborhood'!O$31) -> #REF! | P36: =M36+N36+O36 -> #REF! | R36: =COUNTIFS(#REF!, 'Breakdown by City Neighborhood'!$B36,#REF!, "PBMS",#REF!, $R$30,#REF!, 'Breakdown by City Neighborhood'!R$31)+COUNTIFS(#REF!, 'Breakdown by City Neighborhood'!$B36,#REF!, "PBMN",#REF!, $R$30,#REF!, 'Breakdown by City Neighborhood'!R$31) -> #REF! | S36: =COUNTIFS(#REF!, 'Breakdown by City Neighborhood'!$B36,#REF!, "PBMS",#REF!, $R$30,#REF!, 'Breakdown by City Neighborhood'!S$31)+COUNTIFS(#REF!, 'Breakdown by City Neighborhood'!$B36,#REF!, "PBMN",#REF!, $R$30,#REF!, 'Breakdown by City Neighborhood'!S$31) -> #REF! | T36: =COUNTIFS(#REF!, 'Breakdown by City Neighborhood'!$B36,#REF!, "PBMS",#REF!, $R$30,#REF!, 'Breakdown by City Neighborhood'!T$31)+COUNTIFS(#REF!, 'Breakdown by City Neighborhood'!$B36,#REF!, "PBMN",#REF!, $R$30,#REF!, 'Breakdown by City Neighborhood'!T$31) -> #REF! | U36: =SUM(R36:T36) -> #REF! | W36: =C36+H36+M36+R36 -> #REF! | X36: =D36+I36+N36+S36 -> #REF! | Y36: =E36+J36+O36+T36 -> #REF! | Z36: =W36+X36+Y36 -> #REF!
B37: CENTRAL PARK | C37: =COUNTIFS(#REF!, 'Breakdown by City Neighborhood'!$B37,#REF!, "PBMS",#REF!, $C$30,#REF!, 'Breakdown by City Neighborhood'!C$31)+COUNTIFS(#REF!, 'Breakdown by City Neighborhood'!$B37,#REF!, "PBMN",#REF!, $C$30,#REF!, 'Breakdown by City Neighborhood'!C$31) -> #REF! | D37: =COUNTIFS(#REF!, 'Breakdown by City Neighborhood'!$B37,#REF!, "PBMS",#REF!, $C$30,#REF!, 'Breakdown by City Neighborhood'!D$31)+COUNTIFS(#REF!, 'Breakdown by City Neighborhood'!$B37,#REF!, "PBMN",#REF!, $C$30,#REF!, 'Breakdown by City Neighborhood'!D$31) -> #REF! | E37: =COUNTIFS(#REF!, 'Breakdown by City Neighborhood'!$B37,#REF!, "PBMS",#REF!, $C$30,#REF!, 'Breakdown by City Neighborhood'!E$31)+COUNTIFS(#REF!, 'Breakdown by City Neighborhood'!$B37,#REF!, "PBMN",#REF!, $C$30,#REF!, 'Breakdown by City Neighborhood'!E$31) -> #REF! | F37: =C37+D37+E37 -> #REF! | H37: =COUNTIFS(#REF!, 'Breakdown by City Neighborhood'!$B37,#REF!, "PBMS",#REF!, $H$30,#REF!, 'Breakdown by City Neighborhood'!H$31)+COUNTIFS(#REF!, 'Breakdown by City Neighborhood'!$B37,#REF!, "PBMN",#REF!, $H$30,#REF!, 'Breakdown by City Neighborhood'!H$31) -> #REF! | I37: =COUNTIFS(#REF!, 'Breakdown by City Neighborhood'!$B37,#REF!, "PBMS",#REF!, $H$30,#REF!, 'Breakdown by City Neighborhood'!I$31)+COUNTIFS(#REF!, 'Breakdown by City Neighborhood'!$B37,#REF!, "PBMN",#REF!, $H$30,#REF!, 'Breakdown by City Neighborhood'!I$31) -> #REF! | J37: =COUNTIFS(#REF!, 'Breakdown by City Neighborhood'!$B37,#REF!, "PBMS",#REF!, $H$30,#REF!, 'Breakdown by City Neighborhood'!J$31)+COUNTIFS(#REF!, 'Breakdown by City Neighborhood'!$B37,#REF!, "PBMN",#REF!, $H$30,#REF!, 'Breakdown by City Neighborhood'!J$31) -> #REF! | K37: =H37+I37+J37 -> #REF! | M37: =COUNTIFS(#REF!, 'Breakdown by City Neighborhood'!$B37,#REF!, "PBMS",#REF!, $M$30,#REF!, 'Breakdown by City Neighborhood'!M$31)+COUNTIFS(#REF!, 'Breakdown by City Neighborhood'!$B37,#REF!, "PBMN",#REF!, $M$30,#REF!, 'Breakdown by City Neighborhood'!M$31) -> #REF! | N37: =COUNTIFS(#REF!, 'Breakdown by City Neighborhood'!$B37,#REF!, "PBMS",#REF!, $M$30,#REF!, 'Breakdown by City Neighborhood'!N$31)+COUNTIFS(#REF!, 'Breakdown by City Neighborhood'!$B37,#REF!, "PBMN",#REF!, $M$30,#REF!, 'Breakdown by City Neighborhood'!N$31) -> #REF! | O37: =COUNTIFS(#REF!, 'Breakdown by City Neighborhood'!$B37,#REF!, "PBMS",#REF!, $M$30,#REF!, 'Breakdown by City Neighborhood'!O$31)+COUNTIFS(#REF!, 'Breakdown by City Neighborhood'!$B37,#REF!, "PBMN",#REF!, $M$30,#REF!, 'Breakdown by City Neighborhood'!O$31) -> #REF! | P37: =M37+N37+O37 -> #REF! | R37: =COUNTIFS(#REF!, 'Breakdown by City Neighborhood'!$B37,#REF!, "PBMS",#REF!, $R$30,#REF!, 'Breakdown by City Neighborhood'!R$31)+COUNTIFS(#REF!, 'Breakdown by City Neighborhood'!$B37,#REF!, "PBMN",#REF!, $R$30,#REF!, 'Breakdown by City Neighborhood'!R$31) -> #REF! | S37: =COUNTIFS(#REF!, 'Breakdown by City Neighborhood'!$B37,#REF!, "PBMS",#REF!, $R$30,#REF!, 'Breakdown by City Neighborhood'!S$31)+COUNTIFS(#REF!, 'Breakdown by City Neighborhood'!$B37,#REF!, "PBMN",#REF!, $R$30,#REF!, 'Breakdown by City Neighborhood'!S$31) -> #REF! | T37: =COUNTIFS(#REF!, 'Breakdown by City Neighborhood'!$B37,#REF!, "PBMS",#REF!, $R$30,#REF!, 'Breakdown by City Neighborhood'!T$31)+COUNTIFS(#REF!, 'Breakdown by City Neighborhood'!$B37,#REF!, "PBMN",#REF!, $R$30,#REF!, 'Breakdown by City Neighborhood'!T$31) -> #REF! | U37: =SUM(R37:T37) -> #REF! | W37: =C37+H37+M37+R37 -> #REF! | X37: =D37+I37+N37+S37 -> #REF! | Y37: =E37+J37+O37+T37 -> #REF! | Z37: =W37+X37+Y37 -> #REF!
B38: CHELSEA | C38: =COUNTIFS(#REF!, 'Breakdown by City Neighborhood'!$B38,#REF!, "PBMS",#REF!, $C$30,#REF!, 'Breakdown by City Neighborhood'!C$31)+COUNTIFS(#REF!, 'Breakdown by City Neighborhood'!$B38,#REF!, "PBMN",#REF!, $C$30,#REF!, 'Breakdown by City Neighborhood'!C$31) -> #REF! | D38: =COUNTIFS(#REF!, 'Breakdown by City Neighborhood'!$B38,#REF!, "PBMS",#REF!, $C$30,#REF!, 'Breakdown by City Neighborhood'!D$31)+COUNTIFS(#REF!, 'Breakdown by City Neighborhood'!$B38,#REF!, "PBMN",#REF!, $C$30,#REF!, 'Breakdown by City Neighborhood'!D$31) -> #REF! | E38: =COUNTIFS(#REF!, 'Breakdown by City Neighborhood'!$B38,#REF!, "PBMS",#REF!, $C$30,#REF!, 'Breakdown by City Neighborhood'!E$31)+COUNTIFS(#REF!, 'Breakdown by City Neighborhood'!$B38,#REF!, "PBMN",#REF!, $C$30,#REF!, 'Breakdown by City Neighborhood'!E$31) -> #REF! | F38: =C38+D38+E38 -> #REF! | H38: =COUNTIFS(#REF!, 'Breakdown by City Neighborhood'!$B38,#REF!, "PBMS",#REF!, $H$30,#REF!, 'Breakdown by City Neighborhood'!H$31)+COUNTIFS(#REF!, 'Breakdown by City Neighborhood'!$B38,#REF!, "PBMN",#REF!, $H$30,#REF!, 'Breakdown by City Neighborhood'!H$31) -> #REF! | I38: =COUNTIFS(#REF!, 'Breakdown by City Neighborhood'!$B38,#REF!, "PBMS",#REF!, $H$30,#REF!, 'Breakdown by City Neighborhood'!I$31)+COUNTIFS(#REF!, 'Breakdown by City Neighborhood'!$B38,#REF!, "PBMN",#REF!, $H$30,#REF!, 'Breakdown by City Neighborhood'!I$31) -> #REF! | J38: =COUNTIFS(#REF!, 'Breakdown by City Neighborhood'!$B38,#REF!, "PBMS",#REF!, $H$30,#REF!, 'Breakdown by City Neighborhood'!J$31)+COUNTIFS(#REF!, 'Breakdown by City Neighborhood'!$B38,#REF!, "PBMN",#REF!, $H$30,#REF!, 'Breakdown by City Neighborhood'!J$31) -> #REF! | K38: =H38+I38+J38 -> #REF! | M38: =COUNTIFS(#REF!, 'Breakdown by City Neighborhood'!$B38,#REF!, "PBMS",#REF!, $M$30,#REF!, 'Breakdown by City Neighborhood'!M$31)+COUNTIFS(#REF!, 'Breakdown by City Neighborhood'!$B38,#REF!, "PBMN",#REF!, $M$30,#REF!, 'Breakdown by City Neighborhood'!M$31) -> #REF! | N38: =COUNTIFS(#REF!, 'Breakdown by City Neighborhood'!$B38,#REF!, "PBMS",#REF!, $M$30,#REF!, 'Breakdown by City Neighborhood'!N$31)+COUNTIFS(#REF!, 'Breakdown by City Neighborhood'!$B38,#REF!, "PBMN",#REF!, $M$30,#REF!, 'Breakdown by City Neighborhood'!N$31) -> #REF! | O38: =COUNTIFS(#REF!, 'Breakdown by City Neighborhood'!$B38,#REF!, "PBMS",#REF!, $M$30,#REF!, 'Breakdown by City Neighborhood'!O$31)+COUNTIFS(#REF!, 'Breakdown by City Neighborhood'!$B38,#REF!, "PBMN",#REF!, $M$30,#REF!, 'Breakdown by City Neighborhood'!O$31) -> #REF! | P38: =M38+N38+O38 -> #REF! | R38: =COUNTIFS(#REF!, 'Breakdown by City Neighborhood'!$B38,#REF!, "PBMS",#REF!, $R$30,#REF!, 'Breakdown by City Neighborhood'!R$31)+COUNTIFS(#REF!, 'Breakdown by City Neighborhood'!$B38,#REF!, "PBMN",#REF!, $R$30,#REF!, 'Breakdown by City Neighborhood'!R$31) -> #REF! | S38: =COUNTIFS(#REF!, 'Breakdown by City Neighborhood'!$B38,#REF!, "PBMS",#REF!, $R$30,#REF!, 'Breakdown by City Neighborhood'!S$31)+COUNTIFS(#REF!, 'Breakdown by City Neighborhood'!$B38,#REF!, "PBMN",#REF!, $R$30,#REF!, 'Breakdown by City Neighborhood'!S$31) -> #REF! | T38: =COUNTIFS(#REF!, 'Breakdown by City Neighborhood'!$B38,#REF!, "PBMS",#REF!, $R$30,#REF!, 'Breakdown by City Neighborhood'!T$31)+COUNTIFS(#REF!, 'Breakdown by City Neighborhood'!$B38,#REF!, "PBMN",#REF!, $R$30,#REF!, 'Breakdown by City Neighborhood'!T$31) -> #REF! | U38: =SUM(R38:T38) -> #REF! | W38: =C38+H38+M38+R38 -> #REF! | X38: =D38+I38+N38+S38 -> #REF! | Y38: =E38+J38+O38+T38 -> #REF! | Z38: =W38+X38+Y38 -> #REF!
B39: CHINATOWN | C39: =COUNTIFS(#REF!, 'Breakdown by City Neighborhood'!$B39,#REF!, "PBMS",#REF!, $C$30,#REF!, 'Breakdown by City Neighborhood'!C$31)+COUNTIFS(#REF!, 'Breakdown by City Neighborhood'!$B39,#REF!, "PBMN",#REF!, $C$30,#REF!, 'Breakdown by City Neighborhood'!C$31) -> #REF! | D39: =COUNTIFS(#REF!, 'Breakdown by City Neighborhood'!$B39,#REF!, "PBMS",#REF!, $C$30,#REF!, 'Breakdown by City Neighborhood'!D$31)+COUNTIFS(#REF!, 'Breakdown by City Neighborhood'!$B39,#REF!, "PBMN",#REF!, $C$30,#REF!, 'Breakdown by City Neighborhood'!D$31) -> #REF! | E39: =COUNTIFS(#REF!, 'Breakdown by City Neighborhood'!$B39,#REF!, "PBMS",#REF!, $C$30,#REF!, 'Breakdown by City Neighborhood'!E$31)+COUNTIFS(#REF!, 'Breakdown by City Neighborhood'!$B39,#REF!, "PBMN",#REF!, $C$30,#REF!, 'Breakdown by City Neighborhood'!E$31) -> #REF! | F39: =C39+D39+E39 -> #REF! | H39: =COUNTIFS(#REF!, 'Breakdown by City Neighborhood'!$B39,#REF!, "PBMS",#REF!, $H$30,#REF!, 'Breakdown by City Neighborhood'!H$31)+COUNTIFS(#REF!, 'Breakdown by City Neighborhood'!$B39,#REF!, "PBMN",#REF!, $H$30,#REF!, 'Breakdown by City Neighborhood'!H$31) -> #REF! | I39: =COUNTIFS(#REF!, 'Breakdown by City Neighborhood'!$B39,#REF!, "PBMS",#REF!, $H$30,#REF!, 'Breakdown by City Neighborhood'!I$31)+COUNTIFS(#REF!, 'Breakdown by City Neighborhood'!$B39,#REF!, "PBMN",#REF!, $H$30,#REF!, 'Breakdown by City Neighborhood'!I$31) -> #REF! | J39: =COUNTIFS(#REF!, 'Breakdown by City Neighborhood'!$B39,#REF!, "PBMS",#REF!, $H$30,#REF!, 'Breakdown by City Neighborhood'!J$31)+COUNTIFS(#REF!, 'Breakdown by City Neighborhood'!$B39,#REF!, "PBMN",#REF!, $H$30,#REF!, 'Breakdown by City Neighborhood'!J$31) -> #REF! | K39: =H39+I39+J39 -> #REF! | M39: =COUNTIFS(#REF!, 'Breakdown by City Neighborhood'!$B39,#REF!, "PBMS",#REF!, $M$30,#REF!, 'Breakdown by City Neighborhood'!M$31)+COUNTIFS(#REF!, 'Breakdown by City Neighborhood'!$B39,#REF!, "PBMN",#REF!, $M$30,#REF!, 'Breakdown by City Neighborhood'!M$31) -> #REF! | N39: =COUNTIFS(#REF!, 'Breakdown by City Neighborhood'!$B39,#REF!, "PBMS",#REF!, $M$30,#REF!, 'Breakdown by City Neighborhood'!N$31)+COUNTIFS(#REF!, 'Breakdown by City Neighborhood'!$B39,#REF!, "PBMN",#REF!, $M$30,#REF!, 'Breakdown by City Neighborhood'!N$31) -> #REF! | O39: =COUNTIFS(#REF!, 'Breakdown by City Neighborhood'!$B39,#REF!, "PBMS",#REF!, $M$30,#REF!, 'Breakdown by City Neighborhood'!O$31)+COUNTIFS(#REF!, 'Breakdown by City Neighborhood'!$B39,#REF!, "PBMN",#REF!, $M$30,#REF!, 'Breakdown by City Neighborhood'!O$31) -> #REF! | P39: =M39+N39+O39 -> #REF! | R39: =COUNTIFS(#REF!, 'Breakdown by City Neighborhood'!$B39,#REF!, "PBMS",#REF!, $R$30,#REF!, 'Breakdown by City Neighborhood'!R$31)+COUNTIFS(#REF!, 'Breakdown by City Neighborhood'!$B39,#REF!, "PBMN",#REF!, $R$30,#REF!, 'Breakdown by City Neighborhood'!R$31) -> #REF! | S39: =COUNTIFS(#REF!, 'Breakdown by City Neighborhood'!$B39,#REF!, "PBMS",#REF!, $R$30,#REF!, 'Breakdown by City Neighborhood'!S$31)+COUNTIFS(#REF!, 'Breakdown by City Neighborhood'!$B39,#REF!, "PBMN",#REF!, $R$30,#REF!, 'Breakdown by City Neighborhood'!S$31) -> #REF! | T39: =COUNTIFS(#REF!, 'Breakdown by City Neighborhood'!$B39,#REF!, "PBMS",#REF!, $R$30,#REF!, 'Breakdown by City Neighborhood'!T$31)+COUNTIFS(#REF!, 'Breakdown by City Neighborhood'!$B39,#REF!, "PBMN",#REF!, $R$30,#REF!, 'Breakdown by City Neighborhood'!T$31) -> #REF! | U39: =SUM(R39:T39) -> #REF! | W39: =C39+H39+M39+R39 -> #REF! | X39: =D39+I39+N39+S39 -> #REF! | Y39: =E39+J39+O39+T39 -> #REF! | Z39: =W39+X39+Y39 -> #REF!
B40: CIVIC CENTER | C40: =COUNTIFS(#REF!, 'Breakdown by City Neighborhood'!$B40,#REF!, "PBMS",#REF!, $C$30,#REF!, 'Breakdown by City Neighborhood'!C$31)+COUNTIFS(#REF!, 'Breakdown by City Neighborhood'!$B40,#REF!, "PBMN",#REF!, $C$30,#REF!, 'Breakdown by City Neighborhood'!C$31) -> #REF! | D40: =COUNTIFS(#REF!, 'Breakdown by City Neighborhood'!$B40,#REF!, "PBMS",#REF!, $C$30,#REF!, 'Breakdown by City Neighborhood'!D$31)+COUNTIFS(#REF!, 'Breakdown by City Neighborhood'!$B40,#REF!, "PBMN",#REF!, $C$30,#REF!, 'Breakdown by City Neighborhood'!D$31) -> #REF! | E40: =COUNTIFS(#REF!, 'Breakdown by City Neighborhood'!$B40,#REF!, "PBMS",#REF!, $C$30,#REF!, 'Breakdown by City Neighborhood'!E$31)+COUNTIFS(#REF!, 'Breakdown by City Neighborhood'!$B40,#REF!, "PBMN",#REF!, $C$30,#REF!, 'Breakdown by City Neighborhood'!E$31) -> #REF! | F40: =C40+D40+E40 -> #REF! | H40: =COUNTIFS(#REF!, 'Breakdown by City Neighborhood'!$B40,#REF!, "PBMS",#REF!, $H$30,#REF!, 'Breakdown by City Neighborhood'!H$31)+COUNTIFS(#REF!, 'Breakdown by City Neighborhood'!$B40,#REF!, "PBMN",#REF!, $H$30,#REF!, 'Breakdown by City Neighborhood'!H$31) -> #REF! | I40: =COUNTIFS(#REF!, 'Breakdown by City Neighborhood'!$B40,#REF!, "PBMS",#REF!, $H$30,#REF!, 'Breakdown by City Neighborhood'!I$31)+COUNTIFS(#REF!, 'Breakdown by City Neighborhood'!$B40,#REF!, "PBMN",#REF!, $H$30,#REF!, 'Breakdown by City Neighborhood'!I$31) -> #REF! | J40: =COUNTIFS(#REF!, 'Breakdown by City Neighborhood'!$B40,#REF!, "PBMS",#REF!, $H$30,#REF!, 'Breakdown by City Neighborhood'!J$31)+COUNTIFS(#REF!, 'Breakdown by City Neighborhood'!$B40,#REF!, "PBMN",#REF!, $H$30,#REF!, 'Breakdown by City Neighborhood'!J$31) -> #REF! | K40: =H40+I40+J40 -> #REF! | M40: =COUNTIFS(#REF!, 'Breakdown by City Neighborhood'!$B40,#REF!, "PBMS",#REF!, $M$30,#REF!, 'Breakdown by City Neighborhood'!M$31)+COUNTIFS(#REF!, 'Breakdown by City Neighborhood'!$B40,#REF!, "PBMN",#REF!, $M$30,#REF!, 'Breakdown by City Neighborhood'!M$31) -> #REF! | N40: =COUNTIFS(#REF!, 'Breakdown by City Neighborhood'!$B40,#REF!, "PBMS",#REF!, $M$30,#REF!, 'Breakdown by City Neighborhood'!N$31)+COUNTIFS(#REF!, 'Breakdown by City Neighborhood'!$B40,#REF!, "PBMN",#REF!, $M$30,#REF!, 'Breakdown by City Neighborhood'!N$31) -> #REF! | O40: =COUNTIFS(#REF!, 'Breakdown by City Neighborhood'!$B40,#REF!, "PBMS",#REF!, $M$30,#REF!, 'Breakdown by City Neighborhood'!O$31)+COUNTIFS(#REF!, 'Breakdown by City Neighborhood'!$B40,#REF!, "PBMN",#REF!, $M$30,#REF!, 'Breakdown by City Neighborhood'!O$31) -> #REF! | P40: =M40+N40+O40 -> #REF! | R40: =COUNTIFS(#REF!, 'Breakdown by City Neighborhood'!$B40,#REF!, "PBMS",#REF!, $R$30,#REF!, 'Breakdown by City Neighborhood'!R$31)+COUNTIFS(#REF!, 'Breakdown by City Neighborhood'!$B40,#REF!, "PBMN",#REF!, $R$30,#REF!, 'Breakdown by City Neighborhood'!R$31) -> #REF! | S40: =COUNTIFS(#REF!, 'Breakdown by City Neighborhood'!$B40,#REF!, "PBMS",#REF!, $R$30,#REF!, 'Breakdown by City Neighborhood'!S$31)+COUNTIFS(#REF!, 'Breakdown by City Neighborhood'!$B40,#REF!, "PBMN",#REF!, $R$30,#REF!, 'Breakdown by City Neighborhood'!S$31) -> #REF! | T40: =COUNTIFS(#REF!, 'Breakdown by City Neighborhood'!$B40,#REF!, "PBMS",#REF!, $R$30,#REF!, 'Breakdown by City Neighborhood'!T$31)+COUNTIFS(#REF!, 'Breakdown by City Neighborhood'!$B40,#REF!, "PBMN",#REF!, $R$30,#REF!, 'Breakdown by City Neighborhood'!T$31) -> #REF! | U40: =SUM(R40:T40) -> #REF! | W40: =C40+H40+M40+R40 -> #REF! | X40: =D40+I40+N40+S40 -> #REF! | Y40: =E40+J40+O40+T40 -> #REF! | Z40: =W40+X40+Y40 -> #REF!
B41: EAST HARLEM | C41: =COUNTIFS(#REF!, 'Breakdown by City Neighborhood'!$B41,#REF!, "PBMS",#REF!, $C$30,#REF!, 'Breakdown by City Neighborhood'!C$31)+COUNTIFS(#REF!, 'Breakdown by City Neighborhood'!$B41,#REF!, "PBMN",#REF!, $C$30,#REF!, 'Breakdown by City Neighborhood'!C$31) -> #REF! | D41: =COUNTIFS(#REF!, 'Breakdown by City Neighborhood'!$B41,#REF!, "PBMS",#REF!, $C$30,#REF!, 'Breakdown by City Neighborhood'!D$31)+COUNTIFS(#REF!, 'Breakdown by City Neighborhood'!$B41,#REF!, "PBMN",#REF!, $C$30,#REF!, 'Breakdown by City Neighborhood'!D$31) -> #REF! | E41: =COUNTIFS(#REF!, 'Breakdown by City Neighborhood'!$B41,#REF!, "PBMS",#REF!, $C$30,#REF!, 'Breakdown by City Neighborhood'!E$31)+COUNTIFS(#REF!, 'Breakdown by City Neighborhood'!$B41,#REF!, "PBMN",#REF!, $C$30,#REF!, 'Breakdown by City Neighborhood'!E$31) -> #REF! | F41: =C41+D41+E41 -> #REF! | H41: =COUNTIFS(#REF!, 'Breakdown by City Neighborhood'!$B41,#REF!, "PBMS",#REF!, $H$30,#REF!, 'Breakdown by City Neighborhood'!H$31)+COUNTIFS(#REF!, 'Breakdown by City Neighborhood'!$B41,#REF!, "PBMN",#REF!, $H$30,#REF!, 'Breakdown by City Neighborhood'!H$31) -> #REF! | I41: =COUNTIFS(#REF!, 'Breakdown by City Neighborhood'!$B41,#REF!, "PBMS",#REF!, $H$30,#REF!, 'Breakdown by City Neighborhood'!I$31)+COUNTIFS(#REF!, 'Breakdown by City Neighborhood'!$B41,#REF!, "PBMN",#REF!, $H$30,#REF!, 'Breakdown by City Neighborhood'!I$31) -> #REF! | J41: =COUNTIFS(#REF!, 'Breakdown by City Neighborhood'!$B41,#REF!, "PBMS",#REF!, $H$30,#REF!, 'Breakdown by City Neighborhood'!J$31)+COUNTIFS(#REF!, 'Breakdown by City Neighborhood'!$B41,#REF!, "PBMN",#REF!, $H$30,#REF!, 'Breakdown by City Neighborhood'!J$31) -> #REF! | K41: =H41+I41+J41 -> #REF! | M41: =COUNTIFS(#REF!, 'Breakdown by City Neighborhood'!$B41,#REF!, "PBMS",#REF!, $M$30,#REF!, 'Breakdown by City Neighborhood'!M$31)+COUNTIFS(#REF!, 'Breakdown by City Neighborhood'!$B41,#REF!, "PBMN",#REF!, $M$30,#REF!, 'Breakdown by City Neighborhood'!M$31) -> #REF! | N41: =COUNTIFS(#REF!, 'Breakdown by City Neighborhood'!$B41,#REF!, "PBMS",#REF!, $M$30,#REF!, 'Breakdown by City Neighborhood'!N$31)+COUNTIFS(#REF!, 'Breakdown by City Neighborhood'!$B41,#REF!, "PBMN",#REF!, $M$30,#REF!, 'Breakdown by City Neighborhood'!N$31) -> #REF! | O41: =COUNTIFS(#REF!, 'Breakdown by City Neighborhood'!$B41,#REF!, "PBMS",#REF!, $M$30,#REF!, 'Breakdown by City Neighborhood'!O$31)+COUNTIFS(#REF!, 'Breakdown by City Neighborhood'!$B41,#REF!, "PBMN",#REF!, $M$30,#REF!, 'Breakdown by City Neighborhood'!O$31) -> #REF! | P41: =M41+N41+O41 -> #REF! | R41: =COUNTIFS(#REF!, 'Breakdown by City Neighborhood'!$B41,#REF!, "PBMS",#REF!, $R$30,#REF!, 'Breakdown by City Neighborhood'!R$31)+COUNTIFS(#REF!, 'Breakdown by City Neighborhood'!$B41,#REF!, "PBMN",#REF!, $R$30,#REF!, 'Breakdown by City Neighborhood'!R$31) -> #REF! | S41: =COUNTIFS(#REF!, 'Breakdown by City Neighborhood'!$B41,#REF!, "PBMS",#REF!, $R$30,#REF!, 'Breakdown by City Neighborhood'!S$31)+COUNTIFS(#REF!, 'Breakdown by City Neighborhood'!$B41,#REF!, "PBMN",#REF!, $R$30,#REF!, 'Breakdown by City Neighborhood'!S$31) -> #REF! | T41: =COUNTIFS(#REF!, 'Breakdown by City Neighborhood'!$B41,#REF!, "PBMS",#REF!, $R$30,#REF!, 'Breakdown by City Neighborhood'!T$31)+COUNTIFS(#REF!, 'Breakdown by City Neighborhood'!$B41,#REF!, "PBMN",#REF!, $R$30,#REF!, 'Breakdown by City Neighborhood'!T$31) -> #REF! | U41: =SUM(R41:T41) -> #REF! | W41: =C41+H41+M41+R41 -> #REF! | X41: =D41+I41+N41+S41 -> #REF! | Y41: =E41+J41+O41+T41 -> #REF! | Z41: =W41+X41+Y41 -> #REF!
B42: EAST VILLAGE | C42: =COUNTIFS(#REF!, 'Breakdown by City Neighborhood'!$B42,#REF!, "PBMS",#REF!, $C$30,#REF!, 'Breakdown by City Neighborhood'!C$31)+COUNTIFS(#REF!, 'Breakdown by City Neighborhood'!$B42,#REF!, "PBMN",#REF!, $C$30,#REF!, 'Breakdown by City Neighborhood'!C$31) -> #REF! | D42: =COUNTIFS(#REF!, 'Breakdown by City Neighborhood'!$B42,#REF!, "PBMS",#REF!, $C$30,#REF!, 'Breakdown by City Neighborhood'!D$31)+COUNTIFS(#REF!, 'Breakdown by City Neighborhood'!$B42,#REF!, "PBMN",#REF!, $C$30,#REF!, 'Breakdown by City Neighborhood'!D$31) -> #REF! | E42: =COUNTIFS(#REF!, 'Breakdown by City Neighborhood'!$B42,#REF!, "PBMS",#REF!, $C$30,#REF!, 'Breakdown by City Neighborhood'!E$31)+COUNTIFS(#REF!, 'Breakdown by City Neighborhood'!$B42,#REF!, "PBMN",#REF!, $C$30,#REF!, 'Breakdown by City Neighborhood'!E$31) -> #REF! | F42: =C42+D42+E42 -> #REF! | H42: =COUNTIFS(#REF!, 'Breakdown by City Neighborhood'!$B42,#REF!, "PBMS",#REF!, $H$30,#REF!, 'Breakdown by City Neighborhood'!H$31)+COUNTIFS(#REF!, 'Breakdown by City Neighborhood'!$B42,#REF!, "PBMN",#REF!, $H$30,#REF!, 'Breakdown by City Neighborhood'!H$31) -> #REF! | I42: =COUNTIFS(#REF!, 'Breakdown by City Neighborhood'!$B42,#REF!, "PBMS",#REF!, $H$30,#REF!, 'Breakdown by City Neighborhood'!I$31)+COUNTIFS(#REF!, 'Breakdown by City Neighborhood'!$B42,#REF!, "PBMN",#REF!, $H$30,#REF!, 'Breakdown by City Neighborhood'!I$31) -> #REF! | J42: =COUNTIFS(#REF!, 'Breakdown by City Neighborhood'!$B42,#REF!, "PBMS",#REF!, $H$30,#REF!, 'Breakdown by City Neighborhood'!J$31)+COUNTIFS(#REF!, 'Breakdown by City Neighborhood'!$B42,#REF!, "PBMN",#REF!, $H$30,#REF!, 'Breakdown by City Neighborhood'!J$31) -> #REF! | K42: =H42+I42+J42 -> #REF! | M42: =COUNTIFS(#REF!, 'Breakdown by City Neighborhood'!$B42,#REF!, "PBMS",#REF!, $M$30,#REF!, 'Breakdown by City Neighborhood'!M$31)+COUNTIFS(#REF!, 'Breakdown by City Neighborhood'!$B42,#REF!, "PBMN",#REF!, $M$30,#REF!, 'Breakdown by City Neighborhood'!M$31) -> #REF! | N42: =COUNTIFS(#REF!, 'Breakdown by City Neighborhood'!$B42,#REF!, "PBMS",#REF!, $M$30,#REF!, 'Breakdown by City Neighborhood'!N$31)+COUNTIFS(#REF!, 'Breakdown by City Neighborhood'!$B42,#REF!, "PBMN",#REF!, $M$30,#REF!, 'Breakdown by City Neighborhood'!N$31) -> #REF! | O42: =COUNTIFS(#REF!, 'Breakdown by City Neighborhood'!$B42,#REF!, "PBMS",#REF!, $M$30,#REF!, 'Breakdown by City Neighborhood'!O$31)+COUNTIFS(#REF!, 'Breakdown by City Neighborhood'!$B42,#REF!, "PBMN",#REF!, $M$30,#REF!, 'Breakdown by City Neighborhood'!O$31) -> #REF! | P42: =M42+N42+O42 -> #REF! | R42: =COUNTIFS(#REF!, 'Breakdown by City Neighborhood'!$B42,#REF!, "PBMS",#REF!, $R$30,#REF!, 'Breakdown by City Neighborhood'!R$31)+COUNTIFS(#REF!, 'Breakdown by City Neighborhood'!$B42,#REF!, "PBMN",#REF!, $R$30,#REF!, 'Breakdown by City Neighborhood'!R$31) -> #REF! | S42: =COUNTIFS(#REF!, 'Breakdown by City Neighborhood'!$B42,#REF!, "PBMS",#REF!, $R$30,#REF!, 'Breakdown by City Neighborhood'!S$31)+COUNTIFS(#REF!, 'Breakdown by City Neighborhood'!$B42,#REF!, "PBMN",#REF!, $R$30,#REF!, 'Breakdown by City Neighborhood'!S$31) -> #REF! | T42: =COUNTIFS(#REF!, 'Breakdown by City Neighborhood'!$B42,#REF!, "PBMS",#REF!, $R$30,#REF!, 'Breakdown by City Neighborhood'!T$31)+COUNTIFS(#REF!, 'Breakdown by City Neighborhood'!$B42,#REF!, "PBMN",#REF!, $R$30,#REF!, 'Breakdown by City Neighborhood'!T$31) -> #REF! | U42: =SUM(R42:T42) -> #REF! | W42: =C42+H42+M42+R42 -> #REF! | X42: =D42+I42+N42+S42 -> #REF! | Y42: =E42+J42+O42+T42 -> #REF! | Z42: =W42+X42+Y42 -> #REF!
B43: FLATIRON | C43: =COUNTIFS(#REF!, 'Breakdown by City Neighborhood'!$B43,#REF!, "PBMS",#REF!, $C$30,#REF!, 'Breakdown by City Neighborhood'!C$31)+COUNTIFS(#REF!, 'Breakdown by City Neighborhood'!$B43,#REF!, "PBMN",#REF!, $C$30,#REF!, 'Breakdown by City Neighborhood'!C$31) -> #REF! | D43: =COUNTIFS(#REF!, 'Breakdown by City Neighborhood'!$B43,#REF!, "PBMS",#REF!, $C$30,#REF!, 'Breakdown by City Neighborhood'!D$31)+COUNTIFS(#REF!, 'Breakdown by City Neighborhood'!$B43,#REF!, "PBMN",#REF!, $C$30,#REF!, 'Breakdown by City Neighborhood'!D$31) -> #REF! | E43: =COUNTIFS(#REF!, 'Breakdown by City Neighborhood'!$B43,#REF!, "PBMS",#REF!, $C$30,#REF!, 'Breakdown by City Neighborhood'!E$31)+COUNTIFS(#REF!, 'Breakdown by City Neighborhood'!$B43,#REF!, "PBMN",#REF!, $C$30,#REF!, 'Breakdown by City Neighborhood'!E$31) -> #REF! | F43: =C43+D43+E43 -> #REF! | H43: =COUNTIFS(#REF!, 'Breakdown by City Neighborhood'!$B43,#REF!, "PBMS",#REF!, $H$30,#REF!, 'Breakdown by City Neighborhood'!H$31)+COUNTIFS(#REF!, 'Breakdown by City Neighborhood'!$B43,#REF!, "PBMN",#REF!, $H$30,#REF!, 'Breakdown by City Neighborhood'!H$31) -> #REF! | I43: =COUNTIFS(#REF!, 'Breakdown by City Neighborhood'!$B43,#REF!, "PBMS",#REF!, $H$30,#REF!, 'Breakdown by City Neighborhood'!I$31)+COUNTIFS(#REF!, 'Breakdown by City Neighborhood'!$B43,#REF!, "PBMN",#REF!, $H$30,#REF!, 'Breakdown by City Neighborhood'!I$31) -> #REF! | J43: =COUNTIFS(#REF!, 'Breakdown by City Neighborhood'!$B43,#REF!, "PBMS",#REF!, $H$30,#REF!, 'Breakdown by City Neighborhood'!J$31)+COUNTIFS(#REF!, 'Breakdown by City Neighborhood'!$B43,#REF!, "PBMN",#REF!, $H$30,#REF!, 'Breakdown by City Neighborhood'!J$31) -> #REF! | K43: =H43+I43+J43 -> #REF! | M43: =COUNTIFS(#REF!, 'Breakdown by City Neighborhood'!$B43,#REF!, "PBMS",#REF!, $M$30,#REF!, 'Breakdown by City Neighborhood'!M$31)+COUNTIFS(#REF!, 'Breakdown by City Neighborhood'!$B43,#REF!, "PBMN",#REF!, $M$30,#REF!, 'Breakdown by City Neighborhood'!M$31) -> #REF! | N43: =COUNTIFS(#REF!, 'Breakdown by City Neighborhood'!$B43,#REF!, "PBMS",#REF!, $M$30,#REF!, 'Breakdown by City Neighborhood'!N$31)+COUNTIFS(#REF!, 'Breakdown by City Neighborhood'!$B43,#REF!, "PBMN",#REF!, $M$30,#REF!, 'Breakdown by City Neighborhood'!N$31) -> #REF! | O43: =COUNTIFS(#REF!, 'Breakdown by City Neighborhood'!$B43,#REF!, "PBMS",#REF!, $M$30,#REF!, 'Breakdown by City Neighborhood'!O$31)+COUNTIFS(#REF!, 'Breakdown by City Neighborhood'!$B43,#REF!, "PBMN",#REF!, $M$30,#REF!, 'Breakdown by City Neighborhood'!O$31) -> #REF! | P43: =M43+N43+O43 -> #REF! | R43: =COUNTIFS(#REF!, 'Breakdown by City Neighborhood'!$B43,#REF!, "PBMS",#REF!, $R$30,#REF!, 'Breakdown by City Neighborhood'!R$31)+COUNTIFS(#REF!, 'Breakdown by City Neighborhood'!$B43,#REF!, "PBMN",#REF!, $R$30,#REF!, 'Breakdown by City Neighborhood'!R$31) -> #REF! | S43: =COUNTIFS(#REF!, 'Breakdown by City Neighborhood'!$B43,#REF!, "PBMS",#REF!, $R$30,#REF!, 'Breakdown by City Neighborhood'!S$31)+COUNTIFS(#REF!, 'Breakdown by City Neighborhood'!$B43,#REF!, "PBMN",#REF!, $R$30,#REF!, 'Breakdown by City Neighborhood'!S$31) -> #REF! | T43: =COUNTIFS(#REF!, 'Breakdown by City Neighborhood'!$B43,#REF!, "PBMS",#REF!, $R$30,#REF!, 'Breakdown by City Neighborhood'!T$31)+COUNTIFS(#REF!, 'Breakdown by City Neighborhood'!$B43,#REF!, "PBMN",#REF!, $R$30,#REF!, 'Breakdown by City Neighborhood'!T$31) -> #REF! | U43: =SUM(R43:T43) -> #REF! | W43: =C43+H43+M43+R43 -> #REF! | X43: =D43+I43+N43+S43 -> #REF! | Y43: =E43+J43+O43+T43 -> #REF! | Z43: =W43+X43+Y43 -> #REF!
... B87: WEST VILLAGE | C87: =COUNTIFS(#REF!, 'Breakdown by City Neighborhood'!$B87,#REF!, "PBMS",#REF!, $C$30,#REF!, 'Breakdown by City Neighborhood'!C$31)+COUNTIFS(#REF!, 'Breakdown by City Neighborhood'!$B87,#REF!, "PBMN",#REF!, $C$30,#REF!, 'Breakdown by City Neighborhood'!C$31) -> #REF! | D87: =COUNTIFS(#REF!, 'Breakdown by City Neighborhood'!$B87,#REF!, "PBMS",#REF!, $C$30,#REF!, 'Breakdown by City Neighborhood'!D$31)+COUNTIFS(#REF!, 'Breakdown by City Neighborhood'!$B87,#REF!, "PBMN",#REF!, $C$30,#REF!, 'Breakdown by City Neighborhood'!D$31) -> #REF! | E87: =COUNTIFS(#REF!, 'Breakdown by City Neighborhood'!$B87,#REF!, "PBMS",#REF!, $C$30,#REF!, 'Breakdown by City Neighborhood'!E$31)+COUNTIFS(#REF!, 'Breakdown by City Neighborhood'!$B87,#REF!, "PBMN",#REF!, $C$30,#REF!, 'Breakdown by City Neighborhood'!E$31) -> #REF! | F87: =C87+D87+E87 -> #REF! | H87: =COUNTIFS(#REF!, 'Breakdown by City Neighborhood'!$B87,#REF!, "PBMS",#REF!, $H$30,#REF!, 'Breakdown by City Neighborhood'!H$31)+COUNTIFS(#REF!, 'Breakdown by City Neighborhood'!$B87,#REF!, "PBMN",#REF!, $H$30,#REF!, 'Breakdown by City Neighborhood'!H$31) -> #REF! | I87: =COUNTIFS(#REF!, 'Breakdown by City Neighborhood'!$B87,#REF!, "PBMS",#REF!, $H$30,#REF!, 'Breakdown by City Neighborhood'!I$31)+COUNTIFS(#REF!, 'Breakdown by City Neighborhood'!$B87,#REF!, "PBMN",#REF!, $H$30,#REF!, 'Breakdown by City Neighborhood'!I$31) -> #REF! | J87: =COUNTIFS(#REF!, 'Breakdown by City Neighborhood'!$B87,#REF!, "PBMS",#REF!, $H$30,#REF!, 'Breakdown by City Neighborhood'!J$31)+COUNTIFS(#REF!, 'Breakdown by City Neighborhood'!$B87,#REF!, "PBMN",#REF!, $H$30,#REF!, 'Breakdown by City Neighborhood'!J$31) -> #REF! | K87: =H87+I87+J87 -> #REF! | M87: =COUNTIFS(#REF!, 'Breakdown by City Neighborhood'!$B87,#REF!, "PBMS",#REF!, $M$30,#REF!, 'Breakdown by City Neighborhood'!M$31)+COUNTIFS(#REF!, 'Breakdown by City Neighborhood'!$B87,#REF!, "PBMN",#REF!, $M$30,#REF!, 'Breakdown by City Neighborhood'!M$31) -> #REF! | N87: =COUNTIFS(#REF!, 'Breakdown by City Neighborhood'!$B87,#REF!, "PBMS",#REF!, $M$30,#REF!, 'Breakdown by City Neighborhood'!N$31)+COUNTIFS(#REF!, 'Breakdown by City Neighborhood'!$B87,#REF!, "PBMN",#REF!, $M$30,#REF!, 'Breakdown by City Neighborhood'!N$31) -> #REF! | O87: =COUNTIFS(#REF!, 'Breakdown by City Neighborhood'!$B87,#REF!, "PBMS",#REF!, $M$30,#REF!, 'Breakdown by City Neighborhood'!O$31)+COUNTIFS(#REF!, 'Breakdown by City Neighborhood'!$B87,#REF!, "PBMN",#REF!, $M$30,#REF!, 'Breakdown by City Neighborhood'!O$31) -> #REF! | P87: =M87+N87+O87 -> #REF! | R87: =COUNTIFS(#REF!, 'Breakdown by City Neighborhood'!$B87,#REF!, "PBMS",#REF!, $R$30,#REF!, 'Breakdown by City Neighborhood'!R$31)+COUNTIFS(#REF!, 'Breakdown by City Neighborhood'!$B87,#REF!, "PBMN",#REF!, $R$30,#REF!, 'Breakdown by City Neighborhood'!R$31) -> #REF! | S87: =COUNTIFS(#REF!, 'Breakdown by City Neighborhood'!$B87,#REF!, "PBMS",#REF!, $R$30,#REF!, 'Breakdown by City Neighborhood'!S$31)+COUNTIFS(#REF!, 'Breakdown by City Neighborhood'!$B87,#REF!, "PBMN",#REF!, $R$30,#REF!, 'Breakdown by City Neighborhood'!S$31) -> #REF! | T87: =COUNTIFS(#REF!, 'Breakdown by City Neighborhood'!$B87,#REF!, "PBMS",#REF!, $R$30,#REF!, 'Breakdown by City Neighborhood'!T$31)+COUNTIFS(#REF!, 'Breakdown by City Neighborhood'!$B87,#REF!, "PBMN",#REF!, $R$30,#REF!, 'Breakdown by City Neighborhood'!T$31) -> #REF! | U87: =SUM(R87:T87) -> #REF! | W87: =C87+H87+M87+R87 -> #REF! | X87: =D87+I87+N87+S87 -> #REF! | Y87: =E87+J87+O87+T87 -> #REF! | Z87: =W87+X87+Y87 -> #REF!
B88: YORKVILLE | C88: =COUNTIFS(#REF!, 'Breakdown by City Neighborhood'!$B88,#REF!, "PBMS",#REF!, $C$30,#REF!, 'Breakdown by City Neighborhood'!C$31)+COUNTIFS(#REF!, 'Breakdown by City Neighborhood'!$B88,#REF!, "PBMN",#REF!, $C$30,#REF!, 'Breakdown by City Neighborhood'!C$31) -> #REF! | D88: =COUNTIFS(#REF!, 'Breakdown by City Neighborhood'!$B88,#REF!, "PBMS",#REF!, $C$30,#REF!, 'Breakdown by City Neighborhood'!D$31)+COUNTIFS(#REF!, 'Breakdown by City Neighborhood'!$B88,#REF!, "PBMN",#REF!, $C$30,#REF!, 'Breakdown by City Neighborhood'!D$31) -> #REF! | E88: =COUNTIFS(#REF!, 'Breakdown by City Neighborhood'!$B88,#REF!, "PBMS",#REF!, $C$30,#REF!, 'Breakdown by City Neighborhood'!E$31)+COUNTIFS(#REF!, 'Breakdown by City Neighborhood'!$B88,#REF!, "PBMN",#REF!, $C$30,#REF!, 'Breakdown by City Neighborhood'!E$31) -> #REF! | F88: =C88+D88+E88 -> #REF! | H88: =COUNTIFS(#REF!, 'Breakdown by City Neighborhood'!$B88,#REF!, "PBMS",#REF!, $H$30,#REF!, 'Breakdown by City Neighborhood'!H$31)+COUNTIFS(#REF!, 'Breakdown by City Neighborhood'!$B88,#REF!, "PBMN",#REF!, $H$30,#REF!, 'Breakdown by City Neighborhood'!H$31) -> #REF! | I88: =COUNTIFS(#REF!, 'Breakdown by City Neighborhood'!$B88,#REF!, "PBMS",#REF!, $H$30,#REF!, 'Breakdown by City Neighborhood'!I$31)+COUNTIFS(#REF!, 'Breakdown by City Neighborhood'!$B88,#REF!, "PBMN",#REF!, $H$30,#REF!, 'Breakdown by City Neighborhood'!I$31) -> #REF! | J88: =COUNTIFS(#REF!, 'Breakdown by City Neighborhood'!$B88,#REF!, "PBMS",#REF!, $H$30,#REF!, 'Breakdown by City Neighborhood'!J$31)+COUNTIFS(#REF!, 'Breakdown by City Neighborhood'!$B88,#REF!, "PBMN",#REF!, $H$30,#REF!, 'Breakdown by City Neighborhood'!J$31) -> #REF! | K88: =H88+I88+J88 -> #REF! | M88: =COUNTIFS(#REF!, 'Breakdown by City Neighborhood'!$B88,#REF!, "PBMS",#REF!, $M$30,#REF!, 'Breakdown by City Neighborhood'!M$31)+COUNTIFS(#REF!, 'Breakdown by City Neighborhood'!$B88,#REF!, "PBMN",#REF!, $M$30,#REF!, 'Breakdown by City Neighborhood'!M$31) -> #REF! | N88: =COUNTIFS(#REF!, 'Breakdown by City Neighborhood'!$B88,#REF!, "PBMS",#REF!, $M$30,#REF!, 'Breakdown by City Neighborhood'!N$31)+COUNTIFS(#REF!, 'Breakdown by City Neighborhood'!$B88,#REF!, "PBMN",#REF!, $M$30,#REF!, 'Breakdown by City Neighborhood'!N$31) -> #REF! | O88: =COUNTIFS(#REF!, 'Breakdown by City Neighborhood'!$B88,#REF!, "PBMS",#REF!, $M$30,#REF!, 'Breakdown by City Neighborhood'!O$31)+COUNTIFS(#REF!, 'Breakdown by City Neighborhood'!$B88,#REF!, "PBMN",#REF!, $M$30,#REF!, 'Breakdown by City Neighborhood'!O$31) -> #REF! | P88: =M88+N88+O88 -> #REF! | R88: =COUNTIFS(#REF!, 'Breakdown by City Neighborhood'!$B88,#REF!, "PBMS",#REF!, $R$30,#REF!, 'Breakdown by City Neighborhood'!R$31)+COUNTIFS(#REF!, 'Breakdown by City Neighborhood'!$B88,#REF!, "PBMN",#REF!, $R$30,#REF!, 'Breakdown by City Neighborhood'!R$31) -> #REF! | S88: =COUNTIFS(#REF!, 'Breakdown by City Neighborhood'!$B88,#REF!, "PBMS",#REF!, $R$30,#REF!, 'Breakdown by City Neighborhood'!S$31)+COUNTIFS(#REF!, 'Breakdown by City Neighborhood'!$B88,#REF!, "PBMN",#REF!, $R$30,#REF!, 'Breakdown by City Neighborhood'!S$31) -> #REF! | T88: =COUNTIFS(#REF!, 'Breakdown by City Neighborhood'!$B88,#REF!, "PBMS",#REF!, $R$30,#REF!, 'Breakdown by City Neighborhood'!T$31)+COUNTIFS(#REF!, 'Breakdown by City Neighborhood'!$B88,#REF!, "PBMN",#REF!, $R$30,#REF!, 'Breakdown by City Neighborhood'!T$31) -> #REF! | U88: =SUM(R88:T88) -> #REF! | W88: =C88+H88+M88+R88 -> #REF! | X88: =D88+I88+N88+S88 -> #REF! | Y88: =E88+J88+O88+T88 -> #REF! | Z88: =W88+X88+Y88 -> #REF! | AC88: PBMS | AD88: PBMN
Z89: =SUM(Z32:Z88) -> #REF! | AA89: TOTAL | AC89: =#REF! -> #REF! | AD89: =#REF! -> #REF! | AE89: =+AC89+AD89 -> #REF! | AF89: =AE89=Z89 -> #REF!
B92: BRONX | C92: 2022 | H92: 2023 | M92: 2024 | R92: 2025 | W92: TOTAL OPERATIONS
C93: SUCCESSFUL | D93: MARKED CLEANED PRIOR BY DHS | E93: NEGATIVE OBSERVATION | F93: TOTALS | H93: SUCCESSFUL | I93: MARKED CLEANED PRIOR BY DHS | J93: NEGATIVE OBSERVATION | K93: TOTALS | M93: SUCCESSFUL | N93: MARKED CLEANED PRIOR BY DHS | O93: NEGATIVE OBSERVATION | P93: TOTALS | R93: SUCCESSFUL | S93: MARKED CLEANED PRIOR BY DHS | T93: NEGATIVE OBSERVATION | U93: TOTALS | W93: SUCCESSFUL | X93: MARKED CLEANED PRIOR BY DHS | Y93: NEGATIVE OBSERVATION | Z93: Overall Total
B94: BAYCHESTER | C94: =COUNTIFS(#REF!, 'Breakdown by City Neighborhood'!$B94,#REF!, "PBBX",#REF!, $C$30,#REF!, 'Breakdown by City Neighborhood'!C$31) -> #REF! | D94: =COUNTIFS(#REF!, 'Breakdown by City Neighborhood'!$B94,#REF!, "PBBX",#REF!, $C$30,#REF!, 'Breakdown by City Neighborhood'!D$31) -> #REF! | E94: =COUNTIFS(#REF!, 'Breakdown by City Neighborhood'!$B94,#REF!, "PBBX",#REF!, $C$30,#REF!, 'Breakdown by City Neighborhood'!E$31) -> #REF! | F94: =C94+D94+E94 -> #REF! | H94: =COUNTIFS(#REF!, 'Breakdown by City Neighborhood'!$B94,#REF!, "PBBX",#REF!, $H$30,#REF!, 'Breakdown by City Neighborhood'!H$31) -> #REF! | I94: =COUNTIFS(#REF!, 'Breakdown by City Neighborhood'!$B94,#REF!, "PBBX",#REF!, $H$30,#REF!, 'Breakdown by City Neighborhood'!I$31) -> #REF! | J94: =COUNTIFS(#REF!, 'Breakdown by City Neighborhood'!$B94,#REF!, "PBBX",#REF!, $H$30,#REF!, 'Breakdown by City Neighborhood'!J$31) -> #REF! | K94: =SUM(H94:J94) -> #REF! | M94: =COUNTIFS(#REF!, 'Breakdown by City Neighborhood'!$B94,#REF!, "PBBX",#REF!, $M$30,#REF!, 'Breakdown by City Neighborhood'!M$31) -> #REF! | N94: =COUNTIFS(#REF!, 'Breakdown by City Neighborhood'!$B94,#REF!, "PBBX",#REF!, $M$30,#REF!, 'Breakdown by City Neighborhood'!N$31) -> #REF! | O94: =COUNTIFS(#REF!, 'Breakdown by City Neighborhood'!$B94,#REF!, "PBBX",#REF!, $M$30,#REF!, 'Breakdown by City Neighborhood'!O$31) -> #REF! | P94: =SUM(M94:O94) -> #REF! | R94: =COUNTIFS(#REF!, 'Breakdown by City Neighborhood'!$B94,#REF!, "PBBX",#REF!, $R$30,#REF!, 'Breakdown by City Neighborhood'!R$31) -> #REF! | S94: =COUNTIFS(#REF!, 'Breakdown by City Neighborhood'!$B94,#REF!, "PBBX",#REF!, $R$30,#REF!, 'Breakdown by City Neighborhood'!S$31) -> #REF! | T94: =COUNTIFS(#REF!, 'Breakdown by City Neighborhood'!$B94,#REF!, "PBBX",#REF!, $R$30,#REF!, 'Breakdown by City Neighborhood'!T$31) -> #REF! | U94: =SUM(R94:T94) -> #REF! | W94: =C94+H94+M94+R94 -> #REF! | X94: =D94+I94+N94+S94 -> #REF! | Y94: =E94+J94+O94+T94 -> #REF! | Z94: =SUM(W94:Y94) -> #REF!
B95: BEDFORD PARK | C95: =COUNTIFS(#REF!, 'Breakdown by City Neighborhood'!$B95,#REF!, "PBBX",#REF!, $C$30,#REF!, 'Breakdown by City Neighborhood'!C$31) -> #REF! | D95: =COUNTIFS(#REF!, 'Breakdown by City Neighborhood'!$B95,#REF!, "PBBX",#REF!, $C$30,#REF!, 'Breakdown by City Neighborhood'!D$31) -> #REF! | E95: =COUNTIFS(#REF!, 'Breakdown by City Neighborhood'!$B95,#REF!, "PBBX",#REF!, $C$30,#REF!, 'Breakdown by City Neighborhood'!E$31) -> #REF! | F95: =C95+D95+E95 -> #REF! | H95: =COUNTIFS(#REF!, 'Breakdown by City Neighborhood'!$B95,#REF!, "PBBX",#REF!, $H$30,#REF!, 'Breakdown by City Neighborhood'!H$31) -> #REF! | I95: =COUNTIFS(#REF!, 'Breakdown by City Neighborhood'!$B95,#REF!, "PBBX",#REF!, $H$30,#REF!, 'Breakdown by City Neighborhood'!I$31) -> #REF! | J95: =COUNTIFS(#REF!, 'Breakdown by City Neighborhood'!$B95,#REF!, "PBBX",#REF!, $H$30,#REF!, 'Breakdown by City Neighborhood'!J$31) -> #REF! | K95: =SUM(H95:J95) -> #REF! | M95: =COUNTIFS(#REF!, 'Breakdown by City Neighborhood'!$B95,#REF!, "PBBX",#REF!, $M$30,#REF!, 'Breakdown by City Neighborhood'!M$31) -> #REF! | N95: =COUNTIFS(#REF!, 'Breakdown by City Neighborhood'!$B95,#REF!, "PBBX",#REF!, $M$30,#REF!, 'Breakdown by City Neighborhood'!N$31) -> #REF! | O95: =COUNTIFS(#REF!, 'Breakdown by City Neighborhood'!$B95,#REF!, "PBBX",#REF!, $M$30,#REF!, 'Breakdown by City Neighborhood'!O$31) -> #REF! | P95: =SUM(M95:O95) -> #REF! | R95: =COUNTIFS(#REF!, 'Breakdown by City Neighborhood'!$B95,#REF!, "PBBX",#REF!, $R$30,#REF!, 'Breakdown by City Neighborhood'!R$31) -> #REF! | S95: =COUNTIFS(#REF!, 'Breakdown by City Neighborhood'!$B95,#REF!, "PBBX",#REF!, $R$30,#REF!, 'Breakdown by City Neighborhood'!S$31) -> #REF! | T95: =COUNTIFS(#REF!, 'Breakdown by City Neighborhood'!$B95,#REF!, "PBBX",#REF!, $R$30,#REF!, 'Breakdown by City Neighborhood'!T$31) -> #REF! | U95: =SUM(R95:T95) -> #REF! | W95: =C95+H95+M95+R95 -> #REF! | X95: =D95+I95+N95+S95 -> #REF! | Y95: =E95+J95+O95+T95 -> #REF! | Z95: =SUM(W95:Y95) -> #REF!
B96: BELMONT | C96: =COUNTIFS(#REF!, 'Breakdown by City Neighborhood'!$B96,#REF!, "PBBX",#REF!, $C$30,#REF!, 'Breakdown by City Neighborhood'!C$31) -> #REF! | D96: =COUNTIFS(#REF!, 'Breakdown by City Neighborhood'!$B96,#REF!, "PBBX",#REF!, $C$30,#REF!, 'Breakdown by City Neighborhood'!D$31) -> #REF! | E96: =COUNTIFS(#REF!, 'Breakdown by City Neighborhood'!$B96,#REF!, "PBBX",#REF!, $C$30,#REF!, 'Breakdown by City Neighborhood'!E$31) -> #REF! | F96: =C96+D96+E96 -> #REF! | H96: =COUNTIFS(#REF!, 'Breakdown by City Neighborhood'!$B96,#REF!, "PBBX",#REF!, $H$30,#REF!, 'Breakdown by City Neighborhood'!H$31) -> #REF! | I96: =COUNTIFS(#REF!, 'Breakdown by City Neighborhood'!$B96,#REF!, "PBBX",#REF!, $H$30,#REF!, 'Breakdown by City Neighborhood'!I$31) -> #REF! | J96: =COUNTIFS(#REF!, 'Breakdown by City Neighborhood'!$B96,#REF!, "PBBX",#REF!, $H$30,#REF!, 'Breakdown by City Neighborhood'!J$31) -> #REF! | K96: =SUM(H96:J96) -> #REF! | M96: =COUNTIFS(#REF!, 'Breakdown by City Neighborhood'!$B96,#REF!, "PBBX",#REF!, $M$30,#REF!, 'Breakdown by City Neighborhood'!M$31) -> #REF! | N96: =COUNTIFS(#REF!, 'Breakdown by City Neighborhood'!$B96,#REF!, "PBBX",#REF!, $M$30,#REF!, 'Breakdown by City Neighborhood'!N$31) -> #REF! | O96: =COUNTIFS(#REF!, 'Breakdown by City Neighborhood'!$B96,#REF!, "PBBX",#REF!, $M$30,#REF!, 'Breakdown by City Neighborhood'!O$31) -> #REF! | P96: =SUM(M96:O96) -> #REF! | R96: =COUNTIFS(#REF!, 'Breakdown by City Neighborhood'!$B96,#REF!, "PBBX",#REF!, $R$30,#REF!, 'Breakdown by City Neighborhood'!R$31) -> #REF! | S96: =COUNTIFS(#REF!, 'Breakdown by City Neighborhood'!$B96,#REF!, "PBBX",#REF!, $R$30,#REF!, 'Breakdown by City Neighborhood'!S$31) -> #REF! | T96: =COUNTIFS(#REF!, 'Breakdown by City Neighborhood'!$B96,#REF!, "PBBX",#REF!, $R$30,#REF!, 'Breakdown by City Neighborhood'!T$31) -> #REF! | U96: =SUM(R96:T96) -> #REF! | W96: =C96+H96+M96+R96 -> #REF! | X96: =D96+I96+N96+S96 -> #REF! | Y96: =E96+J96+O96+T96 -> #REF! | Z96: =SUM(W96:Y96) -> #REF!
B97: BRONX PARK | C97: =COUNTIFS(#REF!, 'Breakdown by City Neighborhood'!$B97,#REF!, "PBBX",#REF!, $C$30,#REF!, 'Breakdown by City Neighborhood'!C$31) -> #REF! | D97: =COUNTIFS(#REF!, 'Breakdown by City Neighborhood'!$B97,#REF!, "PBBX",#REF!, $C$30,#REF!, 'Breakdown by City Neighborhood'!D$31) -> #REF! | E97: =COUNTIFS(#REF!, 'Breakdown by City Neighborhood'!$B97,#REF!, "PBBX",#REF!, $C$30,#REF!, 'Breakdown by City Neighborhood'!E$31) -> #REF! | F97: =C97+D97+E97 -> #REF! | H97: =COUNTIFS(#REF!, 'Breakdown by City Neighborhood'!$B97,#REF!, "PBBX",#REF!, $H$30,#REF!, 'Breakdown by City Neighborhood'!H$31) -> #REF! | I97: =COUNTIFS(#REF!, 'Breakdown by City Neighborhood'!$B97,#REF!, "PBBX",#REF!, $H$30,#REF!, 'Breakdown by City Neighborhood'!I$31) -> #REF! | J97: =COUNTIFS(#REF!, 'Breakdown by City Neighborhood'!$B97,#REF!, "PBBX",#REF!, $H$30,#REF!, 'Breakdown by City Neighborhood'!J$31) -> #REF! | K97: =SUM(H97:J97) -> #REF! | M97: =COUNTIFS(#REF!, 'Breakdown by City Neighborhood'!$B97,#REF!, "PBBX",#REF!, $M$30,#REF!, 'Breakdown by City Neighborhood'!M$31) -> #REF! | N97: =COUNTIFS(#REF!, 'Breakdown by City Neighborhood'!$B97,#REF!, "PBBX",#REF!, $M$30,#REF!, 'Breakdown by City Neighborhood'!N$31) -> #REF! | O97: =COUNTIFS(#REF!, 'Breakdown by City Neighborhood'!$B97,#REF!, "PBBX",#REF!, $M$30,#REF!, 'Breakdown by City Neighborhood'!O$31) -> #REF! | P97: =SUM(M97:O97) -> #REF! | R97: =COUNTIFS(#REF!, 'Breakdown by City Neighborhood'!$B97,#REF!, "PBBX",#REF!, $R$30,#REF!, 'Breakdown by City Neighborhood'!R$31) -> #REF! | S97: =COUNTIFS(#REF!, 'Breakdown by City Neighborhood'!$B97,#REF!, "PBBX",#REF!, $R$30,#REF!, 'Breakdown by City Neighborhood'!S$31) -> #REF! | T97: =COUNTIFS(#REF!, 'Breakdown by City Neighborhood'!$B97,#REF!, "PBBX",#REF!, $R$30,#REF!, 'Breakdown by City Neighborhood'!T$31) -> #REF! | U97: =SUM(R97:T97) -> #REF! | W97: =C97+H97+M97+R97 -> #REF! | X97: =D97+I97+N97+S97 -> #REF! | Y97: =E97+J97+O97+T97 -> #REF! | Z97: =SUM(W97:Y97) -> #REF!
B98: BRONX RIVER | C98: =COUNTIFS(#REF!, 'Breakdown by City Neighborhood'!$B98,#REF!, "PBBX",#REF!, $C$30,#REF!, 'Breakdown by City Neighborhood'!C$31) -> #REF! | D98: =COUNTIFS(#REF!, 'Breakdown by City Neighborhood'!$B98,#REF!, "PBBX",#REF!, $C$30,#REF!, 'Breakdown by City Neighborhood'!D$31) -> #REF! | E98: =COUNTIFS(#REF!, 'Breakdown by City Neighborhood'!$B98,#REF!, "PBBX",#REF!, $C$30,#REF!, 'Breakdown by City Neighborhood'!E$31) -> #REF! | F98: =C98+D98+E98 -> #REF! | H98: =COUNTIFS(#REF!, 'Breakdown by City Neighborhood'!$B98,#REF!, "PBBX",#REF!, $H$30,#REF!, 'Breakdown by City Neighborhood'!H$31) -> #REF! | I98: =COUNTIFS(#REF!, 'Breakdown by City Neighborhood'!$B98,#REF!, "PBBX",#REF!, $H$30,#REF!, 'Breakdown by City Neighborhood'!I$31) -> #REF! | J98: =COUNTIFS(#REF!, 'Breakdown by City Neighborhood'!$B98,#REF!, "PBBX",#REF!, $H$30,#REF!, 'Breakdown by City Neighborhood'!J$31) -> #REF! | K98: =SUM(H98:J98) -> #REF! | M98: =COUNTIFS(#REF!, 'Breakdown by City Neighborhood'!$B98,#REF!, "PBBX",#REF!, $M$30,#REF!, 'Breakdown by City Neighborhood'!M$31) -> #REF! | N98: =COUNTIFS(#REF!, 'Breakdown by City Neighborhood'!$B98,#REF!, "PBBX",#REF!, $M$30,#REF!, 'Breakdown by City Neighborhood'!N$31) -> #REF! | O98: =COUNTIFS(#REF!, 'Breakdown by City Neighborhood'!$B98,#REF!, "PBBX",#REF!, $M$30,#REF!, 'Breakdown by City Neighborhood'!O$31) -> #REF! | P98: =SUM(M98:O98) -> #REF! | R98: =COUNTIFS(#REF!, 'Breakdown by City Neighborhood'!$B98,#REF!, "PBBX",#REF!, $R$30,#REF!, 'Breakdown by City Neighborhood'!R$31) -> #REF! | S98: =COUNTIFS(#REF!, 'Breakdown by City Neighborhood'!$B98,#REF!, "PBBX",#REF!, $R$30,#REF!, 'Breakdown by City Neighborhood'!S$31) -> #REF! | T98: =COUNTIFS(#REF!, 'Breakdown by City Neighborhood'!$B98,#REF!, "PBBX",#REF!, $R$30,#REF!, 'Breakdown by City Neighborhood'!T$31) -> #REF! | U98: =SUM(R98:T98) -> #REF! | W98: =C98+H98+M98+R98 -> #REF! | X98: =D98+I98+N98+S98 -> #REF! | Y98: =E98+J98+O98+T98 -> #REF! | Z98: =SUM(W98:Y98) -> #REF!
B99: BRONXWOOD | C99: =COUNTIFS(#REF!, 'Breakdown by City Neighborhood'!$B99,#REF!, "PBBX",#REF!, $C$30,#REF!, 'Breakdown by City Neighborhood'!C$31) -> #REF! | D99: =COUNTIFS(#REF!, 'Breakdown by City Neighborhood'!$B99,#REF!, "PBBX",#REF!, $C$30,#REF!, 'Breakdown by City Neighborhood'!D$31) -> #REF! | E99: =COUNTIFS(#REF!, 'Breakdown by City Neighborhood'!$B99,#REF!, "PBBX",#REF!, $C$30,#REF!, 'Breakdown by City Neighborhood'!E$31) -> #REF! | F99: =C99+D99+E99 -> #REF! | H99: =COUNTIFS(#REF!, 'Breakdown by City Neighborhood'!$B99,#REF!, "PBBX",#REF!, $H$30,#REF!, 'Breakdown by City Neighborhood'!H$31) -> #REF! | I99: =COUNTIFS(#REF!, 'Breakdown by City Neighborhood'!$B99,#REF!, "PBBX",#REF!, $H$30,#REF!, 'Breakdown by City Neighborhood'!I$31) -> #REF! | J99: =COUNTIFS(#REF!, 'Breakdown by City Neighborhood'!$B99,#REF!, "PBBX",#REF!, $H$30,#REF!, 'Breakdown by City Neighborhood'!J$31) -> #REF! | K99: =SUM(H99:J99) -> #REF! | M99: =COUNTIFS(#REF!, 'Breakdown by City Neighborhood'!$B99,#REF!, "PBBX",#REF!, $M$30,#REF!, 'Breakdown by City Neighborhood'!M$31) -> #REF! | N99: =COUNTIFS(#REF!, 'Breakdown by City Neighborhood'!$B99,#REF!, "PBBX",#REF!, $M$30,#REF!, 'Breakdown by City Neighborhood'!N$31) -> #REF! | O99: =COUNTIFS(#REF!, 'Breakdown by City Neighborhood'!$B99,#REF!, "PBBX",#REF!, $M$30,#REF!, 'Breakdown by City Neighborhood'!O$31) -> #REF! | P99: =SUM(M99:O99) -> #REF! | R99: =COUNTIFS(#REF!, 'Breakdown by City Neighborhood'!$B99,#REF!, "PBBX",#REF!, $R$30,#REF!, 'Breakdown by City Neighborhood'!R$31) -> #REF! | S99: =COUNTIFS(#REF!, 'Breakdown by City Neighborhood'!$B99,#REF!, "PBBX",#REF!, $R$30,#REF!, 'Breakdown by City Neighborhood'!S$31) -> #REF! | T99: =COUNTIFS(#REF!, 'Breakdown by City Neighborhood'!$B99,#REF!, "PBBX",#REF!, $R$30,#REF!, 'Breakdown by City Neighborhood'!T$31) -> #REF! | U99: =SUM(R99:T99) -> #REF! | W99: =C99+H99+M99+R99 -> #REF! | X99: =D99+I99+N99+S99 -> #REF! | Y99: =E99+J99+O99+T99 -> #REF! | Z99: =SUM(W99:Y99) -> #REF!
B100: CLAREMONT | C100: =COUNTIFS(#REF!, 'Breakdown by City Neighborhood'!$B100,#REF!, "PBBX",#REF!, $C$30,#REF!, 'Breakdown by City Neighborhood'!C$31) -> #REF! | D100: =COUNTIFS(#REF!, 'Breakdown by City Neighborhood'!$B100,#REF!, "PBBX",#REF!, $C$30,#REF!, 'Breakdown by City Neighborhood'!D$31) -> #REF! | E100: =COUNTIFS(#REF!, 'Breakdown by City Neighborhood'!$B100,#REF!, "PBBX",#REF!, $C$30,#REF!, 'Breakdown by City Neighborhood'!E$31) -> #REF! | F100: =C100+D100+E100 -> #REF! | H100: =COUNTIFS(#REF!, 'Breakdown by City Neighborhood'!$B100,#REF!, "PBBX",#REF!, $H$30,#REF!, 'Breakdown by City Neighborhood'!H$31) -> #REF! | I100: =COUNTIFS(#REF!, 'Breakdown by City Neighborhood'!$B100,#REF!, "PBBX",#REF!, $H$30,#REF!, 'Breakdown by City Neighborhood'!I$31) -> #REF! | J100: =COUNTIFS(#REF!, 'Breakdown by City Neighborhood'!$B100,#REF!, "PBBX",#REF!, $H$30,#REF!, 'Breakdown by City Neighborhood'!J$31) -> #REF! | K100: =SUM(H100:J100) -> #REF! | M100: =COUNTIFS(#REF!, 'Breakdown by City Neighborhood'!$B100,#REF!, "PBBX",#REF!, $M$30,#REF!, 'Breakdown by City Neighborhood'!M$31) -> #REF! | N100: =COUNTIFS(#REF!, 'Breakdown by City Neighborhood'!$B100,#REF!, "PBBX",#REF!, $M$30,#REF!, 'Breakdown by City Neighborhood'!N$31) -> #REF! | O100: =COUNTIFS(#REF!, 'Breakdown by City Neighborhood'!$B100,#REF!, "PBBX",#REF!, $M$30,#REF!, 'Breakdown by City Neighborhood'!O$31) -> #REF! | P100: =SUM(M100:O100) -> #REF! | R100: =COUNTIFS(#REF!, 'Breakdown by City Neighborhood'!$B100,#REF!, "PBBX",#REF!, $R$30,#REF!, 'Breakdown by City Neighborhood'!R$31) -> #REF! | S100: =COUNTIFS(#REF!, 'Breakdown by City Neighborhood'!$B100,#REF!, "PBBX",#REF!, $R$30,#REF!, 'Breakdown by City Neighborhood'!S$31) -> #REF! | T100: =COUNTIFS(#REF!, 'Breakdown by City Neighborhood'!$B100,#REF!, "PBBX",#REF!, $R$30,#REF!, 'Breakdown by City Neighborhood'!T$31) -> #REF! | U100: =SUM(R100:T100) -> #REF! | W100: =C100+H100+M100+R100 -> #REF! | X100: =D100+I100+N100+S100 -> #REF! | Y100: =E100+J100+O100+T100 -> #REF! | Z100: =SUM(W100:Y100) -> #REF!
B101: CONCOURSE | C101: =COUNTIFS(#REF!, 'Breakdown by City Neighborhood'!$B101,#REF!, "PBBX",#REF!, $C$30,#REF!, 'Breakdown by City Neighborhood'!C$31) -> #REF! | D101: =COUNTIFS(#REF!, 'Breakdown by City Neighborhood'!$B101,#REF!, "PBBX",#REF!, $C$30,#REF!, 'Breakdown by City Neighborhood'!D$31) -> #REF! | E101: =COUNTIFS(#REF!, 'Breakdown by City Neighborhood'!$B101,#REF!, "PBBX",#REF!, $C$30,#REF!, 'Breakdown by City Neighborhood'!E$31) -> #REF! | F101: =C101+D101+E101 -> #REF! | H101: =COUNTIFS(#REF!, 'Breakdown by City Neighborhood'!$B101,#REF!, "PBBX",#REF!, $H$30,#REF!, 'Breakdown by City Neighborhood'!H$31) -> #REF! | I101: =COUNTIFS(#REF!, 'Breakdown by City Neighborhood'!$B101,#REF!, "PBBX",#REF!, $H$30,#REF!, 'Breakdown by City Neighborhood'!I$31) -> #REF! | J101: =COUNTIFS(#REF!, 'Breakdown by City Neighborhood'!$B101,#REF!, "PBBX",#REF!, $H$30,#REF!, 'Breakdown by City Neighborhood'!J$31) -> #REF! | K101: =SUM(H101:J101) -> #REF! | M101: =COUNTIFS(#REF!, 'Breakdown by City Neighborhood'!$B101,#REF!, "PBBX",#REF!, $M$30,#REF!, 'Breakdown by City Neighborhood'!M$31) -> #REF! | N101: =COUNTIFS(#REF!, 'Breakdown by City Neighborhood'!$B101,#REF!, "PBBX",#REF!, $M$30,#REF!, 'Breakdown by City Neighborhood'!N$31) -> #REF! | O101: =COUNTIFS(#REF!, 'Breakdown by City Neighborhood'!$B101,#REF!, "PBBX",#REF!, $M$30,#REF!, 'Breakdown by City Neighborhood'!O$31) -> #REF! | P101: =SUM(M101:O101) -> #REF! | R101: =COUNTIFS(#REF!, 'Breakdown by City Neighborhood'!$B101,#REF!, "PBBX",#REF!, $R$30,#REF!, 'Breakdown by City Neighborhood'!R$31) -> #REF! | S101: =COUNTIFS(#REF!, 'Breakdown by City Neighborhood'!$B101,#REF!, "PBBX",#REF!, $R$30,#REF!, 'Breakdown by City Neighborhood'!S$31) -> #REF! | T101: =COUNTIFS(#REF!, 'Breakdown by City Neighborhood'!$B101,#REF!, "PBBX",#REF!, $R$30,#REF!, 'Breakdown by City Neighborhood'!T$31) -> #REF! | U101: =SUM(R101:T101) -> #REF! | W101: =C101+H101+M101+R101 -> #REF! | X101: =D101+I101+N101+S101 -> #REF! | Y101: =E101+J101+O101+T101 -> #REF! | Z101: =SUM(W101:Y101) -> #REF!
B102: CONCOURSE VILLAGE | C102: =COUNTIFS(#REF!, 'Breakdown by City Neighborhood'!$B102,#REF!, "PBBX",#REF!, $C$30,#REF!, 'Breakdown by City Neighborhood'!C$31) -> #REF! | D102: =COUNTIFS(#REF!, 'Breakdown by City Neighborhood'!$B102,#REF!, "PBBX",#REF!, $C$30,#REF!, 'Breakdown by City Neighborhood'!D$31) -> #REF! | E102: =COUNTIFS(#REF!, 'Breakdown by City Neighborhood'!$B102,#REF!, "PBBX",#REF!, $C$30,#REF!, 'Breakdown by City Neighborhood'!E$31) -> #REF! | F102: =C102+D102+E102 -> #REF! | H102: =COUNTIFS(#REF!, 'Breakdown by City Neighborhood'!$B102,#REF!, "PBBX",#REF!, $H$30,#REF!, 'Breakdown by City Neighborhood'!H$31) -> #REF! | I102: =COUNTIFS(#REF!, 'Breakdown by City Neighborhood'!$B102,#REF!, "PBBX",#REF!, $H$30,#REF!, 'Breakdown by City Neighborhood'!I$31) -> #REF! | J102: =COUNTIFS(#REF!, 'Breakdown by City Neighborhood'!$B102,#REF!, "PBBX",#REF!, $H$30,#REF!, 'Breakdown by City Neighborhood'!J$31) -> #REF! | K102: =SUM(H102:J102) -> #REF! | M102: =COUNTIFS(#REF!, 'Breakdown by City Neighborhood'!$B102,#REF!, "PBBX",#REF!, $M$30,#REF!, 'Breakdown by City Neighborhood'!M$31) -> #REF! | N102: =COUNTIFS(#REF!, 'Breakdown by City Neighborhood'!$B102,#REF!, "PBBX",#REF!, $M$30,#REF!, 'Breakdown by City Neighborhood'!N$31) -> #REF! | O102: =COUNTIFS(#REF!, 'Breakdown by City Neighborhood'!$B102,#REF!, "PBBX",#REF!, $M$30,#REF!, 'Breakdown by City Neighborhood'!O$31) -> #REF! | P102: =SUM(M102:O102) -> #REF! | R102: =COUNTIFS(#REF!, 'Breakdown by City Neighborhood'!$B102,#REF!, "PBBX",#REF!, $R$30,#REF!, 'Breakdown by City Neighborhood'!R$31) -> #REF! | S102: =COUNTIFS(#REF!, 'Breakdown by City Neighborhood'!$B102,#REF!, "PBBX",#REF!, $R$30,#REF!, 'Breakdown by City Neighborhood'!S$31) -> #REF! | T102: =COUNTIFS(#REF!, 'Breakdown by City Neighborhood'!$B102,#REF!, "PBBX",#REF!, $R$30,#REF!, 'Breakdown by City Neighborhood'!T$31) -> #REF! | U102: =SUM(R102:T102) -> #REF! | W102: =C102+H102+M102+R102 -> #REF! | X102: =D102+I102+N102+S102 -> #REF! | Y102: =E102+J102+O102+T102 -> #REF! | Z102: =SUM(W102:Y102) -> #REF!
B103: CO-OP CITY | C103: =COUNTIFS(#REF!, 'Breakdown by City Neighborhood'!$B103,#REF!, "PBBX",#REF!, $C$30,#REF!, 'Breakdown by City Neighborhood'!C$31) -> #REF! | D103: =COUNTIFS(#REF!, 'Breakdown by City Neighborhood'!$B103,#REF!, "PBBX",#REF!, $C$30,#REF!, 'Breakdown by City Neighborhood'!D$31) -> #REF! | E103: =COUNTIFS(#REF!, 'Breakdown by City Neighborhood'!$B103,#REF!, "PBBX",#REF!, $C$30,#REF!, 'Breakdown by City Neighborhood'!E$31) -> #REF! | F103: =C103+D103+E103 -> #REF! | H103: =COUNTIFS(#REF!, 'Breakdown by City Neighborhood'!$B103,#REF!, "PBBX",#REF!, $H$30,#REF!, 'Breakdown by City Neighborhood'!H$31) -> #REF! | I103: =COUNTIFS(#REF!, 'Breakdown by City Neighborhood'!$B103,#REF!, "PBBX",#REF!, $H$30,#REF!, 'Breakdown by City Neighborhood'!I$31) -> #REF! | J103: =COUNTIFS(#REF!, 'Breakdown by City Neighborhood'!$B103,#REF!, "PBBX",#REF!, $H$30,#REF!, 'Breakdown by City Neighborhood'!J$31) -> #REF! | K103: =SUM(H103:J103) -> #REF! | M103: =COUNTIFS(#REF!, 'Breakdown by City Neighborhood'!$B103,#REF!, "PBBX",#REF!, $M$30,#REF!, 'Breakdown by City Neighborhood'!M$31) -> #REF! | N103: =COUNTIFS(#REF!, 'Breakdown by City Neighborhood'!$B103,#REF!, "PBBX",#REF!, $M$30,#REF!, 'Breakdown by City Neighborhood'!N$31) -> #REF! | O103: =COUNTIFS(#REF!, 'Breakdown by City Neighborhood'!$B103,#REF!, "PBBX",#REF!, $M$30,#REF!, 'Breakdown by City Neighborhood'!O$31) -> #REF! | P103: =SUM(M103:O103) -> #REF! | R103: =COUNTIFS(#REF!, 'Breakdown by City Neighborhood'!$B103,#REF!, "PBBX",#REF!, $R$30,#REF!, 'Breakdown by City Neighborhood'!R$31) -> #REF! | S103: =COUNTIFS(#REF!, 'Breakdown by City Neighborhood'!$B103,#REF!, "PBBX",#REF!, $R$30,#REF!, 'Breakdown by City Neighborhood'!S$31) -> #REF! | T103: =COUNTIFS(#REF!, 'Breakdown by City Neighborhood'!$B103,#REF!, "PBBX",#REF!, $R$30,#REF!, 'Breakdown by City Neighborhood'!T$31) -> #REF! | U103: =SUM(R103:T103) -> #REF! | W103: =C103+H103+M103+R103 -> #REF! | X103: =D103+I103+N103+S103 -> #REF! | Y103: =E103+J103+O103+T103 -> #REF! | Z103: =SUM(W103:Y103) -> #REF!
B104: CROTONA | C104: =COUNTIFS(#REF!, 'Breakdown by City Neighborhood'!$B104,#REF!, "PBBX",#REF!, $C$30,#REF!, 'Breakdown by City Neighborhood'!C$31) -> #REF! | D104: =COUNTIFS(#REF!, 'Breakdown by City Neighborhood'!$B104,#REF!, "PBBX",#REF!, $C$30,#REF!, 'Breakdown by City Neighborhood'!D$31) -> #REF! | E104: =COUNTIFS(#REF!, 'Breakdown by City Neighborhood'!$B104,#REF!, "PBBX",#REF!, $C$30,#REF!, 'Breakdown by City Neighborhood'!E$31) -> #REF! | F104: =C104+D104+E104 -> #REF! | H104: =COUNTIFS(#REF!, 'Breakdown by City Neighborhood'!$B104,#REF!, "PBBX",#REF!, $H$30,#REF!, 'Breakdown by City Neighborhood'!H$31) -> #REF! | I104: =COUNTIFS(#REF!, 'Breakdown by City Neighborhood'!$B104,#REF!, "PBBX",#REF!, $H$30,#REF!, 'Breakdown by City Neighborhood'!I$31) -> #REF! | J104: =COUNTIFS(#REF!, 'Breakdown by City Neighborhood'!$B104,#REF!, "PBBX",#REF!, $H$30,#REF!, 'Breakdown by City Neighborhood'!J$31) -> #REF! | K104: =SUM(H104:J104) -> #REF! | M104: =COUNTIFS(#REF!, 'Breakdown by City Neighborhood'!$B104,#REF!, "PBBX",#REF!, $M$30,#REF!, 'Breakdown by City Neighborhood'!M$31) -> #REF! | N104: =COUNTIFS(#REF!, 'Breakdown by City Neighborhood'!$B104,#REF!, "PBBX",#REF!, $M$30,#REF!, 'Breakdown by City Neighborhood'!N$31) -> #REF! | O104: =COUNTIFS(#REF!, 'Breakdown by City Neighborhood'!$B104,#REF!, "PBBX",#REF!, $M$30,#REF!, 'Breakdown by City Neighborhood'!O$31) -> #REF! | P104: =SUM(M104:O104) -> #REF! | R104: =COUNTIFS(#REF!, 'Breakdown by City Neighborhood'!$B104,#REF!, "PBBX",#REF!, $R$30,#REF!, 'Breakdown by City Neighborhood'!R$31) -> #REF! | S104: =COUNTIFS(#REF!, 'Breakdown by City Neighborhood'!$B104,#REF!, "PBBX",#REF!, $R$30,#REF!, 'Breakdown by City Neighborhood'!S$31) -> #REF! | T104: =COUNTIFS(#REF!, 'Breakdown by City Neighborhood'!$B104,#REF!, "PBBX",#REF!, $R$30,#REF!, 'Breakdown by City Neighborhood'!T$31) -> #REF! | U104: =SUM(R104:T104) -> #REF! | W104: =C104+H104+M104+R104 -> #REF! | X104: =D104+I104+N104+S104 -> #REF! | Y104: =E104+J104+O104+T104 -> #REF! | Z104: =SUM(W104:Y104) -> #REF!
B105: CROTONA PARK | C105: =COUNTIFS(#REF!, 'Breakdown by City Neighborhood'!$B105,#REF!, "PBBX",#REF!, $C$30,#REF!, 'Breakdown by City Neighborhood'!C$31) -> #REF! | D105: =COUNTIFS(#REF!, 'Breakdown by City Neighborhood'!$B105,#REF!, "PBBX",#REF!, $C$30,#REF!, 'Breakdown by City Neighborhood'!D$31) -> #REF! | E105: =COUNTIFS(#REF!, 'Breakdown by City Neighborhood'!$B105,#REF!, "PBBX",#REF!, $C$30,#REF!, 'Breakdown by City Neighborhood'!E$31) -> #REF! | F105: =C105+D105+E105 -> #REF! | H105: =COUNTIFS(#REF!, 'Breakdown by City Neighborhood'!$B105,#REF!, "PBBX",#REF!, $H$30,#REF!, 'Breakdown by City Neighborhood'!H$31) -> #REF! | I105: =COUNTIFS(#REF!, 'Breakdown by City Neighborhood'!$B105,#REF!, "PBBX",#REF!, $H$30,#REF!, 'Breakdown by City Neighborhood'!I$31) -> #REF! | J105: =COUNTIFS(#REF!, 'Breakdown by City Neighborhood'!$B105,#REF!, "PBBX",#REF!, $H$30,#REF!, 'Breakdown by City Neighborhood'!J$31) -> #REF! | K105: =SUM(H105:J105) -> #REF! | M105: =COUNTIFS(#REF!, 'Breakdown by City Neighborhood'!$B105,#REF!, "PBBX",#REF!, $M$30,#REF!, 'Breakdown by City Neighborhood'!M$31) -> #REF! | N105: =COUNTIFS(#REF!, 'Breakdown by City Neighborhood'!$B105,#REF!, "PBBX",#REF!, $M$30,#REF!, 'Breakdown by City Neighborhood'!N$31) -> #REF! | O105: =COUNTIFS(#REF!, 'Breakdown by City Neighborhood'!$B105,#REF!, "PBBX",#REF!, $M$30,#REF!, 'Breakdown by City Neighborhood'!O$31) -> #REF! | P105: =SUM(M105:O105) -> #REF! | R105: =COUNTIFS(#REF!, 'Breakdown by City Neighborhood'!$B105,#REF!, "PBBX",#REF!, $R$30,#REF!, 'Breakdown by City Neighborhood'!R$31) -> #REF! | S105: =COUNTIFS(#REF!, 'Breakdown by City Neighborhood'!$B105,#REF!, "PBBX",#REF!, $R$30,#REF!, 'Breakdown by City Neighborhood'!S$31) -> #REF! | T105: =COUNTIFS(#REF!, 'Breakdown by City Neighborhood'!$B105,#REF!, "PBBX",#REF!, $R$30,#REF!, 'Breakdown by City Neighborhood'!T$31) -> #REF! | U105: =SUM(R105:T105) -> #REF! | W105: =C105+H105+M105+R105 -> #REF! | X105: =D105+I105+N105+S105 -> #REF! | Y105: =E105+J105+O105+T105 -> #REF! | Z105: =SUM(W105:Y105) -> #REF!
... B140: WESTCHESTER SQUARE | C140: =COUNTIFS(#REF!, 'Breakdown by City Neighborhood'!$B140,#REF!, "PBBX",#REF!, $C$30,#REF!, 'Breakdown by City Neighborhood'!C$31) -> #REF! | D140: =COUNTIFS(#REF!, 'Breakdown by City Neighborhood'!$B140,#REF!, "PBBX",#REF!, $C$30,#REF!, 'Breakdown by City Neighborhood'!D$31) -> #REF! | E140: =COUNTIFS(#REF!, 'Breakdown by City Neighborhood'!$B140,#REF!, "PBBX",#REF!, $C$30,#REF!, 'Breakdown by City Neighborhood'!E$31) -> #REF! | F140: =C140+D140+E140 -> #REF! | H140: =COUNTIFS(#REF!, 'Breakdown by City Neighborhood'!$B140,#REF!, "PBBX",#REF!, $H$30,#REF!, 'Breakdown by City Neighborhood'!H$31) -> #REF! | I140: =COUNTIFS(#REF!, 'Breakdown by City Neighborhood'!$B140,#REF!, "PBBX",#REF!, $H$30,#REF!, 'Breakdown by City Neighborhood'!I$31) -> #REF! | J140: =COUNTIFS(#REF!, 'Breakdown by City Neighborhood'!$B140,#REF!, "PBBX",#REF!, $H$30,#REF!, 'Breakdown by City Neighborhood'!J$31) -> #REF! | K140: =SUM(H140:J140) -> #REF! | M140: =COUNTIFS(#REF!, 'Breakdown by City Neighborhood'!$B140,#REF!, "PBBX",#REF!, $M$30,#REF!, 'Breakdown by City Neighborhood'!M$31) -> #REF! | N140: =COUNTIFS(#REF!, 'Breakdown by City Neighborhood'!$B140,#REF!, "PBBX",#REF!, $M$30,#REF!, 'Breakdown by City Neighborhood'!N$31) -> #REF! | O140: =COUNTIFS(#REF!, 'Breakdown by City Neighborhood'!$B140,#REF!, "PBBX",#REF!, $M$30,#REF!, 'Breakdown by City Neighborhood'!O$31) -> #REF! | P140: =SUM(M140:O140) -> #REF! | R140: =COUNTIFS(#REF!, 'Breakdown by City Neighborhood'!$B140,#REF!, "PBBX",#REF!, $R$30,#REF!, 'Breakdown by City Neighborhood'!R$31) -> #REF! | S140: =COUNTIFS(#REF!, 'Breakdown by City Neighborhood'!$B140,#REF!, "PBBX",#REF!, $R$30,#REF!, 'Breakdown by City Neighborhood'!S$31) -> #REF! | T140: =COUNTIFS(#REF!, 'Breakdown by City Neighborhood'!$B140,#REF!, "PBBX",#REF!, $R$30,#REF!, 'Breakdown by City Neighborhood'!T$31) -> #REF! | U140: =SUM(R140:T140) -> #REF! | W140: =C140+H140+M140+R140 -> #REF! | X140: =D140+I140+N140+S140 -> #REF! | Y140: =E140+J140+O140+T140 -> #REF! | Z140: =SUM(W140:Y140) -> #REF!
B141: WILLIAMSBRIDGE | C141: =COUNTIFS(#REF!, 'Breakdown by City Neighborhood'!$B141,#REF!, "PBBX",#REF!, $C$30,#REF!, 'Breakdown by City Neighborhood'!C$31) -> #REF! | D141: =COUNTIFS(#REF!, 'Breakdown by City Neighborhood'!$B141,#REF!, "PBBX",#REF!, $C$30,#REF!, 'Breakdown by City Neighborhood'!D$31) -> #REF! | E141: =COUNTIFS(#REF!, 'Breakdown by City Neighborhood'!$B141,#REF!, "PBBX",#REF!, $C$30,#REF!, 'Breakdown by City Neighborhood'!E$31) -> #REF! | F141: =C141+D141+E141 -> #REF! | H141: =COUNTIFS(#REF!, 'Breakdown by City Neighborhood'!$B141,#REF!, "PBBX",#REF!, $H$30,#REF!, 'Breakdown by City Neighborhood'!H$31) -> #REF! | I141: =COUNTIFS(#REF!, 'Breakdown by City Neighborhood'!$B141,#REF!, "PBBX",#REF!, $H$30,#REF!, 'Breakdown by City Neighborhood'!I$31) -> #REF! | J141: =COUNTIFS(#REF!, 'Breakdown by City Neighborhood'!$B141,#REF!, "PBBX",#REF!, $H$30,#REF!, 'Breakdown by City Neighborhood'!J$31) -> #REF! | K141: =SUM(H141:J141) -> #REF! | M141: =COUNTIFS(#REF!, 'Breakdown by City Neighborhood'!$B141,#REF!, "PBBX",#REF!, $M$30,#REF!, 'Breakdown by City Neighborhood'!M$31) -> #REF! | N141: =COUNTIFS(#REF!, 'Breakdown by City Neighborhood'!$B141,#REF!, "PBBX",#REF!, $M$30,#REF!, 'Breakdown by City Neighborhood'!N$31) -> #REF! | O141: =COUNTIFS(#REF!, 'Breakdown by City Neighborhood'!$B141,#REF!, "PBBX",#REF!, $M$30,#REF!, 'Breakdown by City Neighborhood'!O$31) -> #REF! | P141: =SUM(M141:O141) -> #REF! | R141: =COUNTIFS(#REF!, 'Breakdown by City Neighborhood'!$B141,#REF!, "PBBX",#REF!, $R$30,#REF!, 'Breakdown by City Neighborhood'!R$31) -> #REF! | S141: =COUNTIFS(#REF!, 'Breakdown by City Neighborhood'!$B141,#REF!, "PBBX",#REF!, $R$30,#REF!, 'Breakdown by City Neighborhood'!S$31) -> #REF! | T141: =COUNTIFS(#REF!, 'Breakdown by City Neighborhood'!$B141,#REF!, "PBBX",#REF!, $R$30,#REF!, 'Breakdown by City Neighborhood'!T$31) -> #REF! | U141: =SUM(R141:T141) -> #REF! | W141: =C141+H141+M141+R141 -> #REF! | X141: =D141+I141+N141+S141 -> #REF! | Y141: =E141+J141+O141+T141 -> #REF! | Z141: =SUM(W141:Y141) -> #REF! | AC141: PBBX
Z142: =SUM(Z94:Z141) -> #REF! | AA142: TOTAL | AC142: =#REF! -> #REF! | AD142: =AC142=Z142 -> #REF!
A144: PBBS | B144: BROOKLYN | C144: 2022 | H144: 2023 | M144: 2024 | R144: 2025 | W144: TOTAL OPERATIONS
A145: PBBN | C145: SUCCESSFUL | D145: MARKED CLEANED PRIOR BY DHS | E145: NEGATIVE OBSERVATION | F145: TOTALS | H145: SUCCESSFUL | I145: MARKED CLEANED PRIOR BY DHS | J145: NEGATIVE OBSERVATION | K145: TOTALS | M145: SUCCESSFUL | N145: MARKED CLEANED PRIOR BY DHS | O145: NEGATIVE OBSERVATION | P145: TOTALS | R145: SUCCESSFUL | S145: MARKED CLEANED PRIOR BY DHS | T145: NEGATIVE OBSERVATION | U145: TOTALS | W145: SUCCESSFUL | X145: MARKED CLEANED PRIOR BY DHS | Y145: NEGATIVE OBSERVATION | Z145: Overall Total
B146: BATH BEACH | C146: =COUNTIFS(#REF!, 'Breakdown by City Neighborhood'!$B146,#REF!, $A$144,#REF!, $C$30,#REF!, 'Breakdown by City Neighborhood'!C$31)+COUNTIFS(#REF!, 'Breakdown by City Neighborhood'!$B146,#REF!, $A$145,#REF!, $C$30,#REF!, 'Breakdown by City Neighborhood'!C$31) -> #REF! | D146: =COUNTIFS(#REF!, 'Breakdown by City Neighborhood'!$B146,#REF!, $A$144,#REF!, $C$30,#REF!, 'Breakdown by City Neighborhood'!D$31)+COUNTIFS(#REF!, 'Breakdown by City Neighborhood'!$B146,#REF!, $A$145,#REF!, $C$30,#REF!, 'Breakdown by City Neighborhood'!D$31) -> #REF! | E146: =COUNTIFS(#REF!, 'Breakdown by City Neighborhood'!$B146,#REF!, $A$144,#REF!, $C$30,#REF!, 'Breakdown by City Neighborhood'!E$31)+COUNTIFS(#REF!, 'Breakdown by City Neighborhood'!$B146,#REF!, $A$145,#REF!, $C$30,#REF!, 'Breakdown by City Neighborhood'!E$31) -> #REF! | F146: =C146+D146+E146 -> #REF! | H146: =COUNTIFS(#REF!, 'Breakdown by City Neighborhood'!$B146,#REF!, $A$144,#REF!, $H$30,#REF!, 'Breakdown by City Neighborhood'!H$31)+COUNTIFS(#REF!, 'Breakdown by City Neighborhood'!$B146,#REF!, $A$145,#REF!, $H$30,#REF!, 'Breakdown by City Neighborhood'!H$31) -> #REF! | I146: =COUNTIFS(#REF!, 'Breakdown by City Neighborhood'!$B146,#REF!, $A$144,#REF!, $H$30,#REF!, 'Breakdown by City Neighborhood'!I$31)+COUNTIFS(#REF!, 'Breakdown by City Neighborhood'!$B146,#REF!, $A$145,#REF!, $H$30,#REF!, 'Breakdown by City Neighborhood'!I$31) -> #REF! | J146: =COUNTIFS(#REF!, 'Breakdown by City Neighborhood'!$B146,#REF!, $A$144,#REF!, $H$30,#REF!, 'Breakdown by City Neighborhood'!J$31)+COUNTIFS(#REF!, 'Breakdown by City Neighborhood'!$B146,#REF!, $A$145,#REF!, $H$30,#REF!, 'Breakdown by City Neighborhood'!J$31) -> #REF! | K146: =H146+I146+J146 -> #REF! | M146: =COUNTIFS(#REF!, 'Breakdown by City Neighborhood'!$B146,#REF!, $A$144,#REF!, $M$30,#REF!, 'Breakdown by City Neighborhood'!M$31)+COUNTIFS(#REF!, 'Breakdown by City Neighborhood'!$B146,#REF!, $A$145,#REF!, $M$30,#REF!, 'Breakdown by City Neighborhood'!M$31) -> #REF! | N146: =COUNTIFS(#REF!, 'Breakdown by City Neighborhood'!$B146,#REF!, $A$144,#REF!, $M$30,#REF!, 'Breakdown by City Neighborhood'!N$31)+COUNTIFS(#REF!, 'Breakdown by City Neighborhood'!$B146,#REF!, $A$145,#REF!, $M$30,#REF!, 'Breakdown by City Neighborhood'!N$31) -> #REF! | O146: =COUNTIFS(#REF!, 'Breakdown by City Neighborhood'!$B146,#REF!, $A$144,#REF!, $M$30,#REF!, 'Breakdown by City Neighborhood'!O$31)+COUNTIFS(#REF!, 'Breakdown by City Neighborhood'!$B146,#REF!, $A$145,#REF!, $M$30,#REF!, 'Breakdown by City Neighborhood'!O$31) -> #REF! | P146: =M146+N146+O146 -> #REF! | R146: =COUNTIFS(#REF!, 'Breakdown by City Neighborhood'!$B146,#REF!, $A$144,#REF!, $R$30,#REF!, 'Breakdown by City Neighborhood'!R$31)+COUNTIFS(#REF!, 'Breakdown by City Neighborhood'!$B146,#REF!, $A$145,#REF!, $R$30,#REF!, 'Breakdown by City Neighborhood'!R$31) -> #REF! | S146: =COUNTIFS(#REF!, 'Breakdown by City Neighborhood'!$B146,#REF!, $A$144,#REF!, $R$30,#REF!, 'Breakdown by City Neighborhood'!S$31)+COUNTIFS(#REF!, 'Breakdown by City Neighborhood'!$B146,#REF!, $A$145,#REF!, $R$30,#REF!, 'Breakdown by City Neighborhood'!S$31) -> #REF! | T146: =COUNTIFS(#REF!, 'Breakdown by City Neighborhood'!$B146,#REF!, $A$144,#REF!, $R$30,#REF!, 'Breakdown by City Neighborhood'!T$31)+COUNTIFS(#REF!, 'Breakdown by City Neighborhood'!$B146,#REF!, $A$145,#REF!, $R$30,#REF!, 'Breakdown by City Neighborhood'!T$31) -> #REF! | U146: =COUNTIFS(#REF!, 'Breakdown by City Neighborhood'!$B146,#REF!, $A$144,#REF!, $R$30,#REF!, 'Breakdown by City Neighborhood'!U$31)+COUNTIFS(#REF!, 'Breakdown by City Neighborhood'!$B146,#REF!, $A$145,#REF!, $R$30,#REF!, 'Breakdown by City Neighborhood'!U$31) -> #REF! | W146: =C146+H146+M146+R146 -> #REF! | X146: =D146+I146+N146+S146 -> #REF! | Y146: =E146+J146+O146+T146 -> #REF! | Z146: =SUM(W146:Y146) -> #REF!
B147: BAY RIDGE | C147: =COUNTIFS(#REF!, 'Breakdown by City Neighborhood'!$B147,#REF!, $A$144,#REF!, $C$30,#REF!, 'Breakdown by City Neighborhood'!C$31)+COUNTIFS(#REF!, 'Breakdown by City Neighborhood'!$B147,#REF!, $A$145,#REF!, $C$30,#REF!, 'Breakdown by City Neighborhood'!C$31) -> #REF! | D147: =COUNTIFS(#REF!, 'Breakdown by City Neighborhood'!$B147,#REF!, $A$144,#REF!, $C$30,#REF!, 'Breakdown by City Neighborhood'!D$31)+COUNTIFS(#REF!, 'Breakdown by City Neighborhood'!$B147,#REF!, $A$145,#REF!, $C$30,#REF!, 'Breakdown by City Neighborhood'!D$31) -> #REF! | E147: =COUNTIFS(#REF!, 'Breakdown by City Neighborhood'!$B147,#REF!, $A$144,#REF!, $C$30,#REF!, 'Breakdown by City Neighborhood'!E$31)+COUNTIFS(#REF!, 'Breakdown by City Neighborhood'!$B147,#REF!, $A$145,#REF!, $C$30,#REF!, 'Breakdown by City Neighborhood'!E$31) -> #REF! | F147: =C147+D147+E147 -> #REF! | H147: =COUNTIFS(#REF!, 'Breakdown by City Neighborhood'!$B147,#REF!, $A$144,#REF!, $H$30,#REF!, 'Breakdown by City Neighborhood'!H$31)+COUNTIFS(#REF!, 'Breakdown by City Neighborhood'!$B147,#REF!, $A$145,#REF!, $H$30,#REF!, 'Breakdown by City Neighborhood'!H$31) -> #REF! | I147: =COUNTIFS(#REF!, 'Breakdown by City Neighborhood'!$B147,#REF!, $A$144,#REF!, $H$30,#REF!, 'Breakdown by City Neighborhood'!I$31)+COUNTIFS(#REF!, 'Breakdown by City Neighborhood'!$B147,#REF!, $A$145,#REF!, $H$30,#REF!, 'Breakdown by City Neighborhood'!I$31) -> #REF! | J147: =COUNTIFS(#REF!, 'Breakdown by City Neighborhood'!$B147,#REF!, $A$144,#REF!, $H$30,#REF!, 'Breakdown by City Neighborhood'!J$31)+COUNTIFS(#REF!, 'Breakdown by City Neighborhood'!$B147,#REF!, $A$145,#REF!, $H$30,#REF!, 'Breakdown by City Neighborhood'!J$31) -> #REF! | K147: =H147+I147+J147 -> #REF! | M147: =COUNTIFS(#REF!, 'Breakdown by City Neighborhood'!$B147,#REF!, $A$144,#REF!, $M$30,#REF!, 'Breakdown by City Neighborhood'!M$31)+COUNTIFS(#REF!, 'Breakdown by City Neighborhood'!$B147,#REF!, $A$145,#REF!, $M$30,#REF!, 'Breakdown by City Neighborhood'!M$31) -> #REF! | N147: =COUNTIFS(#REF!, 'Breakdown by City Neighborhood'!$B147,#REF!, $A$144,#REF!, $M$30,#REF!, 'Breakdown by City Neighborhood'!N$31)+COUNTIFS(#REF!, 'Breakdown by City Neighborhood'!$B147,#REF!, $A$145,#REF!, $M$30,#REF!, 'Breakdown by City Neighborhood'!N$31) -> #REF! | O147: =COUNTIFS(#REF!, 'Breakdown by City Neighborhood'!$B147,#REF!, $A$144,#REF!, $M$30,#REF!, 'Breakdown by City Neighborhood'!O$31)+COUNTIFS(#REF!, 'Breakdown by City Neighborhood'!$B147,#REF!, $A$145,#REF!, $M$30,#REF!, 'Breakdown by City Neighborhood'!O$31) -> #REF! | P147: =M147+N147+O147 -> #REF! | R147: =COUNTIFS(#REF!, 'Breakdown by City Neighborhood'!$B147,#REF!, $A$144,#REF!, $R$30,#REF!, 'Breakdown by City Neighborhood'!R$31)+COUNTIFS(#REF!, 'Breakdown by City Neighborhood'!$B147,#REF!, $A$145,#REF!, $R$30,#REF!, 'Breakdown by City Neighborhood'!R$31) -> #REF! | S147: =COUNTIFS(#REF!, 'Breakdown by City Neighborhood'!$B147,#REF!, $A$144,#REF!, $R$30,#REF!, 'Breakdown by City Neighborhood'!S$31)+COUNTIFS(#REF!, 'Breakdown by City Neighborhood'!$B147,#REF!, $A$145,#REF!, $R$30,#REF!, 'Breakdown by City Neighborhood'!S$31) -> #REF! | T147: =COUNTIFS(#REF!, 'Breakdown by City Neighborhood'!$B147,#REF!, $A$144,#REF!, $R$30,#REF!, 'Breakdown by City Neighborhood'!T$31)+COUNTIFS(#REF!, 'Breakdown by City Neighborhood'!$B147,#REF!, $A$145,#REF!, $R$30,#REF!, 'Breakdown by City Neighborhood'!T$31) -> #REF! | U147: =COUNTIFS(#REF!, 'Breakdown by City Neighborhood'!$B147,#REF!, $A$144,#REF!, $R$30,#REF!, 'Breakdown by City Neighborhood'!U$31)+COUNTIFS(#REF!, 'Breakdown by City Neighborhood'!$B147,#REF!, $A$145,#REF!, $R$30,#REF!, 'Breakdown by City Neighborhood'!U$31) -> #REF! | W147: =C147+H147+M147+R147 -> #REF! | X147: =D147+I147+N147+S147 -> #REF! | Y147: =E147+J147+O147+T147 -> #REF! | Z147: =SUM(W147:Y147) -> #REF!
B148: BEDFORD - STUYVESANT | C148: =COUNTIFS(#REF!, 'Breakdown by City Neighborhood'!$B148,#REF!, $A$144,#REF!, $C$30,#REF!, 'Breakdown by City Neighborhood'!C$31)+COUNTIFS(#REF!, 'Breakdown by City Neighborhood'!$B148,#REF!, $A$145,#REF!, $C$30,#REF!, 'Breakdown by City Neighborhood'!C$31) -> #REF! | D148: =COUNTIFS(#REF!, 'Breakdown by City Neighborhood'!$B148,#REF!, $A$144,#REF!, $C$30,#REF!, 'Breakdown by City Neighborhood'!D$31)+COUNTIFS(#REF!, 'Breakdown by City Neighborhood'!$B148,#REF!, $A$145,#REF!, $C$30,#REF!, 'Breakdown by City Neighborhood'!D$31) -> #REF! | E148: =COUNTIFS(#REF!, 'Breakdown by City Neighborhood'!$B148,#REF!, $A$144,#REF!, $C$30,#REF!, 'Breakdown by City Neighborhood'!E$31)+COUNTIFS(#REF!, 'Breakdown by City Neighborhood'!$B148,#REF!, $A$145,#REF!, $C$30,#REF!, 'Breakdown by City Neighborhood'!E$31) -> #REF! | F148: =C148+D148+E148 -> #REF! | H148: =COUNTIFS(#REF!, 'Breakdown by City Neighborhood'!$B148,#REF!, $A$144,#REF!, $H$30,#REF!, 'Breakdown by City Neighborhood'!H$31)+COUNTIFS(#REF!, 'Breakdown by City Neighborhood'!$B148,#REF!, $A$145,#REF!, $H$30,#REF!, 'Breakdown by City Neighborhood'!H$31) -> #REF! | I148: =COUNTIFS(#REF!, 'Breakdown by City Neighborhood'!$B148,#REF!, $A$144,#REF!, $H$30,#REF!, 'Breakdown by City Neighborhood'!I$31)+COUNTIFS(#REF!, 'Breakdown by City Neighborhood'!$B148,#REF!, $A$145,#REF!, $H$30,#REF!, 'Breakdown by City Neighborhood'!I$31) -> #REF! | J148: =COUNTIFS(#REF!, 'Breakdown by City Neighborhood'!$B148,#REF!, $A$144,#REF!, $H$30,#REF!, 'Breakdown by City Neighborhood'!J$31)+COUNTIFS(#REF!, 'Breakdown by City Neighborhood'!$B148,#REF!, $A$145,#REF!, $H$30,#REF!, 'Breakdown by City Neighborhood'!J$31) -> #REF! | K148: =H148+I148+J148 -> #REF! | M148: =COUNTIFS(#REF!, 'Breakdown by City Neighborhood'!$B148,#REF!, $A$144,#REF!, $M$30,#REF!, 'Breakdown by City Neighborhood'!M$31)+COUNTIFS(#REF!, 'Breakdown by City Neighborhood'!$B148,#REF!, $A$145,#REF!, $M$30,#REF!, 'Breakdown by City Neighborhood'!M$31) -> #REF! | N148: =COUNTIFS(#REF!, 'Breakdown by City Neighborhood'!$B148,#REF!, $A$144,#REF!, $M$30,#REF!, 'Breakdown by City Neighborhood'!N$31)+COUNTIFS(#REF!, 'Breakdown by City Neighborhood'!$B148,#REF!, $A$145,#REF!, $M$30,#REF!, 'Breakdown by City Neighborhood'!N$31) -> #REF! | O148: =COUNTIFS(#REF!, 'Breakdown by City Neighborhood'!$B148,#REF!, $A$144,#REF!, $M$30,#REF!, 'Breakdown by City Neighborhood'!O$31)+COUNTIFS(#REF!, 'Breakdown by City Neighborhood'!$B148,#REF!, $A$145,#REF!, $M$30,#REF!, 'Breakdown by City Neighborhood'!O$31) -> #REF! | P148: =M148+N148+O148 -> #REF! | R148: =COUNTIFS(#REF!, 'Breakdown by City Neighborhood'!$B148,#REF!, $A$144,#REF!, $R$30,#REF!, 'Breakdown by City Neighborhood'!R$31)+COUNTIFS(#REF!, 'Breakdown by City Neighborhood'!$B148,#REF!, $A$145,#REF!, $R$30,#REF!, 'Breakdown by City Neighborhood'!R$31) -> #REF! | S148: =COUNTIFS(#REF!, 'Breakdown by City Neighborhood'!$B148,#REF!, $A$144,#REF!, $R$30,#REF!, 'Breakdown by City Neighborhood'!S$31)+COUNTIFS(#REF!, 'Breakdown by City Neighborhood'!$B148,#REF!, $A$145,#REF!, $R$30,#REF!, 'Breakdown by City Neighborhood'!S$31) -> #REF! | T148: =COUNTIFS(#REF!, 'Breakdown by City Neighborhood'!$B148,#REF!, $A$144,#REF!, $R$30,#REF!, 'Breakdown by City Neighborhood'!T$31)+COUNTIFS(#REF!, 'Breakdown by City Neighborhood'!$B148,#REF!, $A$145,#REF!, $R$30,#REF!, 'Breakdown by City Neighborhood'!T$31) -> #REF! | U148: =COUNTIFS(#REF!, 'Breakdown by City Neighborhood'!$B148,#REF!, $A$144,#REF!, $R$30,#REF!, 'Breakdown by City Neighborhood'!U$31)+COUNTIFS(#REF!, 'Breakdown by City Neighborhood'!$B148,#REF!, $A$145,#REF!, $R$30,#REF!, 'Breakdown by City Neighborhood'!U$31) -> #REF! | W148: =C148+H148+M148+R148 -> #REF! | X148: =D148+I148+N148+S148 -> #REF! | Y148: =E148+J148+O148+T148 -> #REF! | Z148: =SUM(W148:Y148) -> #REF!
B149: BENSONHURST | C149: =COUNTIFS(#REF!, 'Breakdown by City Neighborhood'!$B149,#REF!, $A$144,#REF!, $C$30,#REF!, 'Breakdown by City Neighborhood'!C$31)+COUNTIFS(#REF!, 'Breakdown by City Neighborhood'!$B149,#REF!, $A$145,#REF!, $C$30,#REF!, 'Breakdown by City Neighborhood'!C$31) -> #REF! | D149: =COUNTIFS(#REF!, 'Breakdown by City Neighborhood'!$B149,#REF!, $A$144,#REF!, $C$30,#REF!, 'Breakdown by City Neighborhood'!D$31)+COUNTIFS(#REF!, 'Breakdown by City Neighborhood'!$B149,#REF!, $A$145,#REF!, $C$30,#REF!, 'Breakdown by City Neighborhood'!D$31) -> #REF! | E149: =COUNTIFS(#REF!, 'Breakdown by City Neighborhood'!$B149,#REF!, $A$144,#REF!, $C$30,#REF!, 'Breakdown by City Neighborhood'!E$31)+COUNTIFS(#REF!, 'Breakdown by City Neighborhood'!$B149,#REF!, $A$145,#REF!, $C$30,#REF!, 'Breakdown by City Neighborhood'!E$31) -> #REF! | F149: =C149+D149+E149 -> #REF! | H149: =COUNTIFS(#REF!, 'Breakdown by City Neighborhood'!$B149,#REF!, $A$144,#REF!, $H$30,#REF!, 'Breakdown by City Neighborhood'!H$31)+COUNTIFS(#REF!, 'Breakdown by City Neighborhood'!$B149,#REF!, $A$145,#REF!, $H$30,#REF!, 'Breakdown by City Neighborhood'!H$31) -> #REF! | I149: =COUNTIFS(#REF!, 'Breakdown by City Neighborhood'!$B149,#REF!, $A$144,#REF!, $H$30,#REF!, 'Breakdown by City Neighborhood'!I$31)+COUNTIFS(#REF!, 'Breakdown by City Neighborhood'!$B149,#REF!, $A$145,#REF!, $H$30,#REF!, 'Breakdown by City Neighborhood'!I$31) -> #REF! | J149: =COUNTIFS(#REF!, 'Breakdown by City Neighborhood'!$B149,#REF!, $A$144,#REF!, $H$30,#REF!, 'Breakdown by City Neighborhood'!J$31)+COUNTIFS(#REF!, 'Breakdown by City Neighborhood'!$B149,#REF!, $A$145,#REF!, $H$30,#REF!, 'Breakdown by City Neighborhood'!J$31) -> #REF! | K149: =H149+I149+J149 -> #REF! | M149: =COUNTIFS(#REF!, 'Breakdown by City Neighborhood'!$B149,#REF!, $A$144,#REF!, $M$30,#REF!, 'Breakdown by City Neighborhood'!M$31)+COUNTIFS(#REF!, 'Breakdown by City Neighborhood'!$B149,#REF!, $A$145,#REF!, $M$30,#REF!, 'Breakdown by City Neighborhood'!M$31) -> #REF! | N149: =COUNTIFS(#REF!, 'Breakdown by City Neighborhood'!$B149,#REF!, $A$144,#REF!, $M$30,#REF!, 'Breakdown by City Neighborhood'!N$31)+COUNTIFS(#REF!, 'Breakdown by City Neighborhood'!$B149,#REF!, $A$145,#REF!, $M$30,#REF!, 'Breakdown by City Neighborhood'!N$31) -> #REF! | O149: =COUNTIFS(#REF!, 'Breakdown by City Neighborhood'!$B149,#REF!, $A$144,#REF!, $M$30,#REF!, 'Breakdown by City Neighborhood'!O$31)+COUNTIFS(#REF!, 'Breakdown by City Neighborhood'!$B149,#REF!, $A$145,#REF!, $M$30,#REF!, 'Breakdown by City Neighborhood'!O$31) -> #REF! | P149: =M149+N149+O149 -> #REF! | R149: =COUNTIFS(#REF!, 'Breakdown by City Neighborhood'!$B149,#REF!, $A$144,#REF!, $R$30,#REF!, 'Breakdown by City Neighborhood'!R$31)+COUNTIFS(#REF!, 'Breakdown by City Neighborhood'!$B149,#REF!, $A$145,#REF!, $R$30,#REF!, 'Breakdown by City Neighborhood'!R$31) -> #REF! | S149: =COUNTIFS(#REF!, 'Breakdown by City Neighborhood'!$B149,#REF!, $A$144,#REF!, $R$30,#REF!, 'Breakdown by City Neighborhood'!S$31)+COUNTIFS(#REF!, 'Breakdown by City Neighborhood'!$B149,#REF!, $A$145,#REF!, $R$30,#REF!, 'Breakdown by City Neighborhood'!S$31) -> #REF! | T149: =COUNTIFS(#REF!, 'Breakdown by City Neighborhood'!$B149,#REF!, $A$144,#REF!, $R$30,#REF!, 'Breakdown by City Neighborhood'!T$31)+COUNTIFS(#REF!, 'Breakdown by City Neighborhood'!$B149,#REF!, $A$145,#REF!, $R$30,#REF!, 'Breakdown by City Neighborhood'!T$31) -> #REF! | U149: =COUNTIFS(#REF!, 'Breakdown by City Neighborhood'!$B149,#REF!, $A$144,#REF!, $R$30,#REF!, 'Breakdown by City Neighborhood'!U$31)+COUNTIFS(#REF!, 'Breakdown by City Neighborhood'!$B149,#REF!, $A$145,#REF!, $R$30,#REF!, 'Breakdown by City Neighborhood'!U$31) -> #REF! | W149: =C149+H149+M149+R149 -> #REF! | X149: =D149+I149+N149+S149 -> #REF! | Y149: =E149+J149+O149+T149 -> #REF! | Z149: =SUM(W149:Y149) -> #REF!
B150: BOERUM HILL | C150: =COUNTIFS(#REF!, 'Breakdown by City Neighborhood'!$B150,#REF!, $A$144,#REF!, $C$30,#REF!, 'Breakdown by City Neighborhood'!C$31)+COUNTIFS(#REF!, 'Breakdown by City Neighborhood'!$B150,#REF!, $A$145,#REF!, $C$30,#REF!, 'Breakdown by City Neighborhood'!C$31) -> #REF! | D150: =COUNTIFS(#REF!, 'Breakdown by City Neighborhood'!$B150,#REF!, $A$144,#REF!, $C$30,#REF!, 'Breakdown by City Neighborhood'!D$31)+COUNTIFS(#REF!, 'Breakdown by City Neighborhood'!$B150,#REF!, $A$145,#REF!, $C$30,#REF!, 'Breakdown by City Neighborhood'!D$31) -> #REF! | E150: =COUNTIFS(#REF!, 'Breakdown by City Neighborhood'!$B150,#REF!, $A$144,#REF!, $C$30,#REF!, 'Breakdown by City Neighborhood'!E$31)+COUNTIFS(#REF!, 'Breakdown by City Neighborhood'!$B150,#REF!, $A$145,#REF!, $C$30,#REF!, 'Breakdown by City Neighborhood'!E$31) -> #REF! | F150: =C150+D150+E150 -> #REF! | H150: =COUNTIFS(#REF!, 'Breakdown by City Neighborhood'!$B150,#REF!, $A$144,#REF!, $H$30,#REF!, 'Breakdown by City Neighborhood'!H$31)+COUNTIFS(#REF!, 'Breakdown by City Neighborhood'!$B150,#REF!, $A$145,#REF!, $H$30,#REF!, 'Breakdown by City Neighborhood'!H$31) -> #REF! | I150: =COUNTIFS(#REF!, 'Breakdown by City Neighborhood'!$B150,#REF!, $A$144,#REF!, $H$30,#REF!, 'Breakdown by City Neighborhood'!I$31)+COUNTIFS(#REF!, 'Breakdown by City Neighborhood'!$B150,#REF!, $A$145,#REF!, $H$30,#REF!, 'Breakdown by City Neighborhood'!I$31) -> #REF! | J150: =COUNTIFS(#REF!, 'Breakdown by City Neighborhood'!$B150,#REF!, $A$144,#REF!, $H$30,#REF!, 'Breakdown by City Neighborhood'!J$31)+COUNTIFS(#REF!, 'Breakdown by City Neighborhood'!$B150,#REF!, $A$145,#REF!, $H$30,#REF!, 'Breakdown by City Neighborhood'!J$31) -> #REF! | K150: =H150+I150+J150 -> #REF! | M150: =COUNTIFS(#REF!, 'Breakdown by City Neighborhood'!$B150,#REF!, $A$144,#REF!, $M$30,#REF!, 'Breakdown by City Neighborhood'!M$31)+COUNTIFS(#REF!, 'Breakdown by City Neighborhood'!$B150,#REF!, $A$145,#REF!, $M$30,#REF!, 'Breakdown by City Neighborhood'!M$31) -> #REF! | N150: =COUNTIFS(#REF!, 'Breakdown by City Neighborhood'!$B150,#REF!, $A$144,#REF!, $M$30,#REF!, 'Breakdown by City Neighborhood'!N$31)+COUNTIFS(#REF!, 'Breakdown by City Neighborhood'!$B150,#REF!, $A$145,#REF!, $M$30,#REF!, 'Breakdown by City Neighborhood'!N$31) -> #REF! | O150: =COUNTIFS(#REF!, 'Breakdown by City Neighborhood'!$B150,#REF!, $A$144,#REF!, $M$30,#REF!, 'Breakdown by City Neighborhood'!O$31)+COUNTIFS(#REF!, 'Breakdown by City Neighborhood'!$B150,#REF!, $A$145,#REF!, $M$30,#REF!, 'Breakdown by City Neighborhood'!O$31) -> #REF! | P150: =M150+N150+O150 -> #REF! | R150: =COUNTIFS(#REF!, 'Breakdown by City Neighborhood'!$B150,#REF!, $A$144,#REF!, $R$30,#REF!, 'Breakdown by City Neighborhood'!R$31)+COUNTIFS(#REF!, 'Breakdown by City Neighborhood'!$B150,#REF!, $A$145,#REF!, $R$30,#REF!, 'Breakdown by City Neighborhood'!R$31) -> #REF! | S150: =COUNTIFS(#REF!, 'Breakdown by City Neighborhood'!$B150,#REF!, $A$144,#REF!, $R$30,#REF!, 'Breakdown by City Neighborhood'!S$31)+COUNTIFS(#REF!, 'Breakdown by City Neighborhood'!$B150,#REF!, $A$145,#REF!, $R$30,#REF!, 'Breakdown by City Neighborhood'!S$31) -> #REF! | T150: =COUNTIFS(#REF!, 'Breakdown by City Neighborhood'!$B150,#REF!, $A$144,#REF!, $R$30,#REF!, 'Breakdown by City Neighborhood'!T$31)+COUNTIFS(#REF!, 'Breakdown by City Neighborhood'!$B150,#REF!, $A$145,#REF!, $R$30,#REF!, 'Breakdown by City Neighborhood'!T$31) -> #REF! | U150: =COUNTIFS(#REF!, 'Breakdown by City Neighborhood'!$B150,#REF!, $A$144,#REF!, $R$30,#REF!, 'Breakdown by City Neighborhood'!U$31)+COUNTIFS(#REF!, 'Breakdown by City Neighborhood'!$B150,#REF!, $A$145,#REF!, $R$30,#REF!, 'Breakdown by City Neighborhood'!U$31) -> #REF! | W150: =C150+H150+M150+R150 -> #REF! | X150: =D150+I150+N150+S150 -> #REF! | Y150: =E150+J150+O150+T150 -> #REF! | Z150: =SUM(W150:Y150) -> #REF!
B151: BOROUGH PARK | C151: =COUNTIFS(#REF!, 'Breakdown by City Neighborhood'!$B151,#REF!, $A$144,#REF!, $C$30,#REF!, 'Breakdown by City Neighborhood'!C$31)+COUNTIFS(#REF!, 'Breakdown by City Neighborhood'!$B151,#REF!, $A$145,#REF!, $C$30,#REF!, 'Breakdown by City Neighborhood'!C$31) -> #REF! | D151: =COUNTIFS(#REF!, 'Breakdown by City Neighborhood'!$B151,#REF!, $A$144,#REF!, $C$30,#REF!, 'Breakdown by City Neighborhood'!D$31)+COUNTIFS(#REF!, 'Breakdown by City Neighborhood'!$B151,#REF!, $A$145,#REF!, $C$30,#REF!, 'Breakdown by City Neighborhood'!D$31) -> #REF! | E151: =COUNTIFS(#REF!, 'Breakdown by City Neighborhood'!$B151,#REF!, $A$144,#REF!, $C$30,#REF!, 'Breakdown by City Neighborhood'!E$31)+COUNTIFS(#REF!, 'Breakdown by City Neighborhood'!$B151,#REF!, $A$145,#REF!, $C$30,#REF!, 'Breakdown by City Neighborhood'!E$31) -> #REF! | F151: =C151+D151+E151 -> #REF! | H151: =COUNTIFS(#REF!, 'Breakdown by City Neighborhood'!$B151,#REF!, $A$144,#REF!, $H$30,#REF!, 'Breakdown by City Neighborhood'!H$31)+COUNTIFS(#REF!, 'Breakdown by City Neighborhood'!$B151,#REF!, $A$145,#REF!, $H$30,#REF!, 'Breakdown by City Neighborhood'!H$31) -> #REF! | I151: =COUNTIFS(#REF!, 'Breakdown by City Neighborhood'!$B151,#REF!, $A$144,#REF!, $H$30,#REF!, 'Breakdown by City Neighborhood'!I$31)+COUNTIFS(#REF!, 'Breakdown by City Neighborhood'!$B151,#REF!, $A$145,#REF!, $H$30,#REF!, 'Breakdown by City Neighborhood'!I$31) -> #REF! | J151: =COUNTIFS(#REF!, 'Breakdown by City Neighborhood'!$B151,#REF!, $A$144,#REF!, $H$30,#REF!, 'Breakdown by City Neighborhood'!J$31)+COUNTIFS(#REF!, 'Breakdown by City Neighborhood'!$B151,#REF!, $A$145,#REF!, $H$30,#REF!, 'Breakdown by City Neighborhood'!J$31) -> #REF! | K151: =H151+I151+J151 -> #REF! | M151: =COUNTIFS(#REF!, 'Breakdown by City Neighborhood'!$B151,#REF!, $A$144,#REF!, $M$30,#REF!, 'Breakdown by City Neighborhood'!M$31)+COUNTIFS(#REF!, 'Breakdown by City Neighborhood'!$B151,#REF!, $A$145,#REF!, $M$30,#REF!, 'Breakdown by City Neighborhood'!M$31) -> #REF! | N151: =COUNTIFS(#REF!, 'Breakdown by City Neighborhood'!$B151,#REF!, $A$144,#REF!, $M$30,#REF!, 'Breakdown by City Neighborhood'!N$31)+COUNTIFS(#REF!, 'Breakdown by City Neighborhood'!$B151,#REF!, $A$145,#REF!, $M$30,#REF!, 'Breakdown by City Neighborhood'!N$31) -> #REF! | O151: =COUNTIFS(#REF!, 'Breakdown by City Neighborhood'!$B151,#REF!, $A$144,#REF!, $M$30,#REF!, 'Breakdown by City Neighborhood'!O$31)+COUNTIFS(#REF!, 'Breakdown by City Neighborhood'!$B151,#REF!, $A$145,#REF!, $M$30,#REF!, 'Breakdown by City Neighborhood'!O$31) -> #REF! | P151: =M151+N151+O151 -> #REF! | R151: =COUNTIFS(#REF!, 'Breakdown by City Neighborhood'!$B151,#REF!, $A$144,#REF!, $R$30,#REF!, 'Breakdown by City Neighborhood'!R$31)+COUNTIFS(#REF!, 'Breakdown by City Neighborhood'!$B151,#REF!, $A$145,#REF!, $R$30,#REF!, 'Breakdown by City Neighborhood'!R$31) -> #REF! | S151: =COUNTIFS(#REF!, 'Breakdown by City Neighborhood'!$B151,#REF!, $A$144,#REF!, $R$30,#REF!, 'Breakdown by City Neighborhood'!S$31)+COUNTIFS(#REF!, 'Breakdown by City Neighborhood'!$B151,#REF!, $A$145,#REF!, $R$30,#REF!, 'Breakdown by City Neighborhood'!S$31) -> #REF! | T151: =COUNTIFS(#REF!, 'Breakdown by City Neighborhood'!$B151,#REF!, $A$144,#REF!, $R$30,#REF!, 'Breakdown by City Neighborhood'!T$31)+COUNTIFS(#REF!, 'Breakdown by City Neighborhood'!$B151,#REF!, $A$145,#REF!, $R$30,#REF!, 'Breakdown by City Neighborhood'!T$31) -> #REF! | U151: =COUNTIFS(#REF!, 'Breakdown by City Neighborhood'!$B151,#REF!, $A$144,#REF!, $R$30,#REF!, 'Breakdown by City Neighborhood'!U$31)+COUNTIFS(#REF!, 'Breakdown by City Neighborhood'!$B151,#REF!, $A$145,#REF!, $R$30,#REF!, 'Breakdown by City Neighborhood'!U$31) -> #REF! | W151: =C151+H151+M151+R151 -> #REF! | X151: =D151+I151+N151+S151 -> #REF! | Y151: =E151+J151+O151+T151 -> #REF! | Z151: =SUM(W151:Y151) -> #REF!
B152: BRIGHTON BEACH | C152: =COUNTIFS(#REF!, 'Breakdown by City Neighborhood'!$B152,#REF!, $A$144,#REF!, $C$30,#REF!, 'Breakdown by City Neighborhood'!C$31)+COUNTIFS(#REF!, 'Breakdown by City Neighborhood'!$B152,#REF!, $A$145,#REF!, $C$30,#REF!, 'Breakdown by City Neighborhood'!C$31) -> #REF! | D152: =COUNTIFS(#REF!, 'Breakdown by City Neighborhood'!$B152,#REF!, $A$144,#REF!, $C$30,#REF!, 'Breakdown by City Neighborhood'!D$31)+COUNTIFS(#REF!, 'Breakdown by City Neighborhood'!$B152,#REF!, $A$145,#REF!, $C$30,#REF!, 'Breakdown by City Neighborhood'!D$31) -> #REF! | E152: =COUNTIFS(#REF!, 'Breakdown by City Neighborhood'!$B152,#REF!, $A$144,#REF!, $C$30,#REF!, 'Breakdown by City Neighborhood'!E$31)+COUNTIFS(#REF!, 'Breakdown by City Neighborhood'!$B152,#REF!, $A$145,#REF!, $C$30,#REF!, 'Breakdown by City Neighborhood'!E$31) -> #REF! | F152: =C152+D152+E152 -> #REF! | H152: =COUNTIFS(#REF!, 'Breakdown by City Neighborhood'!$B152,#REF!, $A$144,#REF!, $H$30,#REF!, 'Breakdown by City Neighborhood'!H$31)+COUNTIFS(#REF!, 'Breakdown by City Neighborhood'!$B152,#REF!, $A$145,#REF!, $H$30,#REF!, 'Breakdown by City Neighborhood'!H$31) -> #REF! | I152: =COUNTIFS(#REF!, 'Breakdown by City Neighborhood'!$B152,#REF!, $A$144,#REF!, $H$30,#REF!, 'Breakdown by City Neighborhood'!I$31)+COUNTIFS(#REF!, 'Breakdown by City Neighborhood'!$B152,#REF!, $A$145,#REF!, $H$30,#REF!, 'Breakdown by City Neighborhood'!I$31) -> #REF! | J152: =COUNTIFS(#REF!, 'Breakdown by City Neighborhood'!$B152,#REF!, $A$144,#REF!, $H$30,#REF!, 'Breakdown by City Neighborhood'!J$31)+COUNTIFS(#REF!, 'Breakdown by City Neighborhood'!$B152,#REF!, $A$145,#REF!, $H$30,#REF!, 'Breakdown by City Neighborhood'!J$31) -> #REF! | K152: =H152+I152+J152 -> #REF! | M152: =COUNTIFS(#REF!, 'Breakdown by City Neighborhood'!$B152,#REF!, $A$144,#REF!, $M$30,#REF!, 'Breakdown by City Neighborhood'!M$31)+COUNTIFS(#REF!, 'Breakdown by City Neighborhood'!$B152,#REF!, $A$145,#REF!, $M$30,#REF!, 'Breakdown by City Neighborhood'!M$31) -> #REF! | N152: =COUNTIFS(#REF!, 'Breakdown by City Neighborhood'!$B152,#REF!, $A$144,#REF!, $M$30,#REF!, 'Breakdown by City Neighborhood'!N$31)+COUNTIFS(#REF!, 'Breakdown by City Neighborhood'!$B152,#REF!, $A$145,#REF!, $M$30,#REF!, 'Breakdown by City Neighborhood'!N$31) -> #REF! | O152: =COUNTIFS(#REF!, 'Breakdown by City Neighborhood'!$B152,#REF!, $A$144,#REF!, $M$30,#REF!, 'Breakdown by City Neighborhood'!O$31)+COUNTIFS(#REF!, 'Breakdown by City Neighborhood'!$B152,#REF!, $A$145,#REF!, $M$30,#REF!, 'Breakdown by City Neighborhood'!O$31) -> #REF! | P152: =M152+N152+O152 -> #REF! | R152: =COUNTIFS(#REF!, 'Breakdown by City Neighborhood'!$B152,#REF!, $A$144,#REF!, $R$30,#REF!, 'Breakdown by City Neighborhood'!R$31)+COUNTIFS(#REF!, 'Breakdown by City Neighborhood'!$B152,#REF!, $A$145,#REF!, $R$30,#REF!, 'Breakdown by City Neighborhood'!R$31) -> #REF! | S152: =COUNTIFS(#REF!, 'Breakdown by City Neighborhood'!$B152,#REF!, $A$144,#REF!, $R$30,#REF!, 'Breakdown by City Neighborhood'!S$31)+COUNTIFS(#REF!, 'Breakdown by City Neighborhood'!$B152,#REF!, $A$145,#REF!, $R$30,#REF!, 'Breakdown by City Neighborhood'!S$31) -> #REF! | T152: =COUNTIFS(#REF!, 'Breakdown by City Neighborhood'!$B152,#REF!, $A$144,#REF!, $R$30,#REF!, 'Breakdown by City Neighborhood'!T$31)+COUNTIFS(#REF!, 'Breakdown by City Neighborhood'!$B152,#REF!, $A$145,#REF!, $R$30,#REF!, 'Breakdown by City Neighborhood'!T$31) -> #REF! | U152: =COUNTIFS(#REF!, 'Breakdown by City Neighborhood'!$B152,#REF!, $A$144,#REF!, $R$30,#REF!, 'Breakdown by City Neighborhood'!U$31)+COUNTIFS(#REF!, 'Breakdown by City Neighborhood'!$B152,#REF!, $A$145,#REF!, $R$30,#REF!, 'Breakdown by City Neighborhood'!U$31) -> #REF! | W152: =C152+H152+M152+R152 -> #REF! | X152: =D152+I152+N152+S152 -> #REF! | Y152: =E152+J152+O152+T152 -> #REF! | Z152: =SUM(W152:Y152) -> #REF!
B153: BROOKLYN HEIGHTS | C153: =COUNTIFS(#REF!, 'Breakdown by City Neighborhood'!$B153,#REF!, $A$144,#REF!, $C$30,#REF!, 'Breakdown by City Neighborhood'!C$31)+COUNTIFS(#REF!, 'Breakdown by City Neighborhood'!$B153,#REF!, $A$145,#REF!, $C$30,#REF!, 'Breakdown by City Neighborhood'!C$31) -> #REF! | D153: =COUNTIFS(#REF!, 'Breakdown by City Neighborhood'!$B153,#REF!, $A$144,#REF!, $C$30,#REF!, 'Breakdown by City Neighborhood'!D$31)+COUNTIFS(#REF!, 'Breakdown by City Neighborhood'!$B153,#REF!, $A$145,#REF!, $C$30,#REF!, 'Breakdown by City Neighborhood'!D$31) -> #REF! | E153: =COUNTIFS(#REF!, 'Breakdown by City Neighborhood'!$B153,#REF!, $A$144,#REF!, $C$30,#REF!, 'Breakdown by City Neighborhood'!E$31)+COUNTIFS(#REF!, 'Breakdown by City Neighborhood'!$B153,#REF!, $A$145,#REF!, $C$30,#REF!, 'Breakdown by City Neighborhood'!E$31) -> #REF! | F153: =C153+D153+E153 -> #REF! | H153: =COUNTIFS(#REF!, 'Breakdown by City Neighborhood'!$B153,#REF!, $A$144,#REF!, $H$30,#REF!, 'Breakdown by City Neighborhood'!H$31)+COUNTIFS(#REF!, 'Breakdown by City Neighborhood'!$B153,#REF!, $A$145,#REF!, $H$30,#REF!, 'Breakdown by City Neighborhood'!H$31) -> #REF! | I153: =COUNTIFS(#REF!, 'Breakdown by City Neighborhood'!$B153,#REF!, $A$144,#REF!, $H$30,#REF!, 'Breakdown by City Neighborhood'!I$31)+COUNTIFS(#REF!, 'Breakdown by City Neighborhood'!$B153,#REF!, $A$145,#REF!, $H$30,#REF!, 'Breakdown by City Neighborhood'!I$31) -> #REF! | J153: =COUNTIFS(#REF!, 'Breakdown by City Neighborhood'!$B153,#REF!, $A$144,#REF!, $H$30,#REF!, 'Breakdown by City Neighborhood'!J$31)+COUNTIFS(#REF!, 'Breakdown by City Neighborhood'!$B153,#REF!, $A$145,#REF!, $H$30,#REF!, 'Breakdown by City Neighborhood'!J$31) -> #REF! | K153: =H153+I153+J153 -> #REF! | M153: =COUNTIFS(#REF!, 'Breakdown by City Neighborhood'!$B153,#REF!, $A$144,#REF!, $M$30,#REF!, 'Breakdown by City Neighborhood'!M$31)+COUNTIFS(#REF!, 'Breakdown by City Neighborhood'!$B153,#REF!, $A$145,#REF!, $M$30,#REF!, 'Breakdown by City Neighborhood'!M$31) -> #REF! | N153: =COUNTIFS(#REF!, 'Breakdown by City Neighborhood'!$B153,#REF!, $A$144,#REF!, $M$30,#REF!, 'Breakdown by City Neighborhood'!N$31)+COUNTIFS(#REF!, 'Breakdown by City Neighborhood'!$B153,#REF!, $A$145,#REF!, $M$30,#REF!, 'Breakdown by City Neighborhood'!N$31) -> #REF! | O153: =COUNTIFS(#REF!, 'Breakdown by City Neighborhood'!$B153,#REF!, $A$144,#REF!, $M$30,#REF!, 'Breakdown by City Neighborhood'!O$31)+COUNTIFS(#REF!, 'Breakdown by City Neighborhood'!$B153,#REF!, $A$145,#REF!, $M$30,#REF!, 'Breakdown by City Neighborhood'!O$31) -> #REF! | P153: =M153+N153+O153 -> #REF! | R153: =COUNTIFS(#REF!, 'Breakdown by City Neighborhood'!$B153,#REF!, $A$144,#REF!, $R$30,#REF!, 'Breakdown by City Neighborhood'!R$31)+COUNTIFS(#REF!, 'Breakdown by City Neighborhood'!$B153,#REF!, $A$145,#REF!, $R$30,#REF!, 'Breakdown by City Neighborhood'!R$31) -> #REF! | S153: =COUNTIFS(#REF!, 'Breakdown by City Neighborhood'!$B153,#REF!, $A$144,#REF!, $R$30,#REF!, 'Breakdown by City Neighborhood'!S$31)+COUNTIFS(#REF!, 'Breakdown by City Neighborhood'!$B153,#REF!, $A$145,#REF!, $R$30,#REF!, 'Breakdown by City Neighborhood'!S$31) -> #REF! | T153: =COUNTIFS(#REF!, 'Breakdown by City Neighborhood'!$B153,#REF!, $A$144,#REF!, $R$30,#REF!, 'Breakdown by City Neighborhood'!T$31)+COUNTIFS(#REF!, 'Breakdown by City Neighborhood'!$B153,#REF!, $A$145,#REF!, $R$30,#REF!, 'Breakdown by City Neighborhood'!T$31) -> #REF! | U153: =COUNTIFS(#REF!, 'Breakdown by City Neighborhood'!$B153,#REF!, $A$144,#REF!, $R$30,#REF!, 'Breakdown by City Neighborhood'!U$31)+COUNTIFS(#REF!, 'Breakdown by City Neighborhood'!$B153,#REF!, $A$145,#REF!, $R$30,#REF!, 'Breakdown by City Neighborhood'!U$31) -> #REF! | W153: =C153+H153+M153+R153 -> #REF! | X153: =D153+I153+N153+S153 -> #REF! | Y153: =E153+J153+O153+T153 -> #REF! | Z153: =SUM(W153:Y153) -> #REF!
B154: BROOKLYN NAVY YARD | C154: =COUNTIFS(#REF!, 'Breakdown by City Neighborhood'!$B154,#REF!, $A$144,#REF!, $C$30,#REF!, 'Breakdown by City Neighborhood'!C$31)+COUNTIFS(#REF!, 'Breakdown by City Neighborhood'!$B154,#REF!, $A$145,#REF!, $C$30,#REF!, 'Breakdown by City Neighborhood'!C$31) -> #REF! | D154: =COUNTIFS(#REF!, 'Breakdown by City Neighborhood'!$B154,#REF!, $A$144,#REF!, $C$30,#REF!, 'Breakdown by City Neighborhood'!D$31)+COUNTIFS(#REF!, 'Breakdown by City Neighborhood'!$B154,#REF!, $A$145,#REF!, $C$30,#REF!, 'Breakdown by City Neighborhood'!D$31) -> #REF! | E154: =COUNTIFS(#REF!, 'Breakdown by City Neighborhood'!$B154,#REF!, $A$144,#REF!, $C$30,#REF!, 'Breakdown by City Neighborhood'!E$31)+COUNTIFS(#REF!, 'Breakdown by City Neighborhood'!$B154,#REF!, $A$145,#REF!, $C$30,#REF!, 'Breakdown by City Neighborhood'!E$31) -> #REF! | F154: =C154+D154+E154 -> #REF! | H154: =COUNTIFS(#REF!, 'Breakdown by City Neighborhood'!$B154,#REF!, $A$144,#REF!, $H$30,#REF!, 'Breakdown by City Neighborhood'!H$31)+COUNTIFS(#REF!, 'Breakdown by City Neighborhood'!$B154,#REF!, $A$145,#REF!, $H$30,#REF!, 'Breakdown by City Neighborhood'!H$31) -> #REF! | I154: =COUNTIFS(#REF!, 'Breakdown by City Neighborhood'!$B154,#REF!, $A$144,#REF!, $H$30,#REF!, 'Breakdown by City Neighborhood'!I$31)+COUNTIFS(#REF!, 'Breakdown by City Neighborhood'!$B154,#REF!, $A$145,#REF!, $H$30,#REF!, 'Breakdown by City Neighborhood'!I$31) -> #REF! | J154: =COUNTIFS(#REF!, 'Breakdown by City Neighborhood'!$B154,#REF!, $A$144,#REF!, $H$30,#REF!, 'Breakdown by City Neighborhood'!J$31)+COUNTIFS(#REF!, 'Breakdown by City Neighborhood'!$B154,#REF!, $A$145,#REF!, $H$30,#REF!, 'Breakdown by City Neighborhood'!J$31) -> #REF! | K154: =H154+I154+J154 -> #REF! | M154: =COUNTIFS(#REF!, 'Breakdown by City Neighborhood'!$B154,#REF!, $A$144,#REF!, $M$30,#REF!, 'Breakdown by City Neighborhood'!M$31)+COUNTIFS(#REF!, 'Breakdown by City Neighborhood'!$B154,#REF!, $A$145,#REF!, $M$30,#REF!, 'Breakdown by City Neighborhood'!M$31) -> #REF! | N154: =COUNTIFS(#REF!, 'Breakdown by City Neighborhood'!$B154,#REF!, $A$144,#REF!, $M$30,#REF!, 'Breakdown by City Neighborhood'!N$31)+COUNTIFS(#REF!, 'Breakdown by City Neighborhood'!$B154,#REF!, $A$145,#REF!, $M$30,#REF!, 'Breakdown by City Neighborhood'!N$31) -> #REF! | O154: =COUNTIFS(#REF!, 'Breakdown by City Neighborhood'!$B154,#REF!, $A$144,#REF!, $M$30,#REF!, 'Breakdown by City Neighborhood'!O$31)+COUNTIFS(#REF!, 'Breakdown by City Neighborhood'!$B154,#REF!, $A$145,#REF!, $M$30,#REF!, 'Breakdown by City Neighborhood'!O$31) -> #REF! | P154: =M154+N154+O154 -> #REF! | R154: =COUNTIFS(#REF!, 'Breakdown by City Neighborhood'!$B154,#REF!, $A$144,#REF!, $R$30,#REF!, 'Breakdown by City Neighborhood'!R$31)+COUNTIFS(#REF!, 'Breakdown by City Neighborhood'!$B154,#REF!, $A$145,#REF!, $R$30,#REF!, 'Breakdown by City Neighborhood'!R$31) -> #REF! | S154: =COUNTIFS(#REF!, 'Breakdown by City Neighborhood'!$B154,#REF!, $A$144,#REF!, $R$30,#REF!, 'Breakdown by City Neighborhood'!S$31)+COUNTIFS(#REF!, 'Breakdown by City Neighborhood'!$B154,#REF!, $A$145,#REF!, $R$30,#REF!, 'Breakdown by City Neighborhood'!S$31) -> #REF! | T154: =COUNTIFS(#REF!, 'Breakdown by City Neighborhood'!$B154,#REF!, $A$144,#REF!, $R$30,#REF!, 'Breakdown by City Neighborhood'!T$31)+COUNTIFS(#REF!, 'Breakdown by City Neighborhood'!$B154,#REF!, $A$145,#REF!, $R$30,#REF!, 'Breakdown by City Neighborhood'!T$31) -> #REF! | U154: =COUNTIFS(#REF!, 'Breakdown by City Neighborhood'!$B154,#REF!, $A$144,#REF!, $R$30,#REF!, 'Breakdown by City Neighborhood'!U$31)+COUNTIFS(#REF!, 'Breakdown by City Neighborhood'!$B154,#REF!, $A$145,#REF!, $R$30,#REF!, 'Breakdown by City Neighborhood'!U$31) -> #REF! | W154: =C154+H154+M154+R154 -> #REF! | X154: =D154+I154+N154+S154 -> #REF! | Y154: =E154+J154+O154+T154 -> #REF! | Z154: =SUM(W154:Y154) -> #REF!
B155: BROWNSVILLE | C155: =COUNTIFS(#REF!, 'Breakdown by City Neighborhood'!$B155,#REF!, $A$144,#REF!, $C$30,#REF!, 'Breakdown by City Neighborhood'!C$31)+COUNTIFS(#REF!, 'Breakdown by City Neighborhood'!$B155,#REF!, $A$145,#REF!, $C$30,#REF!, 'Breakdown by City Neighborhood'!C$31) -> #REF! | D155: =COUNTIFS(#REF!, 'Breakdown by City Neighborhood'!$B155,#REF!, $A$144,#REF!, $C$30,#REF!, 'Breakdown by City Neighborhood'!D$31)+COUNTIFS(#REF!, 'Breakdown by City Neighborhood'!$B155,#REF!, $A$145,#REF!, $C$30,#REF!, 'Breakdown by City Neighborhood'!D$31) -> #REF! | E155: =COUNTIFS(#REF!, 'Breakdown by City Neighborhood'!$B155,#REF!, $A$144,#REF!, $C$30,#REF!, 'Breakdown by City Neighborhood'!E$31)+COUNTIFS(#REF!, 'Breakdown by City Neighborhood'!$B155,#REF!, $A$145,#REF!, $C$30,#REF!, 'Breakdown by City Neighborhood'!E$31) -> #REF! | F155: =C155+D155+E155 -> #REF! | H155: =COUNTIFS(#REF!, 'Breakdown by City Neighborhood'!$B155,#REF!, $A$144,#REF!, $H$30,#REF!, 'Breakdown by City Neighborhood'!H$31)+COUNTIFS(#REF!, 'Breakdown by City Neighborhood'!$B155,#REF!, $A$145,#REF!, $H$30,#REF!, 'Breakdown by City Neighborhood'!H$31) -> #REF! | I155: =COUNTIFS(#REF!, 'Breakdown by City Neighborhood'!$B155,#REF!, $A$144,#REF!, $H$30,#REF!, 'Breakdown by City Neighborhood'!I$31)+COUNTIFS(#REF!, 'Breakdown by City Neighborhood'!$B155,#REF!, $A$145,#REF!, $H$30,#REF!, 'Breakdown by City Neighborhood'!I$31) -> #REF! | J155: =COUNTIFS(#REF!, 'Breakdown by City Neighborhood'!$B155,#REF!, $A$144,#REF!, $H$30,#REF!, 'Breakdown by City Neighborhood'!J$31)+COUNTIFS(#REF!, 'Breakdown by City Neighborhood'!$B155,#REF!, $A$145,#REF!, $H$30,#REF!, 'Breakdown by City Neighborhood'!J$31) -> #REF! | K155: =H155+I155+J155 -> #REF! | M155: =COUNTIFS(#REF!, 'Breakdown by City Neighborhood'!$B155,#REF!, $A$144,#REF!, $M$30,#REF!, 'Breakdown by City Neighborhood'!M$31)+COUNTIFS(#REF!, 'Breakdown by City Neighborhood'!$B155,#REF!, $A$145,#REF!, $M$30,#REF!, 'Breakdown by City Neighborhood'!M$31) -> #REF! | N155: =COUNTIFS(#REF!, 'Breakdown by City Neighborhood'!$B155,#REF!, $A$144,#REF!, $M$30,#REF!, 'Breakdown by City Neighborhood'!N$31)+COUNTIFS(#REF!, 'Breakdown by City Neighborhood'!$B155,#REF!, $A$145,#REF!, $M$30,#REF!, 'Breakdown by City Neighborhood'!N$31) -> #REF! | O155: =COUNTIFS(#REF!, 'Breakdown by City Neighborhood'!$B155,#REF!, $A$144,#REF!, $M$30,#REF!, 'Breakdown by City Neighborhood'!O$31)+COUNTIFS(#REF!, 'Breakdown by City Neighborhood'!$B155,#REF!, $A$145,#REF!, $M$30,#REF!, 'Breakdown by City Neighborhood'!O$31) -> #REF! | P155: =M155+N155+O155 -> #REF! | R155: =COUNTIFS(#REF!, 'Breakdown by City Neighborhood'!$B155,#REF!, $A$144,#REF!, $R$30,#REF!, 'Breakdown by City Neighborhood'!R$31)+COUNTIFS(#REF!, 'Breakdown by City Neighborhood'!$B155,#REF!, $A$145,#REF!, $R$30,#REF!, 'Breakdown by City Neighborhood'!R$31) -> #REF! | S155: =COUNTIFS(#REF!, 'Breakdown by City Neighborhood'!$B155,#REF!, $A$144,#REF!, $R$30,#REF!, 'Breakdown by City Neighborhood'!S$31)+COUNTIFS(#REF!, 'Breakdown by City Neighborhood'!$B155,#REF!, $A$145,#REF!, $R$30,#REF!, 'Breakdown by City Neighborhood'!S$31) -> #REF! | T155: =COUNTIFS(#REF!, 'Breakdown by City Neighborhood'!$B155,#REF!, $A$144,#REF!, $R$30,#REF!, 'Breakdown by City Neighborhood'!T$31)+COUNTIFS(#REF!, 'Breakdown by City Neighborhood'!$B155,#REF!, $A$145,#REF!, $R$30,#REF!, 'Breakdown by City Neighborhood'!T$31) -> #REF! | U155: =COUNTIFS(#REF!, 'Breakdown by City Neighborhood'!$B155,#REF!, $A$144,#REF!, $R$30,#REF!, 'Breakdown by City Neighborhood'!U$31)+COUNTIFS(#REF!, 'Breakdown by City Neighborhood'!$B155,#REF!, $A$145,#REF!, $R$30,#REF!, 'Breakdown by City Neighborhood'!U$31) -> #REF! | W155: =C155+H155+M155+R155 -> #REF! | X155: =D155+I155+N155+S155 -> #REF! | Y155: =E155+J155+O155+T155 -> #REF! | Z155: =SUM(W155:Y155) -> #REF!
B156: BUSHWICK | C156: =COUNTIFS(#REF!, 'Breakdown by City Neighborhood'!$B156,#REF!, $A$144,#REF!, $C$30,#REF!, 'Breakdown by City Neighborhood'!C$31)+COUNTIFS(#REF!, 'Breakdown by City Neighborhood'!$B156,#REF!, $A$145,#REF!, $C$30,#REF!, 'Breakdown by City Neighborhood'!C$31) -> #REF! | D156: =COUNTIFS(#REF!, 'Breakdown by City Neighborhood'!$B156,#REF!, $A$144,#REF!, $C$30,#REF!, 'Breakdown by City Neighborhood'!D$31)+COUNTIFS(#REF!, 'Breakdown by City Neighborhood'!$B156,#REF!, $A$145,#REF!, $C$30,#REF!, 'Breakdown by City Neighborhood'!D$31) -> #REF! | E156: =COUNTIFS(#REF!, 'Breakdown by City Neighborhood'!$B156,#REF!, $A$144,#REF!, $C$30,#REF!, 'Breakdown by City Neighborhood'!E$31)+COUNTIFS(#REF!, 'Breakdown by City Neighborhood'!$B156,#REF!, $A$145,#REF!, $C$30,#REF!, 'Breakdown by City Neighborhood'!E$31) -> #REF! | F156: =C156+D156+E156 -> #REF! | H156: =COUNTIFS(#REF!, 'Breakdown by City Neighborhood'!$B156,#REF!, $A$144,#REF!, $H$30,#REF!, 'Breakdown by City Neighborhood'!H$31)+COUNTIFS(#REF!, 'Breakdown by City Neighborhood'!$B156,#REF!, $A$145,#REF!, $H$30,#REF!, 'Breakdown by City Neighborhood'!H$31) -> #REF! | I156: =COUNTIFS(#REF!, 'Breakdown by City Neighborhood'!$B156,#REF!, $A$144,#REF!, $H$30,#REF!, 'Breakdown by City Neighborhood'!I$31)+COUNTIFS(#REF!, 'Breakdown by City Neighborhood'!$B156,#REF!, $A$145,#REF!, $H$30,#REF!, 'Breakdown by City Neighborhood'!I$31) -> #REF! | J156: =COUNTIFS(#REF!, 'Breakdown by City Neighborhood'!$B156,#REF!, $A$144,#REF!, $H$30,#REF!, 'Breakdown by City Neighborhood'!J$31)+COUNTIFS(#REF!, 'Breakdown by City Neighborhood'!$B156,#REF!, $A$145,#REF!, $H$30,#REF!, 'Breakdown by City Neighborhood'!J$31) -> #REF! | K156: =H156+I156+J156 -> #REF! | M156: =COUNTIFS(#REF!, 'Breakdown by City Neighborhood'!$B156,#REF!, $A$144,#REF!, $M$30,#REF!, 'Breakdown by City Neighborhood'!M$31)+COUNTIFS(#REF!, 'Breakdown by City Neighborhood'!$B156,#REF!, $A$145,#REF!, $M$30,#REF!, 'Breakdown by City Neighborhood'!M$31) -> #REF! | N156: =COUNTIFS(#REF!, 'Breakdown by City Neighborhood'!$B156,#REF!, $A$144,#REF!, $M$30,#REF!, 'Breakdown by City Neighborhood'!N$31)+COUNTIFS(#REF!, 'Breakdown by City Neighborhood'!$B156,#REF!, $A$145,#REF!, $M$30,#REF!, 'Breakdown by City Neighborhood'!N$31) -> #REF! | O156: =COUNTIFS(#REF!, 'Breakdown by City Neighborhood'!$B156,#REF!, $A$144,#REF!, $M$30,#REF!, 'Breakdown by City Neighborhood'!O$31)+COUNTIFS(#REF!, 'Breakdown by City Neighborhood'!$B156,#REF!, $A$145,#REF!, $M$30,#REF!, 'Breakdown by City Neighborhood'!O$31) -> #REF! | P156: =M156+N156+O156 -> #REF! | R156: =COUNTIFS(#REF!, 'Breakdown by City Neighborhood'!$B156,#REF!, $A$144,#REF!, $R$30,#REF!, 'Breakdown by City Neighborhood'!R$31)+COUNTIFS(#REF!, 'Breakdown by City Neighborhood'!$B156,#REF!, $A$145,#REF!, $R$30,#REF!, 'Breakdown by City Neighborhood'!R$31) -> #REF! | S156: =COUNTIFS(#REF!, 'Breakdown by City Neighborhood'!$B156,#REF!, $A$144,#REF!, $R$30,#REF!, 'Breakdown by City Neighborhood'!S$31)+COUNTIFS(#REF!, 'Breakdown by City Neighborhood'!$B156,#REF!, $A$145,#REF!, $R$30,#REF!, 'Breakdown by City Neighborhood'!S$31) -> #REF! | T156: =COUNTIFS(#REF!, 'Breakdown by City Neighborhood'!$B156,#REF!, $A$144,#REF!, $R$30,#REF!, 'Breakdown by City Neighborhood'!T$31)+COUNTIFS(#REF!, 'Breakdown by City Neighborhood'!$B156,#REF!, $A$145,#REF!, $R$30,#REF!, 'Breakdown by City Neighborhood'!T$31) -> #REF! | U156: =COUNTIFS(#REF!, 'Breakdown by City Neighborhood'!$B156,#REF!, $A$144,#REF!, $R$30,#REF!, 'Breakdown by City Neighborhood'!U$31)+COUNTIFS(#REF!, 'Breakdown by City Neighborhood'!$B156,#REF!, $A$145,#REF!, $R$30,#REF!, 'Breakdown by City Neighborhood'!U$31) -> #REF! | W156: =C156+H156+M156+R156 -> #REF! | X156: =D156+I156+N156+S156 -> #REF! | Y156: =E156+J156+O156+T156 -> #REF! | Z156: =SUM(W156:Y156) -> #REF!
B157: CANARSIE | C157: =COUNTIFS(#REF!, 'Breakdown by City Neighborhood'!$B157,#REF!, $A$144,#REF!, $C$30,#REF!, 'Breakdown by City Neighborhood'!C$31)+COUNTIFS(#REF!, 'Breakdown by City Neighborhood'!$B157,#REF!, $A$145,#REF!, $C$30,#REF!, 'Breakdown by City Neighborhood'!C$31) -> #REF! | D157: =COUNTIFS(#REF!, 'Breakdown by City Neighborhood'!$B157,#REF!, $A$144,#REF!, $C$30,#REF!, 'Breakdown by City Neighborhood'!D$31)+COUNTIFS(#REF!, 'Breakdown by City Neighborhood'!$B157,#REF!, $A$145,#REF!, $C$30,#REF!, 'Breakdown by City Neighborhood'!D$31) -> #REF! | E157: =COUNTIFS(#REF!, 'Breakdown by City Neighborhood'!$B157,#REF!, $A$144,#REF!, $C$30,#REF!, 'Breakdown by City Neighborhood'!E$31)+COUNTIFS(#REF!, 'Breakdown by City Neighborhood'!$B157,#REF!, $A$145,#REF!, $C$30,#REF!, 'Breakdown by City Neighborhood'!E$31) -> #REF! | F157: =C157+D157+E157 -> #REF! | H157: =COUNTIFS(#REF!, 'Breakdown by City Neighborhood'!$B157,#REF!, $A$144,#REF!, $H$30,#REF!, 'Breakdown by City Neighborhood'!H$31)+COUNTIFS(#REF!, 'Breakdown by City Neighborhood'!$B157,#REF!, $A$145,#REF!, $H$30,#REF!, 'Breakdown by City Neighborhood'!H$31) -> #REF! | I157: =COUNTIFS(#REF!, 'Breakdown by City Neighborhood'!$B157,#REF!, $A$144,#REF!, $H$30,#REF!, 'Breakdown by City Neighborhood'!I$31)+COUNTIFS(#REF!, 'Breakdown by City Neighborhood'!$B157,#REF!, $A$145,#REF!, $H$30,#REF!, 'Breakdown by City Neighborhood'!I$31) -> #REF! | J157: =COUNTIFS(#REF!, 'Breakdown by City Neighborhood'!$B157,#REF!, $A$144,#REF!, $H$30,#REF!, 'Breakdown by City Neighborhood'!J$31)+COUNTIFS(#REF!, 'Breakdown by City Neighborhood'!$B157,#REF!, $A$145,#REF!, $H$30,#REF!, 'Breakdown by City Neighborhood'!J$31) -> #REF! | K157: =H157+I157+J157 -> #REF! | M157: =COUNTIFS(#REF!, 'Breakdown by City Neighborhood'!$B157,#REF!, $A$144,#REF!, $M$30,#REF!, 'Breakdown by City Neighborhood'!M$31)+COUNTIFS(#REF!, 'Breakdown by City Neighborhood'!$B157,#REF!, $A$145,#REF!, $M$30,#REF!, 'Breakdown by City Neighborhood'!M$31) -> #REF! | N157: =COUNTIFS(#REF!, 'Breakdown by City Neighborhood'!$B157,#REF!, $A$144,#REF!, $M$30,#REF!, 'Breakdown by City Neighborhood'!N$31)+COUNTIFS(#REF!, 'Breakdown by City Neighborhood'!$B157,#REF!, $A$145,#REF!, $M$30,#REF!, 'Breakdown by City Neighborhood'!N$31) -> #REF! | O157: =COUNTIFS(#REF!, 'Breakdown by City Neighborhood'!$B157,#REF!, $A$144,#REF!, $M$30,#REF!, 'Breakdown by City Neighborhood'!O$31)+COUNTIFS(#REF!, 'Breakdown by City Neighborhood'!$B157,#REF!, $A$145,#REF!, $M$30,#REF!, 'Breakdown by City Neighborhood'!O$31) -> #REF! | P157: =M157+N157+O157 -> #REF! | R157: =COUNTIFS(#REF!, 'Breakdown by City Neighborhood'!$B157,#REF!, $A$144,#REF!, $R$30,#REF!, 'Breakdown by City Neighborhood'!R$31)+COUNTIFS(#REF!, 'Breakdown by City Neighborhood'!$B157,#REF!, $A$145,#REF!, $R$30,#REF!, 'Breakdown by City Neighborhood'!R$31) -> #REF! | S157: =COUNTIFS(#REF!, 'Breakdown by City Neighborhood'!$B157,#REF!, $A$144,#REF!, $R$30,#REF!, 'Breakdown by City Neighborhood'!S$31)+COUNTIFS(#REF!, 'Breakdown by City Neighborhood'!$B157,#REF!, $A$145,#REF!, $R$30,#REF!, 'Breakdown by City Neighborhood'!S$31) -> #REF! | T157: =COUNTIFS(#REF!, 'Breakdown by City Neighborhood'!$B157,#REF!, $A$144,#REF!, $R$30,#REF!, 'Breakdown by City Neighborhood'!T$31)+COUNTIFS(#REF!, 'Breakdown by City Neighborhood'!$B157,#REF!, $A$145,#REF!, $R$30,#REF!, 'Breakdown by City Neighborhood'!T$31) -> #REF! | U157: =COUNTIFS(#REF!, 'Breakdown by City Neighborhood'!$B157,#REF!, $A$144,#REF!, $R$30,#REF!, 'Breakdown by City Neighborhood'!U$31)+COUNTIFS(#REF!, 'Breakdown by City Neighborhood'!$B157,#REF!, $A$145,#REF!, $R$30,#REF!, 'Breakdown by City Neighborhood'!U$31) -> #REF! | W157: =C157+H157+M157+R157 -> #REF! | X157: =D157+I157+N157+S157 -> #REF! | Y157: =E157+J157+O157+T157 -> #REF! | Z157: =SUM(W157:Y157) -> #REF!
... B210: WILLIAMSBURGH | C210: =COUNTIFS(#REF!, 'Breakdown by City Neighborhood'!$B210,#REF!, $A$144,#REF!, $C$30,#REF!, 'Breakdown by City Neighborhood'!C$31)+COUNTIFS(#REF!, 'Breakdown by City Neighborhood'!$B210,#REF!, $A$145,#REF!, $C$30,#REF!, 'Breakdown by City Neighborhood'!C$31) -> #REF! | D210: =COUNTIFS(#REF!, 'Breakdown by City Neighborhood'!$B210,#REF!, $A$144,#REF!, $C$30,#REF!, 'Breakdown by City Neighborhood'!D$31)+COUNTIFS(#REF!, 'Breakdown by City Neighborhood'!$B210,#REF!, $A$145,#REF!, $C$30,#REF!, 'Breakdown by City Neighborhood'!D$31) -> #REF! | E210: =COUNTIFS(#REF!, 'Breakdown by City Neighborhood'!$B210,#REF!, $A$144,#REF!, $C$30,#REF!, 'Breakdown by City Neighborhood'!E$31)+COUNTIFS(#REF!, 'Breakdown by City Neighborhood'!$B210,#REF!, $A$145,#REF!, $C$30,#REF!, 'Breakdown by City Neighborhood'!E$31) -> #REF! | F210: =C210+D210+E210 -> #REF! | H210: =COUNTIFS(#REF!, 'Breakdown by City Neighborhood'!$B210,#REF!, $A$144,#REF!, $H$30,#REF!, 'Breakdown by City Neighborhood'!H$31)+COUNTIFS(#REF!, 'Breakdown by City Neighborhood'!$B210,#REF!, $A$145,#REF!, $H$30,#REF!, 'Breakdown by City Neighborhood'!H$31) -> #REF! | I210: =COUNTIFS(#REF!, 'Breakdown by City Neighborhood'!$B210,#REF!, $A$144,#REF!, $H$30,#REF!, 'Breakdown by City Neighborhood'!I$31)+COUNTIFS(#REF!, 'Breakdown by City Neighborhood'!$B210,#REF!, $A$145,#REF!, $H$30,#REF!, 'Breakdown by City Neighborhood'!I$31) -> #REF! | J210: =COUNTIFS(#REF!, 'Breakdown by City Neighborhood'!$B210,#REF!, $A$144,#REF!, $H$30,#REF!, 'Breakdown by City Neighborhood'!J$31)+COUNTIFS(#REF!, 'Breakdown by City Neighborhood'!$B210,#REF!, $A$145,#REF!, $H$30,#REF!, 'Breakdown by City Neighborhood'!J$31) -> #REF! | K210: =H210+I210+J210 -> #REF! | M210: =COUNTIFS(#REF!, 'Breakdown by City Neighborhood'!$B210,#REF!, $A$144,#REF!, $M$30,#REF!, 'Breakdown by City Neighborhood'!M$31)+COUNTIFS(#REF!, 'Breakdown by City Neighborhood'!$B210,#REF!, $A$145,#REF!, $M$30,#REF!, 'Breakdown by City Neighborhood'!M$31) -> #REF! | N210: =COUNTIFS(#REF!, 'Breakdown by City Neighborhood'!$B210,#REF!, $A$144,#REF!, $M$30,#REF!, 'Breakdown by City Neighborhood'!N$31)+COUNTIFS(#REF!, 'Breakdown by City Neighborhood'!$B210,#REF!, $A$145,#REF!, $M$30,#REF!, 'Breakdown by City Neighborhood'!N$31) -> #REF! | O210: =COUNTIFS(#REF!, 'Breakdown by City Neighborhood'!$B210,#REF!, $A$144,#REF!, $M$30,#REF!, 'Breakdown by City Neighborhood'!O$31)+COUNTIFS(#REF!, 'Breakdown by City Neighborhood'!$B210,#REF!, $A$145,#REF!, $M$30,#REF!, 'Breakdown by City Neighborhood'!O$31) -> #REF! | P210: =M210+N210+O210 -> #REF! | R210: =COUNTIFS(#REF!, 'Breakdown by City Neighborhood'!$B210,#REF!, $A$144,#REF!, $R$30,#REF!, 'Breakdown by City Neighborhood'!R$31)+COUNTIFS(#REF!, 'Breakdown by City Neighborhood'!$B210,#REF!, $A$145,#REF!, $R$30,#REF!, 'Breakdown by City Neighborhood'!R$31) -> #REF! | S210: =COUNTIFS(#REF!, 'Breakdown by City Neighborhood'!$B210,#REF!, $A$144,#REF!, $R$30,#REF!, 'Breakdown by City Neighborhood'!S$31)+COUNTIFS(#REF!, 'Breakdown by City Neighborhood'!$B210,#REF!, $A$145,#REF!, $R$30,#REF!, 'Breakdown by City Neighborhood'!S$31) -> #REF! | T210: =COUNTIFS(#REF!, 'Breakdown by City Neighborhood'!$B210,#REF!, $A$144,#REF!, $R$30,#REF!, 'Breakdown by City Neighborhood'!T$31)+COUNTIFS(#REF!, 'Breakdown by City Neighborhood'!$B210,#REF!, $A$145,#REF!, $R$30,#REF!, 'Breakdown by City Neighborhood'!T$31) -> #REF! | U210: =COUNTIFS(#REF!, 'Breakdown by City Neighborhood'!$B210,#REF!, $A$144,#REF!, $R$30,#REF!, 'Breakdown by City Neighborhood'!U$31)+COUNTIFS(#REF!, 'Breakdown by City Neighborhood'!$B210,#REF!, $A$145,#REF!, $R$30,#REF!, 'Breakdown by City Neighborhood'!U$31) -> #REF! | W210: =C210+H210+M210+R210 -> #REF! | X210: =D210+I210+N210+S210 -> #REF! | Y210: =E210+J210+O210+T210 -> #REF! | Z210: =SUM(W210:Y210) -> #REF!
B211: WINDSOR TERRACE | C211: =COUNTIFS(#REF!, 'Breakdown by City Neighborhood'!$B211,#REF!, $A$144,#REF!, $C$30,#REF!, 'Breakdown by City Neighborhood'!C$31)+COUNTIFS(#REF!, 'Breakdown by City Neighborhood'!$B211,#REF!, $A$145,#REF!, $C$30,#REF!, 'Breakdown by City Neighborhood'!C$31) -> #REF! | D211: =COUNTIFS(#REF!, 'Breakdown by City Neighborhood'!$B211,#REF!, $A$144,#REF!, $C$30,#REF!, 'Breakdown by City Neighborhood'!D$31)+COUNTIFS(#REF!, 'Breakdown by City Neighborhood'!$B211,#REF!, $A$145,#REF!, $C$30,#REF!, 'Breakdown by City Neighborhood'!D$31) -> #REF! | E211: =COUNTIFS(#REF!, 'Breakdown by City Neighborhood'!$B211,#REF!, $A$144,#REF!, $C$30,#REF!, 'Breakdown by City Neighborhood'!E$31)+COUNTIFS(#REF!, 'Breakdown by City Neighborhood'!$B211,#REF!, $A$145,#REF!, $C$30,#REF!, 'Breakdown by City Neighborhood'!E$31) -> #REF! | F211: =C211+D211+E211 -> #REF! | H211: =COUNTIFS(#REF!, 'Breakdown by City Neighborhood'!$B211,#REF!, $A$144,#REF!, $H$30,#REF!, 'Breakdown by City Neighborhood'!H$31)+COUNTIFS(#REF!, 'Breakdown by City Neighborhood'!$B211,#REF!, $A$145,#REF!, $H$30,#REF!, 'Breakdown by City Neighborhood'!H$31) -> #REF! | I211: =COUNTIFS(#REF!, 'Breakdown by City Neighborhood'!$B211,#REF!, $A$144,#REF!, $H$30,#REF!, 'Breakdown by City Neighborhood'!I$31)+COUNTIFS(#REF!, 'Breakdown by City Neighborhood'!$B211,#REF!, $A$145,#REF!, $H$30,#REF!, 'Breakdown by City Neighborhood'!I$31) -> #REF! | J211: =COUNTIFS(#REF!, 'Breakdown by City Neighborhood'!$B211,#REF!, $A$144,#REF!, $H$30,#REF!, 'Breakdown by City Neighborhood'!J$31)+COUNTIFS(#REF!, 'Breakdown by City Neighborhood'!$B211,#REF!, $A$145,#REF!, $H$30,#REF!, 'Breakdown by City Neighborhood'!J$31) -> #REF! | K211: =H211+I211+J211 -> #REF! | M211: =COUNTIFS(#REF!, 'Breakdown by City Neighborhood'!$B211,#REF!, $A$144,#REF!, $M$30,#REF!, 'Breakdown by City Neighborhood'!M$31)+COUNTIFS(#REF!, 'Breakdown by City Neighborhood'!$B211,#REF!, $A$145,#REF!, $M$30,#REF!, 'Breakdown by City Neighborhood'!M$31) -> #REF! | N211: =COUNTIFS(#REF!, 'Breakdown by City Neighborhood'!$B211,#REF!, $A$144,#REF!, $M$30,#REF!, 'Breakdown by City Neighborhood'!N$31)+COUNTIFS(#REF!, 'Breakdown by City Neighborhood'!$B211,#REF!, $A$145,#REF!, $M$30,#REF!, 'Breakdown by City Neighborhood'!N$31) -> #REF! | O211: =COUNTIFS(#REF!, 'Breakdown by City Neighborhood'!$B211,#REF!, $A$144,#REF!, $M$30,#REF!, 'Breakdown by City Neighborhood'!O$31)+COUNTIFS(#REF!, 'Breakdown by City Neighborhood'!$B211,#REF!, $A$145,#REF!, $M$30,#REF!, 'Breakdown by City Neighborhood'!O$31) -> #REF! | P211: =M211+N211+O211 -> #REF! | R211: =COUNTIFS(#REF!, 'Breakdown by City Neighborhood'!$B211,#REF!, $A$144,#REF!, $R$30,#REF!, 'Breakdown by City Neighborhood'!R$31)+COUNTIFS(#REF!, 'Breakdown by City Neighborhood'!$B211,#REF!, $A$145,#REF!, $R$30,#REF!, 'Breakdown by City Neighborhood'!R$31) -> #REF! | S211: =COUNTIFS(#REF!, 'Breakdown by City Neighborhood'!$B211,#REF!, $A$144,#REF!, $R$30,#REF!, 'Breakdown by City Neighborhood'!S$31)+COUNTIFS(#REF!, 'Breakdown by City Neighborhood'!$B211,#REF!, $A$145,#REF!, $R$30,#REF!, 'Breakdown by City Neighborhood'!S$31) -> #REF! | T211: =COUNTIFS(#REF!, 'Breakdown by City Neighborhood'!$B211,#REF!, $A$144,#REF!, $R$30,#REF!, 'Breakdown by City Neighborhood'!T$31)+COUNTIFS(#REF!, 'Breakdown by City Neighborhood'!$B211,#REF!, $A$145,#REF!, $R$30,#REF!, 'Breakdown by City Neighborhood'!T$31) -> #REF! | U211: =COUNTIFS(#REF!, 'Breakdown by City Neighborhood'!$B211,#REF!, $A$144,#REF!, $R$30,#REF!, 'Breakdown by City Neighborhood'!U$31)+COUNTIFS(#REF!, 'Breakdown by City Neighborhood'!$B211,#REF!, $A$145,#REF!, $R$30,#REF!, 'Breakdown by City Neighborhood'!U$31) -> #REF! | W211: =C211+H211+M211+R211 -> #REF! | X211: =D211+I211+N211+S211 -> #REF! | Y211: =E211+J211+O211+T211 -> #REF! | Z211: =SUM(W211:Y211) -> #REF! | AC211: PBBS | AD211: PBBN
Z212: =SUM(Z146:Z211) -> #REF! | AA212: TOTAL | AC212: =#REF! -> #REF! | AD212: =#REF! -> #REF! | AE212: =+AC212+AD212 -> #REF! | AF212: =Z212=AE212 -> #REF!
A214: PBQS | B214: QUEENS | C214: 2022 | H214: 2023 | M214: 2024 | R214: 2025 | W214: TOTAL OPERATIONS
A215: PBQN | C215: SUCCESSFUL | D215: MARKED CLEANED PRIOR BY DHS | E215: NEGATIVE OBSERVATION | F215: TOTALS | H215: SUCCESSFUL | I215: MARKED CLEANED PRIOR BY DHS | J215: NEGATIVE OBSERVATION | K215: TOTALS | M215: SUCCESSFUL | N215: MARKED CLEANED PRIOR BY DHS | O215: NEGATIVE OBSERVATION | P215: TOTALS | R215: SUCCESSFUL | S215: MARKED CLEANED PRIOR BY DHS | T215: NEGATIVE OBSERVATION | U215: TOTALS | W215: SUCCESSFUL | X215: MARKED CLEANED PRIOR BY DHS | Y215: NEGATIVE OBSERVATION | Z215: Overall Total
B216: ALLEY POND PARK | C216: =COUNTIFS(#REF!, 'Breakdown by City Neighborhood'!$B216,#REF!, $A$214,#REF!, $C$30,#REF!, 'Breakdown by City Neighborhood'!C$31)+COUNTIFS(#REF!, 'Breakdown by City Neighborhood'!$B216,#REF!, $A$215,#REF!, $C$30,#REF!, 'Breakdown by City Neighborhood'!C$31) -> #REF! | D216: =COUNTIFS(#REF!, 'Breakdown by City Neighborhood'!$B216,#REF!, $A$214,#REF!, $C$30,#REF!, 'Breakdown by City Neighborhood'!D$31)+COUNTIFS(#REF!, 'Breakdown by City Neighborhood'!$B216,#REF!, $A$215,#REF!, $C$30,#REF!, 'Breakdown by City Neighborhood'!D$31) -> #REF! | E216: =COUNTIFS(#REF!, 'Breakdown by City Neighborhood'!$B216,#REF!, $A$214,#REF!, $C$30,#REF!, 'Breakdown by City Neighborhood'!E$31)+COUNTIFS(#REF!, 'Breakdown by City Neighborhood'!$B216,#REF!, $A$215,#REF!, $C$30,#REF!, 'Breakdown by City Neighborhood'!E$31) -> #REF! | F216: =C216+D216+E216 -> #REF! | H216: =COUNTIFS(#REF!, 'Breakdown by City Neighborhood'!$B216,#REF!, $A$214,#REF!, $H$30,#REF!, 'Breakdown by City Neighborhood'!H$31)+COUNTIFS(#REF!, 'Breakdown by City Neighborhood'!$B216,#REF!, $A$215,#REF!, $H$30,#REF!, 'Breakdown by City Neighborhood'!H$31) -> #REF! | I216: =COUNTIFS(#REF!, 'Breakdown by City Neighborhood'!$B216,#REF!, $A$214,#REF!, $H$30,#REF!, 'Breakdown by City Neighborhood'!I$31)+COUNTIFS(#REF!, 'Breakdown by City Neighborhood'!$B216,#REF!, $A$215,#REF!, $H$30,#REF!, 'Breakdown by City Neighborhood'!I$31) -> #REF! | J216: =COUNTIFS(#REF!, 'Breakdown by City Neighborhood'!$B216,#REF!, $A$214,#REF!, $H$30,#REF!, 'Breakdown by City Neighborhood'!J$31)+COUNTIFS(#REF!, 'Breakdown by City Neighborhood'!$B216,#REF!, $A$215,#REF!, $H$30,#REF!, 'Breakdown by City Neighborhood'!J$31) -> #REF! | K216: =H216+I216+J216 -> #REF! | M216: =COUNTIFS(#REF!, 'Breakdown by City Neighborhood'!$B216,#REF!, $A$214,#REF!, $M$30,#REF!, 'Breakdown by City Neighborhood'!M$31)+COUNTIFS(#REF!, 'Breakdown by City Neighborhood'!$B216,#REF!, $A$215,#REF!, $M$30,#REF!, 'Breakdown by City Neighborhood'!M$31) -> #REF! | N216: =COUNTIFS(#REF!, 'Breakdown by City Neighborhood'!$B216,#REF!, $A$214,#REF!, $M$30,#REF!, 'Breakdown by City Neighborhood'!N$31)+COUNTIFS(#REF!, 'Breakdown by City Neighborhood'!$B216,#REF!, $A$215,#REF!, $M$30,#REF!, 'Breakdown by City Neighborhood'!N$31) -> #REF! | O216: =COUNTIFS(#REF!, 'Breakdown by City Neighborhood'!$B216,#REF!, $A$214,#REF!, $M$30,#REF!, 'Breakdown by City Neighborhood'!O$31)+COUNTIFS(#REF!, 'Breakdown by City Neighborhood'!$B216,#REF!, $A$215,#REF!, $M$30,#REF!, 'Breakdown by City Neighborhood'!O$31) -> #REF! | P216: =M216+N216+O216 -> #REF! | R216: =COUNTIFS(#REF!, 'Breakdown by City Neighborhood'!$B216,#REF!, $A$214,#REF!, $R$30,#REF!, 'Breakdown by City Neighborhood'!R$31)+COUNTIFS(#REF!, 'Breakdown by City Neighborhood'!$B216,#REF!, $A$215,#REF!, $R$30,#REF!, 'Breakdown by City Neighborhood'!R$31) -> #REF! | S216: =COUNTIFS(#REF!, 'Breakdown by City Neighborhood'!$B216,#REF!, $A$214,#REF!, $R$30,#REF!, 'Breakdown by City Neighborhood'!S$31)+COUNTIFS(#REF!, 'Breakdown by City Neighborhood'!$B216,#REF!, $A$215,#REF!, $R$30,#REF!, 'Breakdown by City Neighborhood'!S$31) -> #REF! | T216: =COUNTIFS(#REF!, 'Breakdown by City Neighborhood'!$B216,#REF!, $A$214,#REF!, $R$30,#REF!, 'Breakdown by City Neighborhood'!T$31)+COUNTIFS(#REF!, 'Breakdown by City Neighborhood'!$B216,#REF!, $A$215,#REF!, $R$30,#REF!, 'Breakdown by City Neighborhood'!T$31) -> #REF! | U216: =R216+S216+T216 -> #REF! | W216: =C216+H216+M216+R216 -> #REF! | X216: =D216+I216+N216+S216 -> #REF! | Y216: =E216+J216+O216+T216 -> #REF! | Z216: =SUM(W216:Y216) -> #REF!
B217: ASTORIA | C217: =COUNTIFS(#REF!, 'Breakdown by City Neighborhood'!$B217,#REF!, $A$214,#REF!, $C$30,#REF!, 'Breakdown by City Neighborhood'!C$31)+COUNTIFS(#REF!, 'Breakdown by City Neighborhood'!$B217,#REF!, $A$215,#REF!, $C$30,#REF!, 'Breakdown by City Neighborhood'!C$31) -> #REF! | D217: =COUNTIFS(#REF!, 'Breakdown by City Neighborhood'!$B217,#REF!, $A$214,#REF!, $C$30,#REF!, 'Breakdown by City Neighborhood'!D$31)+COUNTIFS(#REF!, 'Breakdown by City Neighborhood'!$B217,#REF!, $A$215,#REF!, $C$30,#REF!, 'Breakdown by City Neighborhood'!D$31) -> #REF! | E217: =COUNTIFS(#REF!, 'Breakdown by City Neighborhood'!$B217,#REF!, $A$214,#REF!, $C$30,#REF!, 'Breakdown by City Neighborhood'!E$31)+COUNTIFS(#REF!, 'Breakdown by City Neighborhood'!$B217,#REF!, $A$215,#REF!, $C$30,#REF!, 'Breakdown by City Neighborhood'!E$31) -> #REF! | F217: =C217+D217+E217 -> #REF! | H217: =COUNTIFS(#REF!, 'Breakdown by City Neighborhood'!$B217,#REF!, $A$214,#REF!, $H$30,#REF!, 'Breakdown by City Neighborhood'!H$31)+COUNTIFS(#REF!, 'Breakdown by City Neighborhood'!$B217,#REF!, $A$215,#REF!, $H$30,#REF!, 'Breakdown by City Neighborhood'!H$31) -> #REF! | I217: =COUNTIFS(#REF!, 'Breakdown by City Neighborhood'!$B217,#REF!, $A$214,#REF!, $H$30,#REF!, 'Breakdown by City Neighborhood'!I$31)+COUNTIFS(#REF!, 'Breakdown by City Neighborhood'!$B217,#REF!, $A$215,#REF!, $H$30,#REF!, 'Breakdown by City Neighborhood'!I$31) -> #REF! | J217: =COUNTIFS(#REF!, 'Breakdown by City Neighborhood'!$B217,#REF!, $A$214,#REF!, $H$30,#REF!, 'Breakdown by City Neighborhood'!J$31)+COUNTIFS(#REF!, 'Breakdown by City Neighborhood'!$B217,#REF!, $A$215,#REF!, $H$30,#REF!, 'Breakdown by City Neighborhood'!J$31) -> #REF! | K217: =H217+I217+J217 -> #REF! | M217: =COUNTIFS(#REF!, 'Breakdown by City Neighborhood'!$B217,#REF!, $A$214,#REF!, $M$30,#REF!, 'Breakdown by City Neighborhood'!M$31)+COUNTIFS(#REF!, 'Breakdown by City Neighborhood'!$B217,#REF!, $A$215,#REF!, $M$30,#REF!, 'Breakdown by City Neighborhood'!M$31) -> #REF! | N217: =COUNTIFS(#REF!, 'Breakdown by City Neighborhood'!$B217,#REF!, $A$214,#REF!, $M$30,#REF!, 'Breakdown by City Neighborhood'!N$31)+COUNTIFS(#REF!, 'Breakdown by City Neighborhood'!$B217,#REF!, $A$215,#REF!, $M$30,#REF!, 'Breakdown by City Neighborhood'!N$31) -> #REF! | O217: =COUNTIFS(#REF!, 'Breakdown by City Neighborhood'!$B217,#REF!, $A$214,#REF!, $M$30,#REF!, 'Breakdown by City Neighborhood'!O$31)+COUNTIFS(#REF!, 'Breakdown by City Neighborhood'!$B217,#REF!, $A$215,#REF!, $M$30,#REF!, 'Breakdown by City Neighborhood'!O$31) -> #REF! | P217: =M217+N217+O217 -> #REF! | R217: =COUNTIFS(#REF!, 'Breakdown by City Neighborhood'!$B217,#REF!, $A$214,#REF!, $R$30,#REF!, 'Breakdown by City Neighborhood'!R$31)+COUNTIFS(#REF!, 'Breakdown by City Neighborhood'!$B217,#REF!, $A$215,#REF!, $R$30,#REF!, 'Breakdown by City Neighborhood'!R$31) -> #REF! | S217: =COUNTIFS(#REF!, 'Breakdown by City Neighborhood'!$B217,#REF!, $A$214,#REF!, $R$30,#REF!, 'Breakdown by City Neighborhood'!S$31)+COUNTIFS(#REF!, 'Breakdown by City Neighborhood'!$B217,#REF!, $A$215,#REF!, $R$30,#REF!, 'Breakdown by City Neighborhood'!S$31) -> #REF! | T217: =COUNTIFS(#REF!, 'Breakdown by City Neighborhood'!$B217,#REF!, $A$214,#REF!, $R$30,#REF!, 'Breakdown by City Neighborhood'!T$31)+COUNTIFS(#REF!, 'Breakdown by City Neighborhood'!$B217,#REF!, $A$215,#REF!, $R$30,#REF!, 'Breakdown by City Neighborhood'!T$31) -> #REF! | U217: =R217+S217+T217 -> #REF! | W217: =C217+H217+M217+R217 -> #REF! | X217: =D217+I217+N217+S217 -> #REF! | Y217: =E217+J217+O217+T217 -> #REF! | Z217: =SUM(W217:Y217) -> #REF!
B218: ASTORIA HEIGHTS | C218: =COUNTIFS(#REF!, 'Breakdown by City Neighborhood'!$B218,#REF!, $A$214,#REF!, $C$30,#REF!, 'Breakdown by City Neighborhood'!C$31)+COUNTIFS(#REF!, 'Breakdown by City Neighborhood'!$B218,#REF!, $A$215,#REF!, $C$30,#REF!, 'Breakdown by City Neighborhood'!C$31) -> #REF! | D218: =COUNTIFS(#REF!, 'Breakdown by City Neighborhood'!$B218,#REF!, $A$214,#REF!, $C$30,#REF!, 'Breakdown by City Neighborhood'!D$31)+COUNTIFS(#REF!, 'Breakdown by City Neighborhood'!$B218,#REF!, $A$215,#REF!, $C$30,#REF!, 'Breakdown by City Neighborhood'!D$31) -> #REF! | E218: =COUNTIFS(#REF!, 'Breakdown by City Neighborhood'!$B218,#REF!, $A$214,#REF!, $C$30,#REF!, 'Breakdown by City Neighborhood'!E$31)+COUNTIFS(#REF!, 'Breakdown by City Neighborhood'!$B218,#REF!, $A$215,#REF!, $C$30,#REF!, 'Breakdown by City Neighborhood'!E$31) -> #REF! | F218: =C218+D218+E218 -> #REF! | H218: =COUNTIFS(#REF!, 'Breakdown by City Neighborhood'!$B218,#REF!, $A$214,#REF!, $H$30,#REF!, 'Breakdown by City Neighborhood'!H$31)+COUNTIFS(#REF!, 'Breakdown by City Neighborhood'!$B218,#REF!, $A$215,#REF!, $H$30,#REF!, 'Breakdown by City Neighborhood'!H$31) -> #REF! | I218: =COUNTIFS(#REF!, 'Breakdown by City Neighborhood'!$B218,#REF!, $A$214,#REF!, $H$30,#REF!, 'Breakdown by City Neighborhood'!I$31)+COUNTIFS(#REF!, 'Breakdown by City Neighborhood'!$B218,#REF!, $A$215,#REF!, $H$30,#REF!, 'Breakdown by City Neighborhood'!I$31) -> #REF! | J218: =COUNTIFS(#REF!, 'Breakdown by City Neighborhood'!$B218,#REF!, $A$214,#REF!, $H$30,#REF!, 'Breakdown by City Neighborhood'!J$31)+COUNTIFS(#REF!, 'Breakdown by City Neighborhood'!$B218,#REF!, $A$215,#REF!, $H$30,#REF!, 'Breakdown by City Neighborhood'!J$31) -> #REF! | K218: =H218+I218+J218 -> #REF! | M218: =COUNTIFS(#REF!, 'Breakdown by City Neighborhood'!$B218,#REF!, $A$214,#REF!, $M$30,#REF!, 'Breakdown by City Neighborhood'!M$31)+COUNTIFS(#REF!, 'Breakdown by City Neighborhood'!$B218,#REF!, $A$215,#REF!, $M$30,#REF!, 'Breakdown by City Neighborhood'!M$31) -> #REF! | N218: =COUNTIFS(#REF!, 'Breakdown by City Neighborhood'!$B218,#REF!, $A$214,#REF!, $M$30,#REF!, 'Breakdown by City Neighborhood'!N$31)+COUNTIFS(#REF!, 'Breakdown by City Neighborhood'!$B218,#REF!, $A$215,#REF!, $M$30,#REF!, 'Breakdown by City Neighborhood'!N$31) -> #REF! | O218: =COUNTIFS(#REF!, 'Breakdown by City Neighborhood'!$B218,#REF!, $A$214,#REF!, $M$30,#REF!, 'Breakdown by City Neighborhood'!O$31)+COUNTIFS(#REF!, 'Breakdown by City Neighborhood'!$B218,#REF!, $A$215,#REF!, $M$30,#REF!, 'Breakdown by City Neighborhood'!O$31) -> #REF! | P218: =M218+N218+O218 -> #REF! | R218: =COUNTIFS(#REF!, 'Breakdown by City Neighborhood'!$B218,#REF!, $A$214,#REF!, $R$30,#REF!, 'Breakdown by City Neighborhood'!R$31)+COUNTIFS(#REF!, 'Breakdown by City Neighborhood'!$B218,#REF!, $A$215,#REF!, $R$30,#REF!, 'Breakdown by City Neighborhood'!R$31) -> #REF! | S218: =COUNTIFS(#REF!, 'Breakdown by City Neighborhood'!$B218,#REF!, $A$214,#REF!, $R$30,#REF!, 'Breakdown by City Neighborhood'!S$31)+COUNTIFS(#REF!, 'Breakdown by City Neighborhood'!$B218,#REF!, $A$215,#REF!, $R$30,#REF!, 'Breakdown by City Neighborhood'!S$31) -> #REF! | T218: =COUNTIFS(#REF!, 'Breakdown by City Neighborhood'!$B218,#REF!, $A$214,#REF!, $R$30,#REF!, 'Breakdown by City Neighborhood'!T$31)+COUNTIFS(#REF!, 'Breakdown by City Neighborhood'!$B218,#REF!, $A$215,#REF!, $R$30,#REF!, 'Breakdown by City Neighborhood'!T$31) -> #REF! | U218: =R218+S218+T218 -> #REF! | W218: =C218+H218+M218+R218 -> #REF! | X218: =D218+I218+N218+S218 -> #REF! | Y218: =E218+J218+O218+T218 -> #REF! | Z218: =SUM(W218:Y218) -> #REF!
B219: BAYSIDE | C219: =COUNTIFS(#REF!, 'Breakdown by City Neighborhood'!$B219,#REF!, $A$214,#REF!, $C$30,#REF!, 'Breakdown by City Neighborhood'!C$31)+COUNTIFS(#REF!, 'Breakdown by City Neighborhood'!$B219,#REF!, $A$215,#REF!, $C$30,#REF!, 'Breakdown by City Neighborhood'!C$31) -> #REF! | D219: =COUNTIFS(#REF!, 'Breakdown by City Neighborhood'!$B219,#REF!, $A$214,#REF!, $C$30,#REF!, 'Breakdown by City Neighborhood'!D$31)+COUNTIFS(#REF!, 'Breakdown by City Neighborhood'!$B219,#REF!, $A$215,#REF!, $C$30,#REF!, 'Breakdown by City Neighborhood'!D$31) -> #REF! | E219: =COUNTIFS(#REF!, 'Breakdown by City Neighborhood'!$B219,#REF!, $A$214,#REF!, $C$30,#REF!, 'Breakdown by City Neighborhood'!E$31)+COUNTIFS(#REF!, 'Breakdown by City Neighborhood'!$B219,#REF!, $A$215,#REF!, $C$30,#REF!, 'Breakdown by City Neighborhood'!E$31) -> #REF! | F219: =C219+D219+E219 -> #REF! | H219: =COUNTIFS(#REF!, 'Breakdown by City Neighborhood'!$B219,#REF!, $A$214,#REF!, $H$30,#REF!, 'Breakdown by City Neighborhood'!H$31)+COUNTIFS(#REF!, 'Breakdown by City Neighborhood'!$B219,#REF!, $A$215,#REF!, $H$30,#REF!, 'Breakdown by City Neighborhood'!H$31) -> #REF! | I219: =COUNTIFS(#REF!, 'Breakdown by City Neighborhood'!$B219,#REF!, $A$214,#REF!, $H$30,#REF!, 'Breakdown by City Neighborhood'!I$31)+COUNTIFS(#REF!, 'Breakdown by City Neighborhood'!$B219,#REF!, $A$215,#REF!, $H$30,#REF!, 'Breakdown by City Neighborhood'!I$31) -> #REF! | J219: =COUNTIFS(#REF!, 'Breakdown by City Neighborhood'!$B219,#REF!, $A$214,#REF!, $H$30,#REF!, 'Breakdown by City Neighborhood'!J$31)+COUNTIFS(#REF!, 'Breakdown by City Neighborhood'!$B219,#REF!, $A$215,#REF!, $H$30,#REF!, 'Breakdown by City Neighborhood'!J$31) -> #REF! | K219: =H219+I219+J219 -> #REF! | M219: =COUNTIFS(#REF!, 'Breakdown by City Neighborhood'!$B219,#REF!, $A$214,#REF!, $M$30,#REF!, 'Breakdown by City Neighborhood'!M$31)+COUNTIFS(#REF!, 'Breakdown by City Neighborhood'!$B219,#REF!, $A$215,#REF!, $M$30,#REF!, 'Breakdown by City Neighborhood'!M$31) -> #REF! | N219: =COUNTIFS(#REF!, 'Breakdown by City Neighborhood'!$B219,#REF!, $A$214,#REF!, $M$30,#REF!, 'Breakdown by City Neighborhood'!N$31)+COUNTIFS(#REF!, 'Breakdown by City Neighborhood'!$B219,#REF!, $A$215,#REF!, $M$30,#REF!, 'Breakdown by City Neighborhood'!N$31) -> #REF! | O219: =COUNTIFS(#REF!, 'Breakdown by City Neighborhood'!$B219,#REF!, $A$214,#REF!, $M$30,#REF!, 'Breakdown by City Neighborhood'!O$31)+COUNTIFS(#REF!, 'Breakdown by City Neighborhood'!$B219,#REF!, $A$215,#REF!, $M$30,#REF!, 'Breakdown by City Neighborhood'!O$31) -> #REF! | P219: =M219+N219+O219 -> #REF! | R219: =COUNTIFS(#REF!, 'Breakdown by City Neighborhood'!$B219,#REF!, $A$214,#REF!, $R$30,#REF!, 'Breakdown by City Neighborhood'!R$31)+COUNTIFS(#REF!, 'Breakdown by City Neighborhood'!$B219,#REF!, $A$215,#REF!, $R$30,#REF!, 'Breakdown by City Neighborhood'!R$31) -> #REF! | S219: =COUNTIFS(#REF!, 'Breakdown by City Neighborhood'!$B219,#REF!, $A$214,#REF!, $R$30,#REF!, 'Breakdown by City Neighborhood'!S$31)+COUNTIFS(#REF!, 'Breakdown by City Neighborhood'!$B219,#REF!, $A$215,#REF!, $R$30,#REF!, 'Breakdown by City Neighborhood'!S$31) -> #REF! | T219: =COUNTIFS(#REF!, 'Breakdown by City Neighborhood'!$B219,#REF!, $A$214,#REF!, $R$30,#REF!, 'Breakdown by City Neighborhood'!T$31)+COUNTIFS(#REF!, 'Breakdown by City Neighborhood'!$B219,#REF!, $A$215,#REF!, $R$30,#REF!, 'Breakdown by City Neighborhood'!T$31) -> #REF! | U219: =R219+S219+T219 -> #REF! | W219: =C219+H219+M219+R219 -> #REF! | X219: =D219+I219+N219+S219 -> #REF! | Y219: =E219+J219+O219+T219 -> #REF! | Z219: =SUM(W219:Y219) -> #REF!
B220: BELLEROSE | C220: =COUNTIFS(#REF!, 'Breakdown by City Neighborhood'!$B220,#REF!, $A$214,#REF!, $C$30,#REF!, 'Breakdown by City Neighborhood'!C$31)+COUNTIFS(#REF!, 'Breakdown by City Neighborhood'!$B220,#REF!, $A$215,#REF!, $C$30,#REF!, 'Breakdown by City Neighborhood'!C$31) -> #REF! | D220: =COUNTIFS(#REF!, 'Breakdown by City Neighborhood'!$B220,#REF!, $A$214,#REF!, $C$30,#REF!, 'Breakdown by City Neighborhood'!D$31)+COUNTIFS(#REF!, 'Breakdown by City Neighborhood'!$B220,#REF!, $A$215,#REF!, $C$30,#REF!, 'Breakdown by City Neighborhood'!D$31) -> #REF! | E220: =COUNTIFS(#REF!, 'Breakdown by City Neighborhood'!$B220,#REF!, $A$214,#REF!, $C$30,#REF!, 'Breakdown by City Neighborhood'!E$31)+COUNTIFS(#REF!, 'Breakdown by City Neighborhood'!$B220,#REF!, $A$215,#REF!, $C$30,#REF!, 'Breakdown by City Neighborhood'!E$31) -> #REF! | F220: =C220+D220+E220 -> #REF! | H220: =COUNTIFS(#REF!, 'Breakdown by City Neighborhood'!$B220,#REF!, $A$214,#REF!, $H$30,#REF!, 'Breakdown by City Neighborhood'!H$31)+COUNTIFS(#REF!, 'Breakdown by City Neighborhood'!$B220,#REF!, $A$215,#REF!, $H$30,#REF!, 'Breakdown by City Neighborhood'!H$31) -> #REF! | I220: =COUNTIFS(#REF!, 'Breakdown by City Neighborhood'!$B220,#REF!, $A$214,#REF!, $H$30,#REF!, 'Breakdown by City Neighborhood'!I$31)+COUNTIFS(#REF!, 'Breakdown by City Neighborhood'!$B220,#REF!, $A$215,#REF!, $H$30,#REF!, 'Breakdown by City Neighborhood'!I$31) -> #REF! | J220: =COUNTIFS(#REF!, 'Breakdown by City Neighborhood'!$B220,#REF!, $A$214,#REF!, $H$30,#REF!, 'Breakdown by City Neighborhood'!J$31)+COUNTIFS(#REF!, 'Breakdown by City Neighborhood'!$B220,#REF!, $A$215,#REF!, $H$30,#REF!, 'Breakdown by City Neighborhood'!J$31) -> #REF! | K220: =H220+I220+J220 -> #REF! | M220: =COUNTIFS(#REF!, 'Breakdown by City Neighborhood'!$B220,#REF!, $A$214,#REF!, $M$30,#REF!, 'Breakdown by City Neighborhood'!M$31)+COUNTIFS(#REF!, 'Breakdown by City Neighborhood'!$B220,#REF!, $A$215,#REF!, $M$30,#REF!, 'Breakdown by City Neighborhood'!M$31) -> #REF! | N220: =COUNTIFS(#REF!, 'Breakdown by City Neighborhood'!$B220,#REF!, $A$214,#REF!, $M$30,#REF!, 'Breakdown by City Neighborhood'!N$31)+COUNTIFS(#REF!, 'Breakdown by City Neighborhood'!$B220,#REF!, $A$215,#REF!, $M$30,#REF!, 'Breakdown by City Neighborhood'!N$31) -> #REF! | O220: =COUNTIFS(#REF!, 'Breakdown by City Neighborhood'!$B220,#REF!, $A$214,#REF!, $M$30,#REF!, 'Breakdown by City Neighborhood'!O$31)+COUNTIFS(#REF!, 'Breakdown by City Neighborhood'!$B220,#REF!, $A$215,#REF!, $M$30,#REF!, 'Breakdown by City Neighborhood'!O$31) -> #REF! | P220: =M220+N220+O220 -> #REF! | R220: =COUNTIFS(#REF!, 'Breakdown by City Neighborhood'!$B220,#REF!, $A$214,#REF!, $R$30,#REF!, 'Breakdown by City Neighborhood'!R$31)+COUNTIFS(#REF!, 'Breakdown by City Neighborhood'!$B220,#REF!, $A$215,#REF!, $R$30,#REF!, 'Breakdown by City Neighborhood'!R$31) -> #REF! | S220: =COUNTIFS(#REF!, 'Breakdown by City Neighborhood'!$B220,#REF!, $A$214,#REF!, $R$30,#REF!, 'Breakdown by City Neighborhood'!S$31)+COUNTIFS(#REF!, 'Breakdown by City Neighborhood'!$B220,#REF!, $A$215,#REF!, $R$30,#REF!, 'Breakdown by City Neighborhood'!S$31) -> #REF! | T220: =COUNTIFS(#REF!, 'Breakdown by City Neighborhood'!$B220,#REF!, $A$214,#REF!, $R$30,#REF!, 'Breakdown by City Neighborhood'!T$31)+COUNTIFS(#REF!, 'Breakdown by City Neighborhood'!$B220,#REF!, $A$215,#REF!, $R$30,#REF!, 'Breakdown by City Neighborhood'!T$31) -> #REF! | U220: =R220+S220+T220 -> #REF! | W220: =C220+H220+M220+R220 -> #REF! | X220: =D220+I220+N220+S220 -> #REF! | Y220: =E220+J220+O220+T220 -> #REF! | Z220: =SUM(W220:Y220) -> #REF!
